Workbook
Name SQ_Meter_To_Sqft: RegulatoryPayment!$J$22

Sheet Home
A15: Assumption
A16: Linked To Other Sheet
A17: Formula: Calc on Same Sheet
A18: Hardcoded Values
A19: Normal Text

Sheet Options
C2: To Choose | D2: 10
C4: Option | D4: 1 | E4: =D4+1 -> 2 | F4: =E4+1 -> 3 | G4: =F4+1 -> 4 | H4: =G4+1 -> 5 | I4: =H4+1 -> 6 | J4: =I4+1 -> 7 | K4: =J4+1 -> 8 | L4: =K4+1 -> 9 | M4: =L4+1 -> 10
C5: UNITS | D5: SPRE | E5: CBRE | F5: MAX | G5: LODHA | H5: OBEROI | I5: ABC | J5: DLF | K5: GHI | L5: KLM | M5: Thomas base case
B6: Project Start Date | D6: 45444 | E6: 45474 | F6: 45505 | G6: 45536 | H6: 45566 | I6: 45597 | J6: 45627 | K6: 45658 | L6: 45689 | M6: 45748
B7: Project Duration | D7: 5 | E7: 5 | F7: 5 | G7: 5 | H7: 5 | I7: 5 | J7: 5 | K7: 5 | L7: 5 | M7: 5
B8: AREA
B9: Residential NILP TDR FAR | D9: 1.25 | E9: 1.25 | F9: 1.25 | G9: 1.25 | H9: 1.25 | I9: 1.25 | J9: 1.25 | K9: 1.25 | L9: 1.25 | M9: 1.25
B10: Residential TOD TDR FAR | D10: 1.5 | E10: 1.5 | F10: 1.5 | G10: 1.5 | H10: 1.5 | I10: 1.5 | J10: 1.5 | K10: 1.5 | L10: 1.5 | M10: 1.5
B11: Commercial NILP TDR FAR | D11: 1.25 | E11: 1.25 | F11: 1.25 | G11: 1.25 | H11: 1.25 | I11: 1.25 | J11: 1.25 | K11: 1.25 | L11: 1.25 | M11: 1.25
B12: Commercial TOD TDR FAR | D12: 1.5 | E12: 1.5 | F12: 1.5 | G12: 1.5 | H12: 1.5 | I12: 1.5 | J12: 1.5 | K12: 1.5 | L12: 1.5 | M12: 1.5
B13: Loading Residential | D13: 0.42 | E13: 0.42 | F13: 0.42 | G13: 0.42 | H13: 0.42 | I13: 0.42 | J13: 0.42 | K13: 0.42 | L13: 0.42 | M13: 0.35
B14: Loading Commercial | D14: 0.6 | E14: 0.6 | F14: 0.6 | G14: 0.6 | H14: 0.6 | I14: 0.6 | J14: 0.6 | K14: 0.6 | L14: 0.6 | M14: 0.35
B16: Apartment | D16: 0.93262512 | E16: 0.93262512 | F16: 0.93262512 | G16: 0.93262512 | H16: 0.93262512 | I16: 0.93262512 | J16: 0.93262512 | K16: 0.93262512 | L16: 0.93262512 | M16: 0.93262512
B17: Club House | D17: 0.025574884 | E17: 0.025574884 | F17: 0.025574884 | G17: 0.025574884 | H17: 0.025574884 | I17: 0.025574884 | J17: 0.025574884 | K17: 0.025574884 | L17: 0.025574884 | M17: 0.025574884
B18: Retail/Commercial | D18: 0.0418 | E18: 0.0418 | F18: 0.0418 | G18: 0.0418 | H18: 0.0418 | I18: 0.0418 | J18: 0.0418 | K18: 0.0418 | L18: 0.0418 | M18: 0.0418
B19: EWS | D19: 0 | E19: 0 | F19: 0 | G19: 0 | H19: 0 | I19: 0 | J19: 0 | K19: 0 | L19: 0 | M19: 0
B20: % of Saleable Area
B21: 2 BHK | D21: 0 | E21: 0 | F21: 0 | G21: 0 | H21: 0 | I21: 0 | J21: 0 | K21: 0 | L21: 0 | M21: 0
B22: 3 BHK | D22: 0.3 | E22: 0.3 | F22: 0.3 | G22: 0.3 | H22: 0.3 | I22: 0.3 | J22: 0.3 | K22: 0.3 | L22: 0.3 | M22: 0.3
B23: 3 BHK + S | D23: 0.4 | E23: 0.4 | F23: 0.4 | G23: 0.4 | H23: 0.4 | I23: 0.4 | J23: 0.4 | K23: 0.4 | L23: 0.4 | M23: 0.4
B24: 4 BHK + S | D24: 0.3 | E24: 0.3 | F24: 0.3 | G24: 0.3 | H24: 0.3 | I24: 0.3 | J24: 0.3 | K24: 0.3 | L24: 0.3 | M24: 0.3
B25: Retail | D25: 0.09 | E25: 0.09 | F25: 0.09 | G25: 0.09 | H25: 0.09 | I25: 0.09 | J25: 0.09 | K25: 0.09 | L25: 0.09 | M25: 0.09
B26: Commercial NILP | D26: 0.26830579 | E26: 0.26830579 | F26: 0.26830579 | G26: 0.26830579 | H26: 0.26830579 | I26: 0.26830579 | J26: 0.26830579 | K26: 0.26830579 | L26: 0.26830579 | M26: 0.26830579
B27: Commercial TOD | D27: 0.64171001 | E27: 0.64171001 | F27: 0.64171001 | G27: 0.64171001 | H27: 0.64171001 | I27: 0.64171001 | J27: 0.64171001 | K27: 0.64171001 | L27: 0.64171001 | M27: 0.64171001
B28: Average Unit size
B29: 2 BHK | D29: 1200 | E29: 1200 | F29: 1200 | G29: 1200 | H29: 1200 | I29: 1200 | J29: 1200 | K29: 1200 | L29: 1200 | M29: 1200
B30: 3 BHK | D30: 1900 | E30: 1900 | F30: 1900 | G30: 1900 | H30: 1900 | I30: 1900 | J30: 1900 | K30: 1900 | L30: 1900 | M30: 1900
B31: 3 BHK + S | D31: 2300 | E31: 2300 | F31: 2300 | G31: 2300 | H31: 2300 | I31: 2300 | J31: 2300 | K31: 2300 | L31: 2300 | M31: 2300
B32: 4 BHK + S | D32: 2900 | E32: 2900 | F32: 2900 | G32: 2900 | H32: 2900 | I32: 2900 | J32: 2900 | K32: 2900 | L32: 2900 | M32: 2900
B33: Retail | D33: 350 | E33: 350 | F33: 350 | G33: 350 | H33: 350 | I33: 350 | J33: 350 | K33: 350 | L33: 350 | M33: 350
B34: Commercial NILP | D34: 350 | E34: 350 | F34: 350 | G34: 350 | H34: 350 | I34: 350 | J34: 350 | K34: 350 | L34: 350 | M34: 350
B35: Commercial TOD | D35: 350 | E35: 350 | F35: 350 | G35: 350 | H35: 350 | I35: 350 | J35: 350 | K35: 350 | L35: 350 | M35: 350
B36: Car Park/ Unit
B37: 2 BHK | D37: 1 | E37: 1 | F37: 1 | G37: 1 | H37: 1 | I37: 1 | J37: 1 | K37: 1 | L37: 1 | M37: 1
B38: 3 BHK | D38: 2 | E38: 2 | F38: 2 | G38: 2 | H38: 2 | I38: 2 | J38: 2 | K38: 2 | L38: 2 | M38: 2
B39: 3 BHK + S | D39: 2 | E39: 2 | F39: 2 | G39: 2 | H39: 2 | I39: 2 | J39: 2 | K39: 2 | L39: 2 | M39: 2
B40: 4 BHK + S | D40: 3 | E40: 3 | F40: 3 | G40: 3 | H40: 3 | I40: 3 | J40: 3 | K40: 3 | L40: 3 | M40: 3
B41: Retail | D41: 1 | E41: 1 | F41: 1 | G41: 1 | H41: 1 | I41: 1 | J41: 1 | K41: 1 | L41: 1 | M41: 1
B42: Commercial NILP | D42: 1 | E42: 1 | F42: 1 | G42: 1 | H42: 1 | I42: 1 | J42: 1 | K42: 1 | L42: 1 | M42: 1
B43: Commercial TOD | D43: 1 | E43: 1 | F43: 1 | G43: 1 | H43: 1 | I43: 1 | J43: 1 | K43: 1 | L43: 1 | M43: 1
B44: Phases - Construction Schedule - Residential
B45: Phase 1 | D45: 0.25 | E45: 0.25 | F45: 0.25 | G45: 0.25 | H45: 0.25 | I45: 0.25 | J45: 0.25 | K45: 0.25 | L45: 0.25 | M45: 0.25
B46: Phase 2 | D46: 0.3 | E46: 0.3 | F46: 0.3 | G46: 0.3 | H46: 0.3 | I46: 0.3 | J46: 0.3 | K46: 0.3 | L46: 0.3 | M46: 0.3
B47: Phase 3 | D47: =1-SUM(D45:D46) -> 0.45 | E47: =1-SUM(E45:E46) -> 0.45 | F47: =1-SUM(F45:F46) -> 0.45 | G47: =1-SUM(G45:G46) -> 0.45 | H47: =1-SUM(H45:H46) -> 0.45 | I47: =1-SUM(I45:I46) -> 0.45 | J47: =1-SUM(J45:J46) -> 0.45 | K47: =1-SUM(K45:K46) -> 0.45 | ... M47: =1-SUM(M45:M46) -> 0.45
B49: Phases - Sales Schedule - Residential
B50: Phase 1 | D50: 0.25 | E50: 0.25 | F50: 0.25 | G50: 0.25 | H50: 0.25 | I50: 0.25 | J50: 0.25 | K50: 0.25 | L50: 0.25 | M50: 0.25
B51: Phase 2 | D51: 0.3 | E51: 0.3 | F51: 0.3 | G51: 0.3 | H51: 0.3 | I51: 0.3 | J51: 0.3 | K51: 0.3 | L51: 0.3 | M51: 0.3
B52: Phase 3 | D52: =1-SUM(D50:D51) -> 0.45 | E52: =1-SUM(E50:E51) -> 0.45 | F52: =1-SUM(F50:F51) -> 0.45 | G52: =1-SUM(G50:G51) -> 0.45 | H52: =1-SUM(H50:H51) -> 0.45 | I52: =1-SUM(I50:I51) -> 0.45 | J52: =1-SUM(J50:J51) -> 0.45 | K52: =1-SUM(K50:K51) -> 0.45 | ... M52: =1-SUM(M50:M51) -> 0.45
B54: SELLING PRICE
B55: Base Price with EDC/IDC | D55: 15500 | E55: 15500 | F55: 15500 | G55: 15500 | H55: 15500 | I55: 15500 | J55: 15500 | K55: 15500 | L55: 15500 | M55: 22500
B56: Retail | D56: 27000 | E56: 27000 | F56: 27000 | G56: 27000 | H56: 27000 | I56: 27000 | J56: 27000 | K56: 27000 | L56: 27000 | M56: 22500
B57: Club House | C57: INR/DU | D57: 1100000 | E57: 1100000 | F57: 1100000 | G57: 1100000 | H57: 1100000 | I57: 1100000 | J57: 1100000 | K57: 1100000 | L57: 1100000 | M57: 1100000
B58: Car Parking Basement | C58: INR/DU | D58: 1150000 | E58: 1150000 | F58: 1150000 | G58: 1150000 | H58: 1150000 | I58: 1150000 | J58: 1150000 | K58: 1150000 | L58: 1150000 | M58: 1150000
B59: Car Parking Stilt | C59: INR/DU | D59: 1200000 | E59: 1200000 | F59: 1200000 | G59: 1200000 | H59: 1200000 | I59: 1200000 | J59: 1200000 | K59: 1200000 | L59: 1200000 | M59: 1200000
B60: Car Parking Open | C60: INR/DU | D60: 1000000 | E60: 1000000 | F60: 1000000 | G60: 1000000 | H60: 1000000 | I60: 1000000 | J60: 1000000 | K60: 1000000 | L60: 1000000 | M60: 1000000
B61: Commercial | D61: 20000 | E61: 27000 | F61: 27000 | G61: 27000 | H61: 27000 | I61: 27000 | J61: 27000 | K61: 27000 | L61: 27000 | M61: 22500
B62: Sale Escalation | D62: 0 | E62: 0 | F62: 0 | G62: 0 | H62: 0 | I62: 0 | J62: 0 | K62: 0 | L62: 0 | M62: 0
B63: COST OF CONSTRUCTION
B64: Construction Escalation | D64: 0 | E64: 0 | F64: 0 | G64: 0 | H64: 0 | I64: 0 | J64: 0 | K64: 0 | L64: 0 | M64: 0
B65: Basement | D65: 2600 | E65: 2600 | F65: 3100 | G65: 3100 | H65: 3100 | I65: 3100 | J65: 3100 | K65: 3100 | L65: 3100 | M65: =D65*(1+25%) -> 3250
B66: Apartment | D66: 2400 | E66: 2400 | F66: 3100 | G66: 3100 | H66: 3100 | I66: 3100 | J66: 3100 | K66: 3100 | L66: 3100 | M66: =D66*(1+25%) -> 3000
B67: Car park | D67: 1900 | E67: 1900 | F67: 1900 | G67: 1900 | H67: 1900 | I67: 1900 | J67: 1900 | K67: 1900 | L67: 1900 | M67: =D67*(1+25%) -> 2375
B68: Club House | D68: 6000 | E68: 6000 | F68: 8000 | G68: 8000 | H68: 8000 | I68: 8000 | J68: 8000 | K68: 8000 | L68: 8000 | M68: =D68*(1+25%) -> 7500
B69: EWS | D69: 2200 | E69: 2200 | F69: 2200 | G69: 2200 | H69: 2200 | I69: 2200 | J69: 2200 | K69: 2200 | L69: 2200 | M69: =D69*(1+25%) -> 2750
B70: Retail | D70: 2200 | E70: 2200 | F70: 2700 | G70: 2700 | H70: 2700 | I70: 2700 | J70: 2700 | K70: 2700 | L70: 2700 | M70: =D70*(1+25%) -> 2750
B71: Commercial | D71: 2200 | E71: 2200 | F71: 2700 | G71: 2700 | H71: 2700 | I71: 2700 | J71: 2700 | K71: 2700 | L71: 2700 | M71: =D71*(1+25%) -> 2750
B72: Car Park Area | D72: 1900 | E72: 1900 | F72: 1900 | G72: 1900 | H72: 1900 | I72: 1900 | J72: 1900 | K72: 1900 | L72: 1900 | M72: =D72*(1+25%) -> 2375
B73: Stilt Car Parking | D73: 1200 | E73: 1200 | F73: 1200 | G73: 1200 | H73: 1200 | I73: 1200 | J73: 1200 | K73: 1200 | L73: 1200 | M73: =D73*(1+25%) -> 1500
B74: Basement Car Parking | D74: 2800 | E74: 2800 | F74: 2800 | G74: 2800 | H74: 2800 | I74: 2800 | J74: 2800 | K74: 2800 | L74: 2800 | M74: =D74*(1+25%) -> 3500
B75: Landscape | D75: 46 | E75: 46 | F75: 46 | G75: 46 | H75: 46 | I75: 46 | J75: 46 | K75: 46 | L75: 46 | M75: =D75*(1+25%) -> 57.5
B76: Infra | D76: 160 | E76: 160 | F76: 160 | G76: 160 | H76: 160 | I76: 160 | J76: 160 | K76: 160 | L76: 160 | M76: =D76*(1+25%) -> 200
B79: Collection Model from RERA
B80: Current Withdrawal | D80: 0.3 | E80: 0.3 | F80: 0.3 | G80: 0.3 | H80: 0.3 | I80: 0.3 | J80: 0.3 | K80: 0.3 | L80: 0.3 | M80: 0.3
B81: Quaterly Withdrawal | D81: 0.7 | E81: 0.7 | F81: 0.7 | G81: 0.7 | H81: 0.7 | I81: 0.7 | J81: 0.7 | K81: 0.7 | L81: 0.7 | M81: 0.7
B83: Soft Cost: Assumptions
B84: Surveyor and architect fees | D84: 0.02 | E84: 0.02 | F84: 0.02 | G84: 0.02 | H84: 0.02 | I84: 0.02 | J84: 0.02 | K84: 0.02 | L84: 0.02 | M84: 0.02
B85: Marketing & Sales | D85: 0.02 | E85: 0.015 | F85: 0.015 | G85: 0.015 | H85: 0.015 | I85: 0.015 | J85: 0.015 | K85: 0.015 | L85: 0.015 | M85: 0.02
B86: Brokerage | D86: 0.041 | E86: 0.041 | F86: 0.041 | G86: 0.041 | H86: 0.041 | I86: 0.041 | J86: 0.041 | K86: 0.041 | L86: 0.041 | M86: 0.05
B87: Landscape | D87: 0.25 | E87: 0.25 | F87: 0.25 | G87: 0.25 | H87: 0.25 | I87: 0.25 | J87: 0.25 | K87: 0.25 | L87: 0.25 | M87: 0.25
B88: Manpower Overhead | D88: 0.02 | E88: 0.02 | F88: 0.02 | G88: 0.02 | H88: 0.02 | I88: 0.02 | J88: 0.02 | K88: 0.02 | L88: 0.02 | M88: 0.02
B89: Legal Fees | D89: 0.0017 | E89: 0.0017 | F89: 0.0017 | G89: 0.0017 | H89: 0.0017 | I89: 0.0017 | J89: 0.0017 | K89: 0.0017 | L89: 0.0017 | M89: 0.0017
B90: Contigency | D90: 0.025 | E90: 0.025 | F90: 0.025 | G90: 0.025 | H90: 0.025 | I90: 0.025 | J90: 0.025 | K90: 0.025 | L90: 0.025 | M90: 0.025
B91: Admin and Office Expenses | D91: 0.0065 | E91: 0.0065 | F91: 0.0065 | G91: 0.0065 | H91: 0.0065 | I91: 0.0065 | J91: 0.0065 | K91: 0.0065 | L91: 0.0065 | M91: 0.0065
B93: SHARE
B94: JD/ DM | D94: JD | E94: DM+Deposit | F94: DM | G94: DM | H94: JD | I94: DM | J94: DM+Deposit | K94: DM | L94: JD | M94: DM+Deposit
B95: DM | D95: =IF(D94="DM",D96,IF(D94="DM+Deposit", D96, 0)) -> 0 | E95: =IF(E94="DM",E96,IF(E94="DM+Deposit", E96, 0)) -> 0.1 | F95: =IF(F94="DM",F96,IF(F94="DM+Deposit", F96, 0)) -> 0.1 | G95: =IF(G94="DM",G96,IF(G94="DM+Deposit", G96, 0)) -> 0.1 | H95: =IF(H94="DM",H96,IF(H94="DM+Deposit", H96, 0)) -> 0 | I95: =IF(I94="DM",I96,IF(I94="DM+Deposit", I96, 0)) -> 0.1 | J95: =IF(J94="DM",J96,IF(J94="DM+Deposit", J96, 0)) -> 0.1 | K95: =IF(K94="DM",K96,IF(K94="DM+Deposit", K96, 0)) -> 0.1 | ... M95: =IF(M94="DM",M96,IF(M94="DM+Deposit", M96, 0)) -> 0.1
B96: DM % | D96: 0.1 | E96: 0.1 | F96: 0.1 | G96: 0.1 | H96: 0.1 | I96: 0.1 | J96: 0.1 | K96: 0.1 | L96: 0.1 | M96: 0.1
B97: JD | D97: =IF(D94="JD",D98,0) -> 0.6 | E97: =IF(E94="JD",E98,0) -> 0 | F97: =IF(F94="JD",F98,0) -> 0 | G97: =IF(G94="JD",G98,0) -> 0 | H97: =IF(H94="JD",H98,0) -> 0.6 | I97: =IF(I94="JD",I98,0) -> 0 | J97: =IF(J94="JD",J98,0) -> 0 | K97: =IF(K94="JD",K98,0) -> 0 | ... M97: =IF(M94="JD",M98,0) -> 0
B98: JD share | D98: 0.6 | E98: 0.6 | F98: 0.6 | G98: 0.6 | H98: 0.6 | I98: 0.6 | J98: 0.6 | K98: 0.6 | L98: 0.6 | M98: 0.65
B99: Refundable Security Amount Cr Per Acre - DM | D99: 6 | E99: 6 | F99: 6 | G99: 6 | H99: 6 | I99: 6 | J99: 6 | K99: 6 | L99: 6 | M99: 6
B100: Refundable Security Amount Cr Per Acre - JD | D100: 12 | E100: 12 | F100: 12 | G100: 12 | H100: 12 | I100: 12 | J100: 12 | K100: 12 | L100: 12 | M100: 12
B101: Refunable Security | D101: =IF(D94="JD",D100, IF(D94="DM+Deposit", D99, 0)) -> 12 | E101: =IF(E94="JD",E100, IF(E94="DM+Deposit", E99, 0)) -> 6 | F101: =IF(F94="JD",F100, IF(F94="DM+Deposit", F99, 0)) -> 0 | G101: =IF(G94="JD",G100, IF(G94="DM+Deposit", G99, 0)) -> 0 | H101: =IF(H94="JD",H100, IF(H94="DM+Deposit", H99, 0)) -> 12 | I101: =IF(I94="JD",I100, IF(I94="DM+Deposit", I99, 0)) -> 0 | J101: =IF(J94="JD",J100, IF(J94="DM+Deposit", J99, 0)) -> 6 | K101: =IF(K94="JD",K100, IF(K94="DM+Deposit", K99, 0)) -> 0 | ... M101: =IF(M94="JD",M100, IF(M94="DM+Deposit", M99, 0)) -> 6
B102: NILP - Commercial | D102: 0.04 | E102: 0.04 | F102: 0.04 | G102: 0.04 | H102: 0.04 | I102: 0.04 | J102: 0.04 | K102: 0.04 | L102: 0.04 | M102: 0.04
B103: TOD - Commercial | D103: 0.04 | E103: 0.04 | F103: 0.04 | G103: 0.04 | H103: 0.04 | I103: 0.04 | J103: 0.04 | K103: 0.04 | L103: 0.04 | M103: 0.3
B105: TDR Options | C105: Option I | D105: =IF(C105="Option I", SUM(RegulatoryPayment!D33:D34), TDR_Potential_Land_Calc!$B$14) -> 219.04146 | E105: Option I - Purchase of TDR Certificate, Option II - Purchase of TDR Land
B106: Revenue Rasta Option | C106: Option II | D106: =IF(C106="Option I", 'Assumptions&Data'!D196, 0) -> 0 | E106: Option I - With Revenue Rasta Purchase, Option II - Without Revenue Rasta Purchase
B107: EDC-IDC Recovery | C107: Option II | D107: =IF($C$107="Option I", MonthlyCashflow!$D$51, 0) -> 0 | E107: Option I - With EDC-IDC Recovery, Option II - Without EDC-IDC Recovery

Sheet Assumptions&Data
B1: Gurgaon 18 Acre Project: Assumptions & Data | F1: {=TRANSPOSE(EOMONTH(D6, _xlfn.SEQUENCE(144)-1))} -> 45777 | G1: 45808 | H1: 45838 | I1: 45869 | J1: 45900 | K1: 45930 | L1: 45961 | M1: 45991 | N1: 46022 | O1: 46053 | P1: 46081 | Q1: 46112 | R1: 46142 | S1: 46173 | T1: 46203 | U1: 46234 | V1: 46265 | W1: 46295 | X1: 46326 | Y1: 46356 | Z1: 46387 | AA1: 46418 | AB1: 46446 | AC1: 46477 | AD1: 46507 | AE1: 46538 | AF1: 46568 | AG1: 46599 | AH1: 46630 | AI1: 46660 | AJ1: 46691 | AK1: 46721 | AL1: 46752 | AM1: 46783 | AN1: 46812 | AO1: 46843 | AP1: 46873 | AQ1: 46904 | AR1: 46934 | AS1: 46965 | AT1: 46996 | AU1: 47026 | AV1: 47057 | AW1: 47087 | AX1: 47118 | AY1: 47149 | AZ1: 47177 | BA1: 47208 | BB1: 47238 | BC1: 47269 | BD1: 47299 | BE1: 47330 | BF1: 47361 | BG1: 47391 | BH1: 47422 | BI1: 47452 | BJ1: 47483 | BK1: 47514 | BL1: 47542 | BM1: 47573 | BN1: 47603 | BO1: 47634 | BP1: 47664 | BQ1: 47695 | BR1: 47726 | BS1: 47756 | BT1: 47787 | BU1: 47817 | BV1: 47848 | BW1: 47879 | BX1: 47907 | BY1: 47938 | BZ1: 47968 | CA1: 47999 | CB1: 48029 | CC1: 48060 | CD1: 48091 | CE1: 48121 | CF1: 48152 | CG1: 48182 | CH1: 48213 | CI1: 48244 | CJ1: 48273 | CK1: 48304 | CL1: 48334 | CM1: 48365 | CN1: 48395 | CO1: 48426 | CP1: 48457 | CQ1: 48487 | CR1: 48518 | CS1: 48548 | CT1: 48579 | CU1: 48610 | CV1: 48638 | CW1: 48669 | CX1: 48699 | CY1: 48730 | CZ1: 48760 | DA1: 48791 | DB1: 48822 | DC1: 48852 | DD1: 48883 | DE1: 48913 | DF1: 48944 | DG1: 48975 | DH1: 49003 | DI1: 49034 | DJ1: 49064 | DK1: 49095 | DL1: 49125 | DM1: 49156 | DN1: 49187 | DO1: 49217 | DP1: 49248 | DQ1: 49278 | DR1: 49309 | DS1: 49340 | DT1: 49368 | DU1: 49399 | DV1: 49429 | DW1: 49460 | DX1: 49490 | DY1: 49521 | DZ1: 49552 | EA1: 49582 | EB1: 49613 | EC1: 49643 | ED1: 49674 | EE1: 49705 | EF1: 49734 | EG1: 49765 | EH1: 49795 | EI1: 49826 | EJ1: 49856 | EK1: 49887 | EL1: 49918 | EM1: 49948 | EN1: 49979 | EO1: 50009 | EP1: 50040 | EQ1: 50071 | ER1: 50099 | ES1: 50130
F2: {=TRANSPOSE(_xlfn.SEQUENCE(144, 1, 0, 1))} -> 0 | G2: 1 | H2: 2 | I2: 3 | J2: 4 | K2: 5 | L2: 6 | M2: 7 | N2: 8 | O2: 9 | P2: 10 | Q2: 11 | R2: 12 | S2: 13 | T2: 14 | U2: 15 | V2: 16 | W2: 17 | X2: 18 | Y2: 19 | Z2: 20 | AA2: 21 | AB2: 22 | AC2: 23 | AD2: 24 | AE2: 25 | AF2: 26 | AG2: 27 | AH2: 28 | AI2: 29 | AJ2: 30 | AK2: 31 | AL2: 32 | AM2: 33 | AN2: 34 | AO2: 35 | AP2: 36 | AQ2: 37 | AR2: 38 | AS2: 39 | AT2: 40 | AU2: 41 | AV2: 42 | AW2: 43 | AX2: 44 | AY2: 45 | AZ2: 46 | BA2: 47 | BB2: 48 | BC2: 49 | BD2: 50 | BE2: 51 | BF2: 52 | BG2: 53 | BH2: 54 | BI2: 55 | BJ2: 56 | BK2: 57 | BL2: 58 | BM2: 59 | BN2: 60 | BO2: 61 | BP2: 62 | BQ2: 63 | BR2: 64 | BS2: 65 | BT2: 66 | BU2: 67 | BV2: 68 | BW2: 69 | BX2: 70 | BY2: 71 | BZ2: 72 | CA2: 73 | CB2: 74 | CC2: 75 | CD2: 76 | CE2: 77 | CF2: 78 | CG2: 79 | CH2: 80 | CI2: 81 | CJ2: 82 | CK2: 83 | CL2: 84 | CM2: 85 | CN2: 86 | CO2: 87 | CP2: 88 | CQ2: 89 | CR2: 90 | CS2: 91 | CT2: 92 | CU2: 93 | CV2: 94 | CW2: 95 | CX2: 96 | CY2: 97 | CZ2: 98 | DA2: 99 | DB2: 100 | DC2: 101 | DD2: 102 | DE2: 103 | DF2: 104 | DG2: 105 | DH2: 106 | DI2: 107 | DJ2: 108 | DK2: 109 | DL2: 110 | DM2: 111 | DN2: 112 | DO2: 113 | DP2: 114 | DQ2: 115 | DR2: 116 | DS2: 117 | DT2: 118 | DU2: 119 | DV2: 120 | DW2: 121 | DX2: 122 | DY2: 123 | DZ2: 124 | EA2: 125 | EB2: 126 | EC2: 127 | ED2: 128 | EE2: 129 | EF2: 130 | EG2: 131 | EH2: 132 | EI2: 133 | EJ2: 134 | EK2: 135 | EL2: 136 | EM2: 137 | EN2: 138 | EO2: 139 | EP2: 140 | EQ2: 141 | ER2: 142 | ES2: 143
B5: Particulars | C5: Unit | D5: Value | N5: Total unit as per are calc | Q5: Timeline
B6: Project Start Date | D6: =IF(Options!$D$2=Options!$D$4,Options!D6,IF(Options!$D$2=Options!$E$4,Options!E6,IF(Options!$D$2=Options!$F$4,Options!F6,IF(Options!$D$2=Options!$G$4,Options!G6,IF(Options!$D$2=Options!$H$4,Options!H6,IF(Options!$D$2=Options!$I$4,Options!I6,IF(Options!$D$2=Options!$J$4,Options!J6,IF(Options!$D$2=Options!$K$4,Options!K6,IF(Options!$D$2=Options!$L$4,Options!L6,IF(Options!$D$2=Options!$M$4,Options!M6,0)))))))))) -> 45748 | N6: Floor count | O6: =Schedule!D12/O9 -> 20.31083
B7: LOI Date | D7: =EOMONTH(D6, 3) -> 45869 | N7: Unit Per Floor | O7: 4
B8: License Date | C8: Date | D8: =EOMONTH(D6, 6) -> 45961 | N8: Total No. of Towers | O8: 15
B9: Construction Start Date | C9: Date | D9: =EOMONTH(D8, 2) -> 46022 | E9: Note - Project start date refering to construction has been started and will be ended when project ended. | N9: Total Unit Per Floor | O9: =O8*O7 -> 60
B10: Project End Date | C10: Date | D10: =EOMONTH(D9, D11*12) -> 47848 | N10: Basement | O10: 2 | Q10: 1.5 Years
B11: Project Duration | C11: Year | D11: =IF(Options!$D$2=Options!$D$4,Options!D7,IF(Options!$D$2=Options!$E$4,Options!E7,IF(Options!$D$2=Options!$F$4,Options!F7,IF(Options!$D$2=Options!$G$4,Options!G7,IF(Options!$D$2=Options!$H$4,Options!H7,IF(Options!$D$2=Options!$I$4,Options!I7,IF(Options!$D$2=Options!$J$4,Options!J7,IF(Options!$D$2=Options!$K$4,Options!K7,IF(Options!$D$2=Options!$L$4,Options!L7,IF(Options!$D$2=Options!$M$4,Options!M7,0)))))))))) -> 5 | N11: Ground Floor | Q11: 1 Month
B12: TDR Tranche I Purchase Date | C12: Date | D12: =EOMONTH(D9, 12) -> 46387 | N12: Need to complete per floor | O12: 1.5 Months
B13: TDR Tranche I Purchase Date | C13: Date | D13: =EOMONTH(D12, 6) -> 46568
B14: GST | C14: # | D14: 1.18 | N14: Basement Area Calc | O14: =(H33+H42)*43560*25% -> 159949.49
B15: Sqft. In One Acre | D15: 43560 | O15: Sum of residential area * 25%
B16: Sq. mtr. In One Acre | D16: 4046.86
B17: Sq ft. in One sq. mtr. | D17: 10.764
B20: Area Calculation
B22: =IF(D22=1, "Convert sqft. to sqm.","Convert sqm. to sqft.") -> Convert sqft. to sqm. | D22: 1 | G22: Particulars | H22: TOD Land | I22: NILP Land | K22: IF(Options!$C$106="Option I", ('Assumptions&Data'!D194/4046.8), 0)
G23: Parcel A | H23: 0 | I23: 5.459
B24: Site Area Calculation | C24: Value (acre) | D24: =IF(D22=1, "Value (sq.ft.)", "Value sqm.") -> Value (sq.ft.) | G24: Parcel B | H24: 8.481 | I24: 2.36
B25: Gross Land | C25: =SUM(H26, I26) -> 18.069 | D25: =(C25*D15)/$D$22 -> 787085.64 | G25: Parcel C | H25: 1.744 | I25: 0.025
B26: Net Land | C26: =C25 -> 18.069 | D26: =(C26*D15)/$D$22 -> 787085.64 | G26: Total | H26: =SUM(H23:H25) -> 10.225 | I26: =SUM(I23:I25)+IF(Options!$C$106="Option I", ('Assumptions&Data'!D194/4046.8), 0) -> 7.844
B27: Land Under TOD Zone | C27: =H26 -> 10.225 | D27: =(C27*D15)/$D$22 -> 445401
B28: Land Under Non-TOD Zone | C28: =I26 -> 7.844 | D28: =(C28*D15)/$D$22 -> 341684.64
B30: NILP Commercial | D30: =IF(Options!$D$2=Options!$D$4,Options!D102,IF(Options!$D$2=Options!$E$4,Options!E102,IF(Options!$D$2=Options!$F$4,Options!F102,IF(Options!$D$2=Options!$G$4,Options!G102,IF(Options!$D$2=Options!$H$4,Options!H102,IF(Options!$D$2=Options!$I$4,Options!I102,IF(Options!$D$2=Options!$J$4,Options!J102,IF(Options!$D$2=Options!$K$4,Options!K102,IF(Options!$D$2=Options!$L$4,Options!L102,IF(Options!$D$2=Options!$M$4,Options!M102,0)))))))))) -> 0.04 | G30: TOD
B31: TOD Commercial | D31: =IF(Options!$D$2=Options!$D$4,Options!D103,IF(Options!$D$2=Options!$E$4,Options!E103,IF(Options!$D$2=Options!$F$4,Options!F103,IF(Options!$D$2=Options!$G$4,Options!G103,IF(Options!$D$2=Options!$H$4,Options!H103,IF(Options!$D$2=Options!$I$4,Options!I103,IF(Options!$D$2=Options!$J$4,Options!J103,IF(Options!$D$2=Options!$K$4,Options!K103,IF(Options!$D$2=Options!$L$4,Options!L103,IF(Options!$D$2=Options!$M$4,Options!M103,0)))))))))) -> 0.3 | H31: Residential | L31: Commercial
H32: Value | I32: Unit | J32: sqm. | K32: sqft | L32: Value | M32: Unit | N32: sqm. | O32: sqft
B33: Category | D33: Value (sqft.) | G33: Site Area | H33: =C27*(1-D31) -> 7.1575 | I33: Acre | J33: =H33*D16 -> 28965.4 | K33: =J33*$D$17 -> 311783.57 | L33: =C27*D31 -> 3.0675 | M33: Acre | N33: =L33*D16 -> 12413.743 | O33: =N33*$D$17 -> 133621.53
B34: NILP - Residential incl. TDR | D34: =K46 -> 859413.12 | G34: FAR | H34: 2.5 | I34: % | J34: =J33*H34 -> 72413.501 | K34: =J34*$D$17 -> 779458.93 | L34: 2.5 | M34: % | N34: =N33*L34 -> 31034.358 | O34: =N34*$D$17 -> 334053.83
B35: NILP - Commercial incl. TDR | D35: =O46 -> 42642.636 | G35: TDR FAR | H35: =IF(Options!$D$2=Options!$D$4,Options!D10,IF(Options!$D$2=Options!$E$4,Options!E10,IF(Options!$D$2=Options!$F$4,Options!F10,IF(Options!$D$2=Options!$G$4,Options!G10,IF(Options!$D$2=Options!$H$4,Options!H10,IF(Options!$D$2=Options!$I$4,Options!I10,IF(Options!$D$2=Options!$J$4,Options!J10,IF(Options!$D$2=Options!$K$4,Options!K10,IF(Options!$D$2=Options!$L$4,Options!L10,IF(Options!$D$2=Options!$M$4,Options!M10,0)))))))))) -> 1.5 | I35: % | J35: =J33*H35 -> 43448.101 | K35: =J35*$D$17 -> 467675.36 | L35: =IF(Options!$D$2=Options!$D$4,Options!D12,IF(Options!$D$2=Options!$E$4,Options!E12,IF(Options!$D$2=Options!$F$4,Options!F12,IF(Options!$D$2=Options!$G$4,Options!G12,IF(Options!$D$2=Options!$H$4,Options!H12,IF(Options!$D$2=Options!$I$4,Options!I12,IF(Options!$D$2=Options!$J$4,Options!J12,IF(Options!$D$2=Options!$K$4,Options!K12,IF(Options!$D$2=Options!$L$4,Options!L12,IF(Options!$D$2=Options!$M$4,Options!M12,0)))))))))) -> 1.5 | M35: % | N35: =N33*L35 -> 18620.615 | O35: =N35*$D$17 -> 200432.3
B36: TOD - Residential incl. TDR | D36: =K37 -> 1284548.3 | G36: GRIHA | H36: 0.12 | I36: % | J36: =J33*H36 -> 3475.8481 | K36: =J36*$D$17 -> 37414.028 | L36: 0.12 | M36: % | N36: =N33*L36 -> 1489.6492 | O36: =N36*$D$17 -> 16034.584
B37: TOD - Commercial incl. TDR | D37: =O37 -> 550520.7 | G37: Total | H37: =SUM(H34:H36) -> 4.12 | J37: =SUM(J34:J36) -> 119337.45 | K37: =SUM(K34:K36) -> 1284548.3 | L37: =SUM(L34:L36) -> 4.12 | N37: =SUM(N34:N36) -> 51144.621 | O37: =SUM(O34:O36) -> 550520.7
B39: Total Residential (including club) | D39: =D34+D36 -> 2143961.4 | G39: NILP
B40: Total Commercial | D40: =D35+D37 -> 593163.34 | H40: Residential | L40: Commercial
B41: Total | D41: =SUM(D39:D40) -> 2737124.8 | H41: Value | I41: Unit | J41: sqm. | K41: sqft | L41: Value | M41: Unit | N41: sqm. | O41: sqft
G42: Site Area | H42: =C28*(1-D30) -> 7.53024 | I42: Acre | J42: =H42*D16 -> 30473.827 | K42: =J42*$D$17 -> 328020.27 | L42: =C28*D30 -> 0.31376 | M42: Acre | N42: =L42*D16 -> 1269.7428 | O42: =N42*$D$17 -> 13667.511
B43: Particular | C43: Unit | D43: Value | G43: FAR | H43: 1.25 | I43: % | J43: =J42*H43 -> 38092.284 | K43: =J43*$D$17 -> 410025.34 | L43: 1.75 | M43: % | N43: =N42*L43 -> 2222.0499 | O43: =N43*$D$17 -> 23918.145
B44: Average FAR | C44: FAR | D44: =D41/C26/D15 -> 3.4775438 | G44: TDR FAR | H44: =IF(Options!$D$2=Options!$D$4,Options!D9,IF(Options!$D$2=Options!$E$4,Options!E9,IF(Options!$D$2=Options!$F$4,Options!F9,IF(Options!$D$2=Options!$G$4,Options!G9,IF(Options!$D$2=Options!$H$4,Options!H9,IF(Options!$D$2=Options!$I$4,Options!I9,IF(Options!$D$2=Options!$J$4,Options!J9,IF(Options!$D$2=Options!$K$4,Options!K9,IF(Options!$D$2=Options!$L$4,Options!L9,IF(Options!$D$2=Options!$M$4,Options!M9,0)))))))))) -> 1.25 | I44: % | J44: =J42*H44 -> 38092.284 | K44: =J44*$D$17 -> 410025.34 | L44: =IF(Options!$D$2=Options!$D$4,Options!D11,IF(Options!$D$2=Options!$E$4,Options!E11,IF(Options!$D$2=Options!$F$4,Options!F11,IF(Options!$D$2=Options!$G$4,Options!G11,IF(Options!$D$2=Options!$H$4,Options!H11,IF(Options!$D$2=Options!$I$4,Options!I11,IF(Options!$D$2=Options!$J$4,Options!J11,IF(Options!$D$2=Options!$K$4,Options!K11,IF(Options!$D$2=Options!$L$4,Options!L11,IF(Options!$D$2=Options!$M$4,Options!M11,0)))))))))) -> 1.25 | M44: % | N44: =N42*L44 -> 1587.1785 | O44: =N44*$D$17 -> 17084.389
B45: Area | C45: Acre | D45: =C26 -> 18.069 | G45: GRIHA | H45: 0.12 | I45: % | J45: =J42*H45 -> 3656.8592 | K45: =J45*$D$17 -> 39362.433 | L45: 0.12 | M45: % | N45: =N42*L45 -> 152.36914 | O45: =N45*$D$17 -> 1640.1014
B46: Total FSI | C46: FSI | D46: =D45*D44*D15 -> 2737124.8 | G46: Total | H46: =SUM(H43:H45) -> 2.62 | J46: =SUM(J43:J45) -> 79841.427 | K46: =SUM(K43:K45) -> 859413.12 | L46: =SUM(L43:L45) -> 3.12 | N46: =SUM(N43:N45) -> 3961.5975 | O46: =SUM(O43:O45) -> 42642.636
B47: Base FAR | C47: FAR | D47: =AVERAGE(H43, L43, H34, L34) -> 2
B48: TDR FAR | C48: FAR | D48: =AVERAGE(H35, L35, H44, L44) -> 1.375
B49: Green FAR | C49: FAR | D49: 0.12
B50: Loading Residential | C50: % | D50: =IF(Options!$D$2=Options!$D$4,Options!D13,IF(Options!$D$2=Options!$E$4,Options!E13,IF(Options!$D$2=Options!$F$4,Options!F13,IF(Options!$D$2=Options!$G$4,Options!G13,IF(Options!$D$2=Options!$H$4,Options!H13,IF(Options!$D$2=Options!$I$4,Options!I13,IF(Options!$D$2=Options!$J$4,Options!J13,IF(Options!$D$2=Options!$K$4,Options!K13,IF(Options!$D$2=Options!$L$4,Options!L13,IF(Options!$D$2=Options!$M$4,Options!M13,0)))))))))) -> 0.35
B51: Loading Commercial | C51: % | D51: =IF(Options!$D$2=Options!$D$4,Options!D14,IF(Options!$D$2=Options!$E$4,Options!E14,IF(Options!$D$2=Options!$F$4,Options!F14,IF(Options!$D$2=Options!$G$4,Options!G14,IF(Options!$D$2=Options!$H$4,Options!H14,IF(Options!$D$2=Options!$I$4,Options!I14,IF(Options!$D$2=Options!$J$4,Options!J14,IF(Options!$D$2=Options!$K$4,Options!K14,IF(Options!$D$2=Options!$L$4,Options!L14,IF(Options!$D$2=Options!$M$4,Options!M14,0)))))))))) -> 0.35
C53: SA | D53: FSI Area (sqft.)
B54: Residential | C54: =D54*(1+D50) -> 2799845.7 | D54: =Schedule!G22 -> 2073959.8
B55: Club | D55: =Schedule!G23 -> 70001.649
B56: Commercial / Retail | C56: =D56*(1+D51) -> 800770.51 | D56: =Schedule!G24 -> 593163.34
B57: Total | C57: =SUM(C54:C56) -> 3600616.2 | D57: =SUM(D54:D56) -> 2737124.8
F58: =F1 -> 45777 | G58: =G1 -> 45808 | H58: =H1 -> 45838 | I58: =I1 -> 45869 | J58: =J1 -> 45900 | K58: =K1 -> 45930 | L58: =L1 -> 45961 | M58: =M1 -> 45991 | ... ES58: =ES1 -> 50130
B59: Particulars | D59: Per Sqft. | F59: =IF(OR(MONTH(F58)=6, MONTH(F58)=12), $D$67/2, 0) -> 0 | G59: =IF(OR(MONTH(G58)=6, MONTH(G58)=12), $D$67/2, 0) -> 0 | H59: =IF(OR(MONTH(H58)=6, MONTH(H58)=12), $D$67/2, 0) -> 0 | I59: =IF(OR(MONTH(I58)=6, MONTH(I58)=12), $D$67/2, 0) -> 0 | J59: =IF(OR(MONTH(J58)=6, MONTH(J58)=12), $D$67/2, 0) -> 0 | K59: =IF(OR(MONTH(K58)=6, MONTH(K58)=12), $D$67/2, 0) -> 0 | L59: =IF(OR(MONTH(L58)=6, MONTH(L58)=12), $D$67/2, 0) -> 0 | M59: =IF(OR(MONTH(M58)=6, MONTH(M58)=12), $D$67/2, 0) -> 0 | ... ES59: =IF(OR(MONTH(ES58)=6, MONTH(ES58)=12), $D$67/2, 0) -> 0
B60: Base Price with EDC/IDC | D60: =IF(Options!$D$2=Options!$D$4,Options!D55,IF(Options!$D$2=Options!$E$4,Options!E55,IF(Options!$D$2=Options!$F$4,Options!F55,IF(Options!$D$2=Options!$G$4,Options!G55,IF(Options!$D$2=Options!$H$4,Options!H55,IF(Options!$D$2=Options!$I$4,Options!I55,IF(Options!$D$2=Options!$J$4,Options!J55,IF(Options!$D$2=Options!$K$4,Options!K55,IF(Options!$D$2=Options!$L$4,Options!L55,IF(Options!$D$2=Options!$M$4,Options!M55,0)))))))))) -> 22500 | F60: =IF(F59>0, $D$60*(1+SUM($F$59:F$59)), MAX($D$60, E60)) -> 22500 | G60: =IF(G59>0, $D$60*(1+SUM($F$59:G$59)), MAX($D$60, F60)) -> 22500 | H60: =IF(H59>0, $D$60*(1+SUM($F$59:H$59)), MAX($D$60, G60)) -> 22500 | I60: =IF(I59>0, $D$60*(1+SUM($F$59:I$59)), MAX($D$60, H60)) -> 22500 | J60: =IF(J59>0, $D$60*(1+SUM($F$59:J$59)), MAX($D$60, I60)) -> 22500 | K60: =IF(K59>0, $D$60*(1+SUM($F$59:K$59)), MAX($D$60, J60)) -> 22500 | L60: =IF(L59>0, $D$60*(1+SUM($F$59:L$59)), MAX($D$60, K60)) -> 22500 | M60: =IF(M59>0, $D$60*(1+SUM($F$59:M$59)), MAX($D$60, L60)) -> 22500 | ... ES60: =IF(ES59>0, $D$60*(1+SUM($F$59:ES$59)), MAX($D$60, ER60)) -> 22500
B61: Retail | D61: =IF(Options!$D$2=Options!$D$4,Options!D56,IF(Options!$D$2=Options!$E$4,Options!E56,IF(Options!$D$2=Options!$F$4,Options!F56,IF(Options!$D$2=Options!$G$4,Options!G56,IF(Options!$D$2=Options!$H$4,Options!H56,IF(Options!$D$2=Options!$I$4,Options!I56,IF(Options!$D$2=Options!$J$4,Options!J56,IF(Options!$D$2=Options!$K$4,Options!K56,IF(Options!$D$2=Options!$L$4,Options!L56,IF(Options!$D$2=Options!$M$4,Options!M56,0)))))))))) -> 22500 | F61: =IF(F60>0, $D$61*(1+SUM($F$59:F$59)), MAX($D$61, E61)) -> 22500 | G61: =IF(G60>0, $D$61*(1+SUM($F$59:G$59)), MAX($D$61, F61)) -> 22500 | H61: =IF(H60>0, $D$61*(1+SUM($F$59:H$59)), MAX($D$61, G61)) -> 22500 | I61: =IF(I60>0, $D$61*(1+SUM($F$59:I$59)), MAX($D$61, H61)) -> 22500 | J61: =IF(J60>0, $D$61*(1+SUM($F$59:J$59)), MAX($D$61, I61)) -> 22500 | K61: =IF(K60>0, $D$61*(1+SUM($F$59:K$59)), MAX($D$61, J61)) -> 22500 | L61: =IF(L60>0, $D$61*(1+SUM($F$59:L$59)), MAX($D$61, K61)) -> 22500 | M61: =IF(M60>0, $D$61*(1+SUM($F$59:M$59)), MAX($D$61, L61)) -> 22500 | ... ES61: =IF(ES60>0, $D$61*(1+SUM($F$59:ES$59)), MAX($D$61, ER61)) -> 22500
B62: Club House | C62: INR/DU | D62: =IF(Options!$D$2=Options!$D$4,Options!D57,IF(Options!$D$2=Options!$E$4,Options!E57,IF(Options!$D$2=Options!$F$4,Options!F57,IF(Options!$D$2=Options!$G$4,Options!G57,IF(Options!$D$2=Options!$H$4,Options!H57,IF(Options!$D$2=Options!$I$4,Options!I57,IF(Options!$D$2=Options!$J$4,Options!J57,IF(Options!$D$2=Options!$K$4,Options!K57,IF(Options!$D$2=Options!$L$4,Options!L57,IF(Options!$D$2=Options!$M$4,Options!M57,0)))))))))) -> 1100000
B63: Car Parking Basement | C63: INR/DU | D63: =IF(Options!$D$2=Options!$D$4,Options!D58,IF(Options!$D$2=Options!$E$4,Options!E58,IF(Options!$D$2=Options!$F$4,Options!F58,IF(Options!$D$2=Options!$G$4,Options!G58,IF(Options!$D$2=Options!$H$4,Options!H58,IF(Options!$D$2=Options!$I$4,Options!I58,IF(Options!$D$2=Options!$J$4,Options!J58,IF(Options!$D$2=Options!$K$4,Options!K58,IF(Options!$D$2=Options!$L$4,Options!L58,IF(Options!$D$2=Options!$M$4,Options!M58,0)))))))))) -> 1150000
B64: Car Parking Stilt | C64: INR/DU | D64: =IF(Options!$D$2=Options!$D$4,Options!D59,IF(Options!$D$2=Options!$E$4,Options!E59,IF(Options!$D$2=Options!$F$4,Options!F59,IF(Options!$D$2=Options!$G$4,Options!G59,IF(Options!$D$2=Options!$H$4,Options!H59,IF(Options!$D$2=Options!$I$4,Options!I59,IF(Options!$D$2=Options!$J$4,Options!J59,IF(Options!$D$2=Options!$K$4,Options!K59,IF(Options!$D$2=Options!$L$4,Options!L59,IF(Options!$D$2=Options!$M$4,Options!M59,0)))))))))) -> 1200000
B65: Car Parking Open | C65: INR/DU | D65: =IF(Options!$D$2=Options!$D$4,Options!D60,IF(Options!$D$2=Options!$E$4,Options!E60,IF(Options!$D$2=Options!$F$4,Options!F60,IF(Options!$D$2=Options!$G$4,Options!G60,IF(Options!$D$2=Options!$H$4,Options!H60,IF(Options!$D$2=Options!$I$4,Options!I60,IF(Options!$D$2=Options!$J$4,Options!J60,IF(Options!$D$2=Options!$K$4,Options!K60,IF(Options!$D$2=Options!$L$4,Options!L60,IF(Options!$D$2=Options!$M$4,Options!M60,0)))))))))) -> 1000000
B66: Commercial | D66: =IF(Options!$D$2=Options!$D$4,Options!D61,IF(Options!$D$2=Options!$E$4,Options!E61,IF(Options!$D$2=Options!$F$4,Options!F61,IF(Options!$D$2=Options!$G$4,Options!G61,IF(Options!$D$2=Options!$H$4,Options!H61,IF(Options!$D$2=Options!$I$4,Options!I61,IF(Options!$D$2=Options!$J$4,Options!J61,IF(Options!$D$2=Options!$K$4,Options!K61,IF(Options!$D$2=Options!$L$4,Options!L61,IF(Options!$D$2=Options!$M$4,Options!M61,0)))))))))) -> 22500 | F66: =IF(F59>0, $D$66*(1+SUM($F$59:F$59)), MAX($D$66, E66)) -> 22500 | G66: =IF(G59>0, $D$66*(1+SUM($F$59:G$59)), MAX($D$66, F66)) -> 22500 | H66: =IF(H59>0, $D$66*(1+SUM($F$59:H$59)), MAX($D$66, G66)) -> 22500 | I66: =IF(I59>0, $D$66*(1+SUM($F$59:I$59)), MAX($D$66, H66)) -> 22500 | J66: =IF(J59>0, $D$66*(1+SUM($F$59:J$59)), MAX($D$66, I66)) -> 22500 | K66: =IF(K59>0, $D$66*(1+SUM($F$59:K$59)), MAX($D$66, J66)) -> 22500 | L66: =IF(L59>0, $D$66*(1+SUM($F$59:L$59)), MAX($D$66, K66)) -> 22500 | M66: =IF(M59>0, $D$66*(1+SUM($F$59:M$59)), MAX($D$66, L66)) -> 22500 | ... ES66: =IF(ES59>0, $D$66*(1+SUM($F$59:ES$59)), MAX($D$66, ER66)) -> 22500
B67: Sale Escalation | D67: =IF(Options!$D$2=Options!$D$4,Options!D62,IF(Options!$D$2=Options!$E$4,Options!E62,IF(Options!$D$2=Options!$F$4,Options!F62,IF(Options!$D$2=Options!$G$4,Options!G62,IF(Options!$D$2=Options!$H$4,Options!H62,IF(Options!$D$2=Options!$I$4,Options!I62,IF(Options!$D$2=Options!$J$4,Options!J62,IF(Options!$D$2=Options!$K$4,Options!K62,IF(Options!$D$2=Options!$L$4,Options!L62,IF(Options!$D$2=Options!$M$4,Options!M62,0)))))))))) -> 0
B68: Construction Escalation | D68: =IF(Options!$D$2=Options!$D$4,Options!D64,IF(Options!$D$2=Options!$E$4,Options!E64,IF(Options!$D$2=Options!$F$4,Options!F64,IF(Options!$D$2=Options!$G$4,Options!G64,IF(Options!$D$2=Options!$H$4,Options!H64,IF(Options!$D$2=Options!$I$4,Options!I64,IF(Options!$D$2=Options!$J$4,Options!J64,IF(Options!$D$2=Options!$K$4,Options!K64,IF(Options!$D$2=Options!$L$4,Options!L64,IF(Options!$D$2=Options!$M$4,Options!M64,0)))))))))) -> 0
F69: =F1 -> 45777 | G69: =G1 -> 45808 | H69: =H1 -> 45838 | I69: =I1 -> 45869 | J69: =J1 -> 45900 | K69: =K1 -> 45930 | L69: =L1 -> 45961 | M69: =M1 -> 45991 | ... ES69: =ES1 -> 50130
B70: Cost | C70: Price | D70: GST Incl. | F70: =IF(OR(MONTH(F69)=6, MONTH(F69)=12), $D$68/2, 0) -> 0 | G70: =IF(OR(MONTH(G69)=6, MONTH(G69)=12), $D$68/2, 0) -> 0 | H70: =IF(OR(MONTH(H69)=6, MONTH(H69)=12), $D$68/2, 0) -> 0 | I70: =IF(OR(MONTH(I69)=6, MONTH(I69)=12), $D$68/2, 0) -> 0 | J70: =IF(OR(MONTH(J69)=6, MONTH(J69)=12), $D$68/2, 0) -> 0 | K70: =IF(OR(MONTH(K69)=6, MONTH(K69)=12), $D$68/2, 0) -> 0 | L70: =IF(OR(MONTH(L69)=6, MONTH(L69)=12), $D$68/2, 0) -> 0 | M70: =IF(OR(MONTH(M69)=6, MONTH(M69)=12), $D$68/2, 0) -> 0 | ... ES70: =IF(OR(MONTH(ES69)=6, MONTH(ES69)=12), $D$68/2, 0) -> 0
B71: Basement | C71: =IF(Options!$D$2=Options!$D$4,Options!D65,IF(Options!$D$2=Options!$E$4,Options!E65,IF(Options!$D$2=Options!$F$4,Options!F65,IF(Options!$D$2=Options!$G$4,Options!G65,IF(Options!$D$2=Options!$H$4,Options!H65,IF(Options!$D$2=Options!$I$4,Options!I65,IF(Options!$D$2=Options!$J$4,Options!J65,IF(Options!$D$2=Options!$K$4,Options!K65,IF(Options!$D$2=Options!$L$4,Options!L65,IF(Options!$D$2=Options!$M$4,Options!M65,0)))))))))) -> 3250 | D71: =C71*$D$14 -> 3835 | F71: =IF(F70>0, $D$71*(1+SUM($F$70:F70)), MAX($D$71, E71)) -> 3835 | G71: =IF(G70>0, $D$71*(1+SUM($F$70:G70)), MAX($D$71, F71)) -> 3835 | H71: =IF(H70>0, $D$71*(1+SUM($F$70:H70)), MAX($D$71, G71)) -> 3835 | I71: =IF(I70>0, $D$71*(1+SUM($F$70:I70)), MAX($D$71, H71)) -> 3835 | J71: =IF(J70>0, $D$71*(1+SUM($F$70:J70)), MAX($D$71, I71)) -> 3835 | K71: =IF(K70>0, $D$71*(1+SUM($F$70:K70)), MAX($D$71, J71)) -> 3835 | L71: =IF(L70>0, $D$71*(1+SUM($F$70:L70)), MAX($D$71, K71)) -> 3835 | M71: =IF(M70>0, $D$71*(1+SUM($F$70:M70)), MAX($D$71, L71)) -> 3835 | ... ES71: =IF(ES70>0, $D$71*(1+SUM($F$70:ES70)), MAX($D$71, ER71)) -> 3835
B72: Apartment | C72: =IF(Options!$D$2=Options!$D$4,Options!D66,IF(Options!$D$2=Options!$E$4,Options!E66,IF(Options!$D$2=Options!$F$4,Options!F66,IF(Options!$D$2=Options!$G$4,Options!G66,IF(Options!$D$2=Options!$H$4,Options!H66,IF(Options!$D$2=Options!$I$4,Options!I66,IF(Options!$D$2=Options!$J$4,Options!J66,IF(Options!$D$2=Options!$K$4,Options!K66,IF(Options!$D$2=Options!$L$4,Options!L66,IF(Options!$D$2=Options!$M$4,Options!M66,0)))))))))) -> 3000 | D72: =C72*$D$14 -> 3540 | F72: =IF(F70>0, $D$72*(1+SUM($F$70:F70)), MAX($D$72, E72)) -> 3540 | G72: =IF(G70>0, $D$72*(1+SUM($F$70:G70)), MAX($D$72, F72)) -> 3540 | H72: =IF(H70>0, $D$72*(1+SUM($F$70:H70)), MAX($D$72, G72)) -> 3540 | I72: =IF(I70>0, $D$72*(1+SUM($F$70:I70)), MAX($D$72, H72)) -> 3540 | J72: =IF(J70>0, $D$72*(1+SUM($F$70:J70)), MAX($D$72, I72)) -> 3540 | K72: =IF(K70>0, $D$72*(1+SUM($F$70:K70)), MAX($D$72, J72)) -> 3540 | L72: =IF(L70>0, $D$72*(1+SUM($F$70:L70)), MAX($D$72, K72)) -> 3540 | M72: =IF(M70>0, $D$72*(1+SUM($F$70:M70)), MAX($D$72, L72)) -> 3540 | ... ES72: =IF(ES70>0, $D$72*(1+SUM($F$70:ES70)), MAX($D$72, ER72)) -> 3540
B73: Car park | C73: =IF(Options!$D$2=Options!$D$4,Options!D67,IF(Options!$D$2=Options!$E$4,Options!E67,IF(Options!$D$2=Options!$F$4,Options!F67,IF(Options!$D$2=Options!$G$4,Options!G67,IF(Options!$D$2=Options!$H$4,Options!H67,IF(Options!$D$2=Options!$I$4,Options!I67,IF(Options!$D$2=Options!$J$4,Options!J67,IF(Options!$D$2=Options!$K$4,Options!K67,IF(Options!$D$2=Options!$L$4,Options!L67,IF(Options!$D$2=Options!$M$4,Options!M67,0)))))))))) -> 2375 | D73: =C73*$D$14 -> 2802.5 | F73: =IF($F$70>0, $D$73*(1+SUM($F$70:F70)), MAX($D$73, E73)) -> 2802.5 | G73: =IF(F$70>0, $D$73*(1+SUM($F$70:G70)), MAX($D$73, F73)) -> 2802.5 | H73: =IF(G$70>0, $D$73*(1+SUM($F$70:H70)), MAX($D$73, G73)) -> 2802.5 | I73: =IF(H$70>0, $D$73*(1+SUM($F$70:I70)), MAX($D$73, H73)) -> 2802.5 | J73: =IF(I$70>0, $D$73*(1+SUM($F$70:J70)), MAX($D$73, I73)) -> 2802.5 | K73: =IF(J$70>0, $D$73*(1+SUM($F$70:K70)), MAX($D$73, J73)) -> 2802.5 | L73: =IF(K$70>0, $D$73*(1+SUM($F$70:L70)), MAX($D$73, K73)) -> 2802.5 | M73: =IF(L$70>0, $D$73*(1+SUM($F$70:M70)), MAX($D$73, L73)) -> 2802.5 | N73: =IF(M$70>0, $D$73*(1+SUM($F$70:N70)), MAX($D$73, M73)) -> 2802.5 | ... ES73: =IF(ER$70>0, $D$73*(1+SUM($F$70:ES70)), MAX($D$73, ER73)) -> 2802.5
B74: Club House | C74: =IF(Options!$D$2=Options!$D$4,Options!D68,IF(Options!$D$2=Options!$E$4,Options!E68,IF(Options!$D$2=Options!$F$4,Options!F68,IF(Options!$D$2=Options!$G$4,Options!G68,IF(Options!$D$2=Options!$H$4,Options!H68,IF(Options!$D$2=Options!$I$4,Options!I68,IF(Options!$D$2=Options!$J$4,Options!J68,IF(Options!$D$2=Options!$K$4,Options!K68,IF(Options!$D$2=Options!$L$4,Options!L68,IF(Options!$D$2=Options!$M$4,Options!M68,0)))))))))) -> 7500 | D74: =C74*$D$14 -> 8850 | F74: =IF(F$70>0, $D$74*(1+SUM($F$70:F$70)), MAX($D$74, E74)) -> 8850 | G74: =IF(G$70>0, $D$74*(1+SUM($F$70:G$70)), MAX($D$74, F74)) -> 8850 | H74: =IF(H$70>0, $D$74*(1+SUM($F$70:H$70)), MAX($D$74, G74)) -> 8850 | I74: =IF(I$70>0, $D$74*(1+SUM($F$70:I$70)), MAX($D$74, H74)) -> 8850 | J74: =IF(J$70>0, $D$74*(1+SUM($F$70:J$70)), MAX($D$74, I74)) -> 8850 | K74: =IF(K$70>0, $D$74*(1+SUM($F$70:K$70)), MAX($D$74, J74)) -> 8850 | L74: =IF(L$70>0, $D$74*(1+SUM($F$70:L$70)), MAX($D$74, K74)) -> 8850 | M74: =IF(M$70>0, $D$74*(1+SUM($F$70:M$70)), MAX($D$74, L74)) -> 8850 | ... ES74: =IF(ES$70>0, $D$74*(1+SUM($F$70:ES$70)), MAX($D$74, ER74)) -> 8850
B75: EWS | C75: =IF(Options!$D$2=Options!$D$4,Options!D69,IF(Options!$D$2=Options!$E$4,Options!E69,IF(Options!$D$2=Options!$F$4,Options!F69,IF(Options!$D$2=Options!$G$4,Options!G69,IF(Options!$D$2=Options!$H$4,Options!H69,IF(Options!$D$2=Options!$I$4,Options!I69,IF(Options!$D$2=Options!$J$4,Options!J69,IF(Options!$D$2=Options!$K$4,Options!K69,IF(Options!$D$2=Options!$L$4,Options!L69,IF(Options!$D$2=Options!$M$4,Options!M69,0)))))))))) -> 2750 | D75: =C75*$D$14 -> 3245 | F75: =IF(F$70>0, $D$75*(1+SUM($F$70:F$70)), MAX($D$75, E75)) -> 3245 | G75: =IF(G$70>0, $D$75*(1+SUM($F$70:G$70)), MAX($D$75, F75)) -> 3245 | H75: =IF(H$70>0, $D$75*(1+SUM($F$70:H$70)), MAX($D$75, G75)) -> 3245 | I75: =IF(I$70>0, $D$75*(1+SUM($F$70:I$70)), MAX($D$75, H75)) -> 3245 | J75: =IF(J$70>0, $D$75*(1+SUM($F$70:J$70)), MAX($D$75, I75)) -> 3245 | K75: =IF(K$70>0, $D$75*(1+SUM($F$70:K$70)), MAX($D$75, J75)) -> 3245 | L75: =IF(L$70>0, $D$75*(1+SUM($F$70:L$70)), MAX($D$75, K75)) -> 3245 | M75: =IF(M$70>0, $D$75*(1+SUM($F$70:M$70)), MAX($D$75, L75)) -> 3245 | ... ES75: =IF(ES$70>0, $D$75*(1+SUM($F$70:ES$70)), MAX($D$75, ER75)) -> 3245
B76: Retail | C76: =IF(Options!$D$2=Options!$D$4,Options!D70,IF(Options!$D$2=Options!$E$4,Options!E70,IF(Options!$D$2=Options!$F$4,Options!F70,IF(Options!$D$2=Options!$G$4,Options!G70,IF(Options!$D$2=Options!$H$4,Options!H70,IF(Options!$D$2=Options!$I$4,Options!I70,IF(Options!$D$2=Options!$J$4,Options!J70,IF(Options!$D$2=Options!$K$4,Options!K70,IF(Options!$D$2=Options!$L$4,Options!L70,IF(Options!$D$2=Options!$M$4,Options!M70,0)))))))))) -> 2750 | D76: =C76*$D$14 -> 3245 | F76: =IF(F70>0, $D$76*(1+SUM($F$70:F$70)), MAX($D$76, E76)) -> 3245 | G76: =IF(G70>0, $D$76*(1+SUM($F$70:G$70)), MAX($D$76, F76)) -> 3245 | H76: =IF(H70>0, $D$76*(1+SUM($F$70:H$70)), MAX($D$76, G76)) -> 3245 | I76: =IF(I70>0, $D$76*(1+SUM($F$70:I$70)), MAX($D$76, H76)) -> 3245 | J76: =IF(J70>0, $D$76*(1+SUM($F$70:J$70)), MAX($D$76, I76)) -> 3245 | K76: =IF(K70>0, $D$76*(1+SUM($F$70:K$70)), MAX($D$76, J76)) -> 3245 | L76: =IF(L70>0, $D$76*(1+SUM($F$70:L$70)), MAX($D$76, K76)) -> 3245 | M76: =IF(M70>0, $D$76*(1+SUM($F$70:M$70)), MAX($D$76, L76)) -> 3245 | ... ES76: =IF(ES70>0, $D$76*(1+SUM($F$70:ES$70)), MAX($D$76, ER76)) -> 3245
B77: Commercial | C77: =IF(Options!$D$2=Options!$D$4,Options!D71,IF(Options!$D$2=Options!$E$4,Options!E71,IF(Options!$D$2=Options!$F$4,Options!F71,IF(Options!$D$2=Options!$G$4,Options!G71,IF(Options!$D$2=Options!$H$4,Options!H71,IF(Options!$D$2=Options!$I$4,Options!I71,IF(Options!$D$2=Options!$J$4,Options!J71,IF(Options!$D$2=Options!$K$4,Options!K71,IF(Options!$D$2=Options!$L$4,Options!L71,IF(Options!$D$2=Options!$M$4,Options!M71,0)))))))))) -> 2750 | D77: =C77*$D$14 -> 3245 | F77: =IF(F70>0, $D$77*(1+SUM($F$70:F$70)), MAX($D$77, E77)) -> 3245 | G77: =IF(G70>0, $D$77*(1+SUM($F$70:G$70)), MAX($D$77, F77)) -> 3245 | H77: =IF(H70>0, $D$77*(1+SUM($F$70:H$70)), MAX($D$77, G77)) -> 3245 | I77: =IF(I70>0, $D$77*(1+SUM($F$70:I$70)), MAX($D$77, H77)) -> 3245 | J77: =IF(J70>0, $D$77*(1+SUM($F$70:J$70)), MAX($D$77, I77)) -> 3245 | K77: =IF(K70>0, $D$77*(1+SUM($F$70:K$70)), MAX($D$77, J77)) -> 3245 | L77: =IF(L70>0, $D$77*(1+SUM($F$70:L$70)), MAX($D$77, K77)) -> 3245 | M77: =IF(M70>0, $D$77*(1+SUM($F$70:M$70)), MAX($D$77, L77)) -> 3245 | ... ES77: =IF(ES70>0, $D$77*(1+SUM($F$70:ES$70)), MAX($D$77, ER77)) -> 3245
B78: Car Park Area | C78: =IF(Options!$D$2=Options!$D$4,Options!D72,IF(Options!$D$2=Options!$E$4,Options!E72,IF(Options!$D$2=Options!$F$4,Options!F72,IF(Options!$D$2=Options!$G$4,Options!G72,IF(Options!$D$2=Options!$H$4,Options!H72,IF(Options!$D$2=Options!$I$4,Options!I72,IF(Options!$D$2=Options!$J$4,Options!J72,IF(Options!$D$2=Options!$K$4,Options!K72,IF(Options!$D$2=Options!$L$4,Options!L72,IF(Options!$D$2=Options!$M$4,Options!M72,0)))))))))) -> 2375 | D78: =C78*$D$14 -> 2802.5 | F78: =IF(F$70>0, $D$78*(1+SUM($F$70:F$70)), MAX($D$78, E78)) -> 2802.5 | G78: =IF(G$70>0, $D$78*(1+SUM($F$70:G$70)), MAX($D$78, F78)) -> 2802.5 | H78: =IF(H$70>0, $D$78*(1+SUM($F$70:H$70)), MAX($D$78, G78)) -> 2802.5 | I78: =IF(I$70>0, $D$78*(1+SUM($F$70:I$70)), MAX($D$78, H78)) -> 2802.5 | J78: =IF(J$70>0, $D$78*(1+SUM($F$70:J$70)), MAX($D$78, I78)) -> 2802.5 | K78: =IF(K$70>0, $D$78*(1+SUM($F$70:K$70)), MAX($D$78, J78)) -> 2802.5 | L78: =IF(L$70>0, $D$78*(1+SUM($F$70:L$70)), MAX($D$78, K78)) -> 2802.5 | M78: =IF(M$70>0, $D$78*(1+SUM($F$70:M$70)), MAX($D$78, L78)) -> 2802.5 | ... ES78: =IF(ES$70>0, $D$78*(1+SUM($F$70:ES$70)), MAX($D$78, ER78)) -> 2802.5
B79: Stilt Car Parking | C79: =IF(Options!$D$2=Options!$D$4,Options!D73,IF(Options!$D$2=Options!$E$4,Options!E73,IF(Options!$D$2=Options!$F$4,Options!F73,IF(Options!$D$2=Options!$G$4,Options!G73,IF(Options!$D$2=Options!$H$4,Options!H73,IF(Options!$D$2=Options!$I$4,Options!I73,IF(Options!$D$2=Options!$J$4,Options!J73,IF(Options!$D$2=Options!$K$4,Options!K73,IF(Options!$D$2=Options!$L$4,Options!L73,IF(Options!$D$2=Options!$M$4,Options!M73,0)))))))))) -> 1500 | D79: =C79*$D$14 -> 1770 | F79: =IF(F$70>0, $D$79*(1+SUM($F$70:F$70)), MAX($D$79, E79)) -> 1770 | G79: =IF(G$70>0, $D$79*(1+SUM($F$70:G$70)), MAX($D$79, F79)) -> 1770 | H79: =IF(H$70>0, $D$79*(1+SUM($F$70:H$70)), MAX($D$79, G79)) -> 1770 | I79: =IF(I$70>0, $D$79*(1+SUM($F$70:I$70)), MAX($D$79, H79)) -> 1770 | J79: =IF(J$70>0, $D$79*(1+SUM($F$70:J$70)), MAX($D$79, I79)) -> 1770 | K79: =IF(K$70>0, $D$79*(1+SUM($F$70:K$70)), MAX($D$79, J79)) -> 1770 | L79: =IF(L$70>0, $D$79*(1+SUM($F$70:L$70)), MAX($D$79, K79)) -> 1770 | M79: =IF(M$70>0, $D$79*(1+SUM($F$70:M$70)), MAX($D$79, L79)) -> 1770 | ... ES79: =IF(ES$70>0, $D$79*(1+SUM($F$70:ES$70)), MAX($D$79, ER79)) -> 1770
B80: Basement Car Parking | C80: =IF(Options!$D$2=Options!$D$4,Options!D74,IF(Options!$D$2=Options!$E$4,Options!E74,IF(Options!$D$2=Options!$F$4,Options!F74,IF(Options!$D$2=Options!$G$4,Options!G74,IF(Options!$D$2=Options!$H$4,Options!H74,IF(Options!$D$2=Options!$I$4,Options!I74,IF(Options!$D$2=Options!$J$4,Options!J74,IF(Options!$D$2=Options!$K$4,Options!K74,IF(Options!$D$2=Options!$L$4,Options!L74,IF(Options!$D$2=Options!$M$4,Options!M74,0)))))))))) -> 3500 | D80: =C80*$D$14 -> 4130 | F80: =IF(F$70>0, $D$80*(1+SUM($F$70:F$70)), MAX($D$80, E80)) -> 4130 | G80: =IF(G$70>0, $D$80*(1+SUM($F$70:G$70)), MAX($D$80, F80)) -> 4130 | H80: =IF(H$70>0, $D$80*(1+SUM($F$70:H$70)), MAX($D$80, G80)) -> 4130 | I80: =IF(I$70>0, $D$80*(1+SUM($F$70:I$70)), MAX($D$80, H80)) -> 4130 | J80: =IF(J$70>0, $D$80*(1+SUM($F$70:J$70)), MAX($D$80, I80)) -> 4130 | K80: =IF(K$70>0, $D$80*(1+SUM($F$70:K$70)), MAX($D$80, J80)) -> 4130 | L80: =IF(L$70>0, $D$80*(1+SUM($F$70:L$70)), MAX($D$80, K80)) -> 4130 | M80: =IF(M$70>0, $D$80*(1+SUM($F$70:M$70)), MAX($D$80, L80)) -> 4130 | ... ES80: =IF(ES$70>0, $D$80*(1+SUM($F$70:ES$70)), MAX($D$80, ER80)) -> 4130
B81: Landscape | C81: =IF(Options!$D$2=Options!$D$4,Options!D75,IF(Options!$D$2=Options!$E$4,Options!E75,IF(Options!$D$2=Options!$F$4,Options!F75,IF(Options!$D$2=Options!$G$4,Options!G75,IF(Options!$D$2=Options!$H$4,Options!H75,IF(Options!$D$2=Options!$I$4,Options!I75,IF(Options!$D$2=Options!$J$4,Options!J75,IF(Options!$D$2=Options!$K$4,Options!K75,IF(Options!$D$2=Options!$L$4,Options!L75,IF(Options!$D$2=Options!$M$4,Options!M75,0)))))))))) -> 57.5 | D81: =C81*$D$14 -> 67.85 | F81: =IF(F70>0, $D$81*(1+SUM($F$70:F$70)), MAX($D$81, E81)) -> 67.85 | G81: =IF(G70>0, $D$81*(1+SUM($F$70:G$70)), MAX($D$81, F81)) -> 67.85 | H81: =IF(H70>0, $D$81*(1+SUM($F$70:H$70)), MAX($D$81, G81)) -> 67.85 | I81: =IF(I70>0, $D$81*(1+SUM($F$70:I$70)), MAX($D$81, H81)) -> 67.85 | J81: =IF(J70>0, $D$81*(1+SUM($F$70:J$70)), MAX($D$81, I81)) -> 67.85 | K81: =IF(K70>0, $D$81*(1+SUM($F$70:K$70)), MAX($D$81, J81)) -> 67.85 | L81: =IF(L70>0, $D$81*(1+SUM($F$70:L$70)), MAX($D$81, K81)) -> 67.85 | M81: =IF(M70>0, $D$81*(1+SUM($F$70:M$70)), MAX($D$81, L81)) -> 67.85 | ... ES81: =IF(ES70>0, $D$81*(1+SUM($F$70:ES$70)), MAX($D$81, ER81)) -> 67.85
B82: Infra | C82: =IF(Options!$D$2=Options!$D$4,Options!D76,IF(Options!$D$2=Options!$E$4,Options!E76,IF(Options!$D$2=Options!$F$4,Options!F76,IF(Options!$D$2=Options!$G$4,Options!G76,IF(Options!$D$2=Options!$H$4,Options!H76,IF(Options!$D$2=Options!$I$4,Options!I76,IF(Options!$D$2=Options!$J$4,Options!J76,IF(Options!$D$2=Options!$K$4,Options!K76,IF(Options!$D$2=Options!$L$4,Options!L76,IF(Options!$D$2=Options!$M$4,Options!M76,0)))))))))) -> 200 | D82: =C82*$D$14 -> 236 | F82: =IF(F70>0, $D$82*(1+SUM($F$70:F$70)), MAX($D$82, E82)) -> 236 | G82: =IF(G70>0, $D$82*(1+SUM($F$70:G$70)), MAX($D$82, F82)) -> 236 | H82: =IF(H70>0, $D$82*(1+SUM($F$70:H$70)), MAX($D$82, G82)) -> 236 | I82: =IF(I70>0, $D$82*(1+SUM($F$70:I$70)), MAX($D$82, H82)) -> 236 | J82: =IF(J70>0, $D$82*(1+SUM($F$70:J$70)), MAX($D$82, I82)) -> 236 | K82: =IF(K70>0, $D$82*(1+SUM($F$70:K$70)), MAX($D$82, J82)) -> 236 | L82: =IF(L70>0, $D$82*(1+SUM($F$70:L$70)), MAX($D$82, K82)) -> 236 | M82: =IF(M70>0, $D$82*(1+SUM($F$70:M$70)), MAX($D$82, L82)) -> 236 | ... ES82: =IF(ES70>0, $D$82*(1+SUM($F$70:ES$70)), MAX($D$82, ER82)) -> 236
B85: Sales Phasing
B86: Sales | D86: Total | F86: =F1 -> 45777 | G86: =G1 -> 45808 | H86: =H1 -> 45838 | I86: =I1 -> 45869 | J86: =J1 -> 45900 | K86: =K1 -> 45930 | L86: =L1 -> 45961 | M86: =M1 -> 45991 | ... ES86: =ES1 -> 50130
B87: Phase 1 | C87: % | D87: =SUM(N87:ES87) -> 1 | N87: 0.075 | O87: 0.075 | P87: 0.075 | Q87: 0.05 | R87: 0.05 | S87: 0.05 | T87: 0.05 | U87: 0.03 | V87: 0.03 | W87: 0.03 | X87: 0.03 | Y87: 0.03 | Z87: 0.03 | AA87: 0.03 | AB87: 0.03 | AC87: 0.03 | AD87: 0.03 | AE87: 0.03 | AF87: 0.03 | AG87: 0.03 | AH87: 0.03 | AI87: 0.03 | AJ87: 0.07 | AK87: 0.03 | AL87: =1-SUM(N87:AK87) -> 0.025
B88: Phase 2 | C88: % | D88: =SUM(L88:ES88) -> 1 | Z88: 0.075 | AA88: 0.075 | AB88: 0.075 | AC88: 0.05 | AD88: 0.05 | AE88: 0.05 | AF88: 0.05 | AG88: 0.03 | AH88: 0.03 | AI88: 0.03 | AJ88: 0.03 | AK88: 0.03 | AL88: 0.03 | AM88: 0.03 | AN88: 0.03 | AO88: 0.03 | AP88: 0.03 | AQ88: 0.03 | AR88: 0.03 | AS88: 0.03 | AT88: 0.03 | AU88: 0.03 | AV88: 0.07 | AW88: 0.03 | AX88: =1-SUM(Z88:AW88) -> 0.025
B89: Phase 3 | C89: % | D89: =SUM(L89:ES89) -> 1 | AK89: 0 | AL89: 0.075 | AM89: 0.075 | AN89: 0.075 | AO89: 0.05 | AP89: 0.05 | AQ89: 0.05 | AR89: 0.05 | AS89: 0.03 | AT89: 0.03 | AU89: 0.03 | AV89: 0.03 | AW89: 0.03 | AX89: 0.03 | AY89: 0.03 | AZ89: 0.03 | BA89: 0.03 | BB89: 0.03 | BC89: 0.03 | BD89: 0.03 | BE89: 0.03 | BF89: 0.03 | BG89: 0.03 | BH89: 0.07 | BI89: 0.03 | BJ89: =1-SUM(AL89:BI89) -> 0.025
F90: =SUM(F87:F89) -> 0 | G90: =SUM(G87:G89) -> 0 | H90: =SUM(H87:H89) -> 0 | I90: =SUM(I87:I89) -> 0 | J90: =SUM(J87:J89) -> 0 | K90: =SUM(K87:K89) -> 0 | L90: =SUM(L87:L89) -> 0 | M90: =SUM(M87:M89) -> 0 | ... ES90: =SUM(ES87:ES89) -> 0
B92: Construction Phasing
B93: Sales | D93: Total | F93: =F1 -> 45777 | G93: =G1 -> 45808 | H93: =H1 -> 45838 | I93: =I1 -> 45869 | J93: =J1 -> 45900 | K93: =K1 -> 45930 | L93: =L1 -> 45961 | M93: =M1 -> 45991 | ... ES93: =ES1 -> 50130
B94: Phase 1 | C94: % | D94: =SUM(N94:ES94) -> 1 | N94: 0.025 | O94: 0.025 | P94: 0.025 | Q94: 0.025 | R94: 0.025 | S94: 0.025 | T94: 0.025 | U94: 0.025 | V94: 0.025 | W94: 0.025 | X94: 0.025 | Y94: 0.025 | Z94: 0.025 | AA94: 0.025 | AB94: 0.03 | AC94: 0.03 | AD94: 0.03 | AE94: 0.03 | AF94: 0.03 | AG94: 0.03 | AH94: 0.03 | AI94: 0.03 | AJ94: 0.03 | AK94: 0.03 | AL94: 0.03 | AM94: 0.03 | AN94: 0.03 | AO94: 0.03 | AP94: 0.05 | AQ94: 0.05 | AR94: 0.05 | AS94: 0.05 | AT94: =1-SUM(N94:AS94) -> 0.03
B95: Phase 2 | C95: % | D95: =SUM(L95:ES95) -> 1 | Z95: 0.025 | AA95: 0.025 | AB95: 0.025 | AC95: 0.025 | AD95: 0.025 | AE95: 0.025 | AF95: 0.025 | AG95: 0.025 | AH95: 0.025 | AI95: 0.025 | AJ95: 0.025 | AK95: 0.025 | AL95: 0.025 | AM95: 0.025 | AN95: 0.03 | AO95: 0.03 | AP95: 0.03 | AQ95: 0.03 | AR95: 0.03 | AS95: 0.03 | AT95: 0.03 | AU95: 0.03 | AV95: 0.03 | AW95: 0.03 | AX95: 0.03 | AY95: 0.03 | AZ95: 0.03 | BA95: 0.03 | BB95: 0.05 | BC95: 0.05 | BD95: 0.05 | BE95: 0.05 | BF95: =1-SUM(Z95:BE95) -> 0.03
B96: Phase 3 | C96: % | D96: =SUM(L96:ES96) -> 1 | AL96: 0.025 | AM96: 0.025 | AN96: 0.025 | AO96: 0.025 | AP96: 0.025 | AQ96: 0.025 | AR96: 0.025 | AS96: 0.025 | AT96: 0.025 | AU96: 0.025 | AV96: 0.025 | AW96: 0.025 | AX96: 0.025 | AY96: 0.025 | AZ96: 0.025 | BA96: 0.025 | BB96: 0.025 | BC96: 0.025 | BD96: 0.025 | BE96: 0.025 | BF96: 0.025 | BG96: 0.025 | BH96: 0.025 | BI96: 0.025 | BJ96: 0.03 | BK96: 0.03 | BL96: 0.03 | BM96: 0.03 | BN96: 0.03 | BO96: 0.03 | BP96: 0.03 | BQ96: 0.03 | BR96: 0.03 | BS96: 0.03 | BT96: 0.03 | BU96: 0.03 | BV96: =1-SUM(AL96:BU96) -> 0.04
D97: =SUM(F97:ES97) -> 3 | F97: =SUM(F94:F96) -> 0 | G97: =SUM(G94:G96) -> 0 | H97: =SUM(H94:H96) -> 0 | I97: =SUM(I94:I96) -> 0 | J97: =SUM(J94:J96) -> 0 | K97: =SUM(K94:K96) -> 0 | L97: =SUM(L94:L96) -> 0 | M97: =SUM(M94:M96) -> 0 | ... ES97: =SUM(ES94:ES96) -> 0
B99: Lot-wise sales schedule | F99: {=TRANSPOSE(Schedule!B31:B37)} -> 2 BHK | G99: 3 BHK | H99: 3 BHK + S | I99: 4 BHK + S | J99: Retail | K99: Commercial NILP | L99: Commercial TOD
B100: Lot 1 | F100: =IF(Options!$D$2=Options!$D$4,Options!D50,IF(Options!$D$2=Options!$E$4,Options!E50,IF(Options!$D$2=Options!$F$4,Options!F50,IF(Options!$D$2=Options!$G$4,Options!G50,IF(Options!$D$2=Options!$H$4,Options!H50,IF(Options!$D$2=Options!$I$4,Options!I50,IF(Options!$D$2=Options!$J$4,Options!J50,IF(Options!$D$2=Options!$K$4,Options!K50,IF(Options!$D$2=Options!$L$4,Options!L50,IF(Options!$D$2=Options!$M$4,Options!M50,0)))))))))) -> 0.25 | G100: =F100 -> 0.25 | H100: =G100 -> 0.25 | I100: =H100 -> 0.25 | J100: =I100 -> 0.25 | K100: =J100 -> 0.25 | L100: =K100 -> 0.25
B101: Lot 2 | F101: =IF(Options!$D$2=Options!$D$4,Options!D51,IF(Options!$D$2=Options!$E$4,Options!E51,IF(Options!$D$2=Options!$F$4,Options!F51,IF(Options!$D$2=Options!$G$4,Options!G51,IF(Options!$D$2=Options!$H$4,Options!H51,IF(Options!$D$2=Options!$I$4,Options!I51,IF(Options!$D$2=Options!$J$4,Options!J51,IF(Options!$D$2=Options!$K$4,Options!K51,IF(Options!$D$2=Options!$L$4,Options!L51,IF(Options!$D$2=Options!$M$4,Options!M51,0)))))))))) -> 0.3 | G101: =F101 -> 0.3 | H101: =G101 -> 0.3 | I101: =H101 -> 0.3 | J101: =I101 -> 0.3 | K101: =J101 -> 0.3 | L101: =K101 -> 0.3
B102: Lot 3 | F102: =IF(Options!$D$2=Options!$D$4,Options!D52,IF(Options!$D$2=Options!$E$4,Options!E52,IF(Options!$D$2=Options!$F$4,Options!F52,IF(Options!$D$2=Options!$G$4,Options!G52,IF(Options!$D$2=Options!$H$4,Options!H52,IF(Options!$D$2=Options!$I$4,Options!I52,IF(Options!$D$2=Options!$J$4,Options!J52,IF(Options!$D$2=Options!$K$4,Options!K52,IF(Options!$D$2=Options!$L$4,Options!L52,IF(Options!$D$2=Options!$M$4,Options!M52,0)))))))))) -> 0.45 | G102: =F102 -> 0.45 | H102: =G102 -> 0.45 | I102: =H102 -> 0.45 | J102: =I102 -> 0.45 | K102: =J102 -> 0.45 | L102: =K102 -> 0.45
F103: =SUM(F100:F102) -> 1 | G103: =SUM(G100:G102) -> 1 | H103: =SUM(H100:H102) -> 1 | I103: =SUM(I100:I102) -> 1 | J103: =SUM(J100:J102) -> 1 | K103: =SUM(K100:K102) -> 1 | L103: =SUM(L100:L102) -> 1
B105: Lot-wise sales schedule area | D105: Total | F105: {=TRANSPOSE(Schedule!B31:B37)} -> 2 BHK | G105: 3 BHK | H105: 3 BHK + S | I105: 4 BHK + S | J105: Retail | K105: Commercial NILP | L105: Commercial TOD
B106: Lot 1 | D106: =SUM(F106:M106) -> 900157.22 | F106: =F100*$F$109 -> 0 | G106: =G100*$G$109 -> 209988.43 | H106: =H100*$H$109 -> 279984.57 | I106: =I100*$I$109 -> 209988.43 | J106: =J100*$J$109 -> 18017.336 | K106: =K100*$K$109 -> 53712.841 | L106: =L100*$L$109 -> 128465.61
B107: Lot 2 | D107: =SUM(F107:M107) -> 1080188.7 | F107: =F101*$F$109 -> 0 | G107: =G101*$G$109 -> 251986.11 | H107: =H101*$H$109 -> 335981.48 | I107: =I101*$I$109 -> 251986.11 | J107: =J101*$J$109 -> 21620.804 | K107: =K101*$K$109 -> 64455.41 | L107: =L101*$L$109 -> 154158.73
B108: Lot 3 | D108: =SUM(F108:M108) -> 1620283 | F108: =F102*$F$109 -> 0 | G108: =G102*$G$109 -> 377979.17 | H108: =H102*$H$109 -> 503972.23 | I108: =I102*$I$109 -> 377979.17 | J108: =J102*$J$109 -> 32431.206 | K108: =K102*$K$109 -> 96683.114 | L108: =L102*$L$109 -> 231238.1
D109: =SUM(D106:D108) -> 3600628.9 | F109: {=TRANSPOSE(Schedule!G31:G37)} -> 0 | G109: 839953.71 | H109: 1119938.3 | I109: 839953.71 | J109: 72069.346 | K109: 214851.37 | L109: 513862.45
B111: Lot-wise construction schedule | F111: {=TRANSPOSE(Schedule!B31:B37)} -> 2 BHK | G111: 3 BHK | H111: 3 BHK + S | I111: 4 BHK + S | J111: Retail | K111: Commercial NILP | L111: Commercial TOD | M111: Car Parking | N111: Club House
B112: Lot 1 | F112: =IF(Options!$D$2=Options!$D$4,Options!D45,IF(Options!$D$2=Options!$E$4,Options!E45,IF(Options!$D$2=Options!$F$4,Options!F45,IF(Options!$D$2=Options!$G$4,Options!G45,IF(Options!$D$2=Options!$H$4,Options!H45,IF(Options!$D$2=Options!$I$4,Options!I45,IF(Options!$D$2=Options!$J$4,Options!J45,IF(Options!$D$2=Options!$K$4,Options!K45,IF(Options!$D$2=Options!$L$4,Options!L45,IF(Options!$D$2=Options!$M$4,Options!M45,0)))))))))) -> 0.25 | G112: =F112 -> 0.25 | H112: =G112 -> 0.25 | I112: =H112 -> 0.25 | J112: =I112 -> 0.25 | K112: =J112 -> 0.25 | L112: =K112 -> 0.25 | M112: =L112 -> 0.25 | N112: 1
B113: Lot 2 | F113: =IF(Options!$D$2=Options!$D$4,Options!D46,IF(Options!$D$2=Options!$E$4,Options!E46,IF(Options!$D$2=Options!$F$4,Options!F46,IF(Options!$D$2=Options!$G$4,Options!G46,IF(Options!$D$2=Options!$H$4,Options!H46,IF(Options!$D$2=Options!$I$4,Options!I46,IF(Options!$D$2=Options!$J$4,Options!J46,IF(Options!$D$2=Options!$K$4,Options!K46,IF(Options!$D$2=Options!$L$4,Options!L46,IF(Options!$D$2=Options!$M$4,Options!M46,0)))))))))) -> 0.3 | G113: =F113 -> 0.3 | H113: =G113 -> 0.3 | I113: =H113 -> 0.3 | J113: =I113 -> 0.3 | K113: =J113 -> 0.3 | L113: =K113 -> 0.3 | M113: =L113 -> 0.3 | N113: 0
B114: Lot 3 | F114: =IF(Options!$D$2=Options!$D$4,Options!D47,IF(Options!$D$2=Options!$E$4,Options!E47,IF(Options!$D$2=Options!$F$4,Options!F47,IF(Options!$D$2=Options!$G$4,Options!G47,IF(Options!$D$2=Options!$H$4,Options!H47,IF(Options!$D$2=Options!$I$4,Options!I47,IF(Options!$D$2=Options!$J$4,Options!J47,IF(Options!$D$2=Options!$K$4,Options!K47,IF(Options!$D$2=Options!$L$4,Options!L47,IF(Options!$D$2=Options!$M$4,Options!M47,0)))))))))) -> 0.45 | G114: =F114 -> 0.45 | H114: =G114 -> 0.45 | I114: =H114 -> 0.45 | J114: =I114 -> 0.45 | K114: =J114 -> 0.45 | L114: =K114 -> 0.45 | M114: =L114 -> 0.45 | N114: 0
...

Sheet Schedule
B1: Gurgaon 18 Acre Project: Schedule | F1: ='Assumptions&Data'!D6 -> 45748 | G1: =EOMONTH(F1, 1) -> 45808 | H1: =EOMONTH(G1, 1) -> 45838 | I1: =EOMONTH(H1, 1) -> 45869 | J1: =EOMONTH(I1, 1) -> 45900 | K1: =EOMONTH(J1, 1) -> 45930 | L1: =EOMONTH(K1, 1) -> 45961 | M1: =EOMONTH(L1, 1) -> 45991 | N1: =EOMONTH(M1, 1) -> 46022 | ... FO1: =EOMONTH(FN1, 1) -> 50801
B3: Particulars | C3: Units | D3: Total | E3: Per sqft. Of apartment area
B6: Project Start Date | D6: ='Assumptions&Data'!D6 -> 45748
A7: 0 | B7: EDC-IDC Recover Rate | C7: psf. | D7: =(RegulatoryPayment!B62+RegulatoryPayment!B59+RegulatoryPayment!B74+RegulatoryPayment!B76)*10^7/'Assumptions&Data'!$C$57 -> 504.81136
B10: Residential & Commercial Unit Count
B12: Residential Unit Count | C12: # | D12: =SUM(I31:I34) -> 1218.6498
B13: Commercial Unit Count | C13: # | D13: =SUM(I35:I37) -> 2287.9519
B14: Total Units | D14: =SUM(D12:D13) -> 3506.6017
B15: Car Parking Count - Residential | C15: # | D15: =SUM(M31:M34) -> 2726.9388
B16: Car Parking Count - Commercial | C16: # | D16: =SUM(M35:M37) -> 2287.9519
B17: Total Car Park | D17: =SUM(D15:D16) -> 5014.8907
B19: Category Area Calculation
B21: Product | F21: % of Available Total FSI | G21: FSI Available (sq. ft.) | H21: Saleable Area Loading | I21: Saleable Area Sq. Ft. | J21: Construction Area Loading | K21: Contruction Area
B22: Apartment | F22: =IF(Options!$D$2=Options!$D$4,Options!D16,IF(Options!$D$2=Options!$E$4,Options!E16,IF(Options!$D$2=Options!$F$4,Options!F16,IF(Options!$D$2=Options!$G$4,Options!G16,IF(Options!$D$2=Options!$H$4,Options!H16,IF(Options!$D$2=Options!$I$4,Options!I16,IF(Options!$D$2=Options!$J$4,Options!J16,IF(Options!$D$2=Options!$K$4,Options!K16,IF(Options!$D$2=Options!$L$4,Options!L16,IF(Options!$D$2=Options!$M$4,Options!M16,0)))))))))) -> 0.93262512 | G22: ='Assumptions&Data'!D39-Schedule!G23 -> 2073959.8 | H22: ='Assumptions&Data'!D50 -> 0.35 | I22: ='Assumptions&Data'!C54 -> 2799845.7 | J22: 0.94 | K22: =I22*J22 -> 2631855
B23: Club House | F23: =IF(Options!$D$2=Options!$D$4,Options!D17,IF(Options!$D$2=Options!$E$4,Options!E17,IF(Options!$D$2=Options!$F$4,Options!F17,IF(Options!$D$2=Options!$G$4,Options!G17,IF(Options!$D$2=Options!$H$4,Options!H17,IF(Options!$D$2=Options!$I$4,Options!I17,IF(Options!$D$2=Options!$J$4,Options!J17,IF(Options!$D$2=Options!$K$4,Options!K17,IF(Options!$D$2=Options!$L$4,Options!L17,IF(Options!$D$2=Options!$M$4,Options!M17,0)))))))))) -> 0.025574884 | G23: =F23*'Assumptions&Data'!$D$46 -> 70001.649 | J23: 1.1 | K23: =G23*J23 -> 77001.814
B24: Retail/Commercial | F24: =IF(Options!$D$2=Options!$D$4,Options!D18,IF(Options!$D$2=Options!$E$4,Options!E18,IF(Options!$D$2=Options!$F$4,Options!F18,IF(Options!$D$2=Options!$G$4,Options!G18,IF(Options!$D$2=Options!$H$4,Options!H18,IF(Options!$D$2=Options!$I$4,Options!I18,IF(Options!$D$2=Options!$J$4,Options!J18,IF(Options!$D$2=Options!$K$4,Options!K18,IF(Options!$D$2=Options!$L$4,Options!L18,IF(Options!$D$2=Options!$M$4,Options!M18,0)))))))))) -> 0.0418 | G24: ='Assumptions&Data'!D40 -> 593163.34 | H24: ='Assumptions&Data'!D51 -> 0.35 | I24: ='Assumptions&Data'!C56 -> 800770.51 | J24: 1 | K24: =I24*J24 -> 800770.51
B25: EWS | F25: 0 | G25: 0 | I25: =G25*(1+H25) -> 0 | J25: 0 | K25: =I25*J25 -> 0
G26: =SUM(G22:G24) -> 2737124.8 | I26: =SUM(I22:I25) -> 3600616.2 | K26: =SUM(K22:K25) -> 3509627.3
B28: Product Mix - Product
B30: Product Name | F30: % of saleable area | G30: Area (sq. ft.) | H30: Avg. Size Sq. Ft. | I30: Unit (#) | J30: Car Park / Unit | K30: Car Park Avg. Area (Sq. ft.) | L30: Car Park Area (Sq. ft.) | M30: Car Park (#) | N30: Construction Area (sqft.) | O30: Construction Jnc.
B31: 2 BHK | D31: =I31 -> 0 | F31: =IF(Options!$D$2=Options!$D$4,Options!D21,IF(Options!$D$2=Options!$E$4,Options!E21,IF(Options!$D$2=Options!$F$4,Options!F21,IF(Options!$D$2=Options!$G$4,Options!G21,IF(Options!$D$2=Options!$H$4,Options!H21,IF(Options!$D$2=Options!$I$4,Options!I21,IF(Options!$D$2=Options!$J$4,Options!J21,IF(Options!$D$2=Options!$K$4,Options!K21,IF(Options!$D$2=Options!$L$4,Options!L21,IF(Options!$D$2=Options!$M$4,Options!M21,0)))))))))) -> 0 | G31: =$I$22*F31 -> 0 | H31: =IF(Options!$D$2=Options!$D$4,Options!D29,IF(Options!$D$2=Options!$E$4,Options!E29,IF(Options!$D$2=Options!$F$4,Options!F29,IF(Options!$D$2=Options!$G$4,Options!G29,IF(Options!$D$2=Options!$H$4,Options!H29,IF(Options!$D$2=Options!$I$4,Options!I29,IF(Options!$D$2=Options!$J$4,Options!J29,IF(Options!$D$2=Options!$K$4,Options!K29,IF(Options!$D$2=Options!$L$4,Options!L29,IF(Options!$D$2=Options!$M$4,Options!M29,0)))))))))) -> 1200 | I31: =G31/H31 -> 0 | J31: =IF(Options!$D$2=Options!$D$4,Options!D37,IF(Options!$D$2=Options!$E$4,Options!E37,IF(Options!$D$2=Options!$F$4,Options!F37,IF(Options!$D$2=Options!$G$4,Options!G37,IF(Options!$D$2=Options!$H$4,Options!H37,IF(Options!$D$2=Options!$I$4,Options!I37,IF(Options!$D$2=Options!$J$4,Options!J37,IF(Options!$D$2=Options!$K$4,Options!K37,IF(Options!$D$2=Options!$L$4,Options!L37,IF(Options!$D$2=Options!$M$4,Options!M37,0)))))))))) -> 1 | K31: 425 | L31: =K31*M31 -> 0 | M31: =I31*J31 -> 0 | N31: =F31*$K$22 -> 0 | O31: =N31+L31 -> 0
B32: 3 BHK | D32: =I32 -> 442.0809 | F32: =IF(Options!$D$2=Options!$D$4,Options!D22,IF(Options!$D$2=Options!$E$4,Options!E22,IF(Options!$D$2=Options!$F$4,Options!F22,IF(Options!$D$2=Options!$G$4,Options!G22,IF(Options!$D$2=Options!$H$4,Options!H22,IF(Options!$D$2=Options!$I$4,Options!I22,IF(Options!$D$2=Options!$J$4,Options!J22,IF(Options!$D$2=Options!$K$4,Options!K22,IF(Options!$D$2=Options!$L$4,Options!L22,IF(Options!$D$2=Options!$M$4,Options!M22,0)))))))))) -> 0.3 | G32: =$I$22*F32 -> 839953.71 | H32: =IF(Options!$D$2=Options!$D$4,Options!D30,IF(Options!$D$2=Options!$E$4,Options!E30,IF(Options!$D$2=Options!$F$4,Options!F30,IF(Options!$D$2=Options!$G$4,Options!G30,IF(Options!$D$2=Options!$H$4,Options!H30,IF(Options!$D$2=Options!$I$4,Options!I30,IF(Options!$D$2=Options!$J$4,Options!J30,IF(Options!$D$2=Options!$K$4,Options!K30,IF(Options!$D$2=Options!$L$4,Options!L30,IF(Options!$D$2=Options!$M$4,Options!M30,0)))))))))) -> 1900 | I32: =G32/H32 -> 442.0809 | J32: =IF(Options!$D$2=Options!$D$4,Options!D38,IF(Options!$D$2=Options!$E$4,Options!E38,IF(Options!$D$2=Options!$F$4,Options!F38,IF(Options!$D$2=Options!$G$4,Options!G38,IF(Options!$D$2=Options!$H$4,Options!H38,IF(Options!$D$2=Options!$I$4,Options!I38,IF(Options!$D$2=Options!$J$4,Options!J38,IF(Options!$D$2=Options!$K$4,Options!K38,IF(Options!$D$2=Options!$L$4,Options!L38,IF(Options!$D$2=Options!$M$4,Options!M38,0)))))))))) -> 2 | K32: 425 | L32: =K32*M32 -> 375768.77 | M32: =I32*J32 -> 884.1618 | N32: =F32*$K$22 -> 789556.49 | O32: =N32+L32 -> 1165325.3
B33: 3 BHK + S | D33: =I33 -> 486.92969 | F33: =IF(Options!$D$2=Options!$D$4,Options!D23,IF(Options!$D$2=Options!$E$4,Options!E23,IF(Options!$D$2=Options!$F$4,Options!F23,IF(Options!$D$2=Options!$G$4,Options!G23,IF(Options!$D$2=Options!$H$4,Options!H23,IF(Options!$D$2=Options!$I$4,Options!I23,IF(Options!$D$2=Options!$J$4,Options!J23,IF(Options!$D$2=Options!$K$4,Options!K23,IF(Options!$D$2=Options!$L$4,Options!L23,IF(Options!$D$2=Options!$M$4,Options!M23,0)))))))))) -> 0.4 | G33: =$I$22*F33 -> 1119938.3 | H33: =IF(Options!$D$2=Options!$D$4,Options!D31,IF(Options!$D$2=Options!$E$4,Options!E31,IF(Options!$D$2=Options!$F$4,Options!F31,IF(Options!$D$2=Options!$G$4,Options!G31,IF(Options!$D$2=Options!$H$4,Options!H31,IF(Options!$D$2=Options!$I$4,Options!I31,IF(Options!$D$2=Options!$J$4,Options!J31,IF(Options!$D$2=Options!$K$4,Options!K31,IF(Options!$D$2=Options!$L$4,Options!L31,IF(Options!$D$2=Options!$M$4,Options!M31,0)))))))))) -> 2300 | I33: =G33/H33 -> 486.92969 | J33: =IF(Options!$D$2=Options!$D$4,Options!D39,IF(Options!$D$2=Options!$E$4,Options!E39,IF(Options!$D$2=Options!$F$4,Options!F39,IF(Options!$D$2=Options!$G$4,Options!G39,IF(Options!$D$2=Options!$H$4,Options!H39,IF(Options!$D$2=Options!$I$4,Options!I39,IF(Options!$D$2=Options!$J$4,Options!J39,IF(Options!$D$2=Options!$K$4,Options!K39,IF(Options!$D$2=Options!$L$4,Options!L39,IF(Options!$D$2=Options!$M$4,Options!M39,0)))))))))) -> 2 | K33: 425 | L33: =K33*M33 -> 413890.23 | M33: =I33*J33 -> 973.85938 | N33: =F33*$K$22 -> 1052742 | O33: =N33+L33 -> 1466632.2
B34: 4 BHK + S | D34: =I34 -> 289.63921 | F34: =IF(Options!$D$2=Options!$D$4,Options!D24,IF(Options!$D$2=Options!$E$4,Options!E24,IF(Options!$D$2=Options!$F$4,Options!F24,IF(Options!$D$2=Options!$G$4,Options!G24,IF(Options!$D$2=Options!$H$4,Options!H24,IF(Options!$D$2=Options!$I$4,Options!I24,IF(Options!$D$2=Options!$J$4,Options!J24,IF(Options!$D$2=Options!$K$4,Options!K24,IF(Options!$D$2=Options!$L$4,Options!L24,IF(Options!$D$2=Options!$M$4,Options!M24,0)))))))))) -> 0.3 | G34: =$I$22*F34 -> 839953.71 | H34: =IF(Options!$D$2=Options!$D$4,Options!D32,IF(Options!$D$2=Options!$E$4,Options!E32,IF(Options!$D$2=Options!$F$4,Options!F32,IF(Options!$D$2=Options!$G$4,Options!G32,IF(Options!$D$2=Options!$H$4,Options!H32,IF(Options!$D$2=Options!$I$4,Options!I32,IF(Options!$D$2=Options!$J$4,Options!J32,IF(Options!$D$2=Options!$K$4,Options!K32,IF(Options!$D$2=Options!$L$4,Options!L32,IF(Options!$D$2=Options!$M$4,Options!M32,0)))))))))) -> 2900 | I34: =G34/H34 -> 289.63921 | J34: =IF(Options!$D$2=Options!$D$4,Options!D40,IF(Options!$D$2=Options!$E$4,Options!E40,IF(Options!$D$2=Options!$F$4,Options!F40,IF(Options!$D$2=Options!$G$4,Options!G40,IF(Options!$D$2=Options!$H$4,Options!H40,IF(Options!$D$2=Options!$I$4,Options!I40,IF(Options!$D$2=Options!$J$4,Options!J40,IF(Options!$D$2=Options!$K$4,Options!K40,IF(Options!$D$2=Options!$L$4,Options!L40,IF(Options!$D$2=Options!$M$4,Options!M40,0)))))))))) -> 3 | K34: 425 | L34: =K34*M34 -> 369289.99 | M34: =I34*J34 -> 868.91763 | N34: =F34*$K$22 -> 789556.49 | O34: =N34+L34 -> 1158846.5
B35: Retail | D35: =I35 -> 205.91242 | F35: =IF(Options!$D$2=Options!$D$4,Options!D25,IF(Options!$D$2=Options!$E$4,Options!E25,IF(Options!$D$2=Options!$F$4,Options!F25,IF(Options!$D$2=Options!$G$4,Options!G25,IF(Options!$D$2=Options!$H$4,Options!H25,IF(Options!$D$2=Options!$I$4,Options!I25,IF(Options!$D$2=Options!$J$4,Options!J25,IF(Options!$D$2=Options!$K$4,Options!K25,IF(Options!$D$2=Options!$L$4,Options!L25,IF(Options!$D$2=Options!$M$4,Options!M25,0)))))))))) -> 0.09 | G35: =F35*$I$24 -> 72069.346 | H35: =IF(Options!$D$2=Options!$D$4,Options!D33,IF(Options!$D$2=Options!$E$4,Options!E33,IF(Options!$D$2=Options!$F$4,Options!F33,IF(Options!$D$2=Options!$G$4,Options!G33,IF(Options!$D$2=Options!$H$4,Options!H33,IF(Options!$D$2=Options!$I$4,Options!I33,IF(Options!$D$2=Options!$J$4,Options!J33,IF(Options!$D$2=Options!$K$4,Options!K33,IF(Options!$D$2=Options!$L$4,Options!L33,IF(Options!$D$2=Options!$M$4,Options!M33,0)))))))))) -> 350 | I35: =G35/H35 -> 205.91242 | J35: =IF(Options!$D$2=Options!$D$4,Options!D41,IF(Options!$D$2=Options!$E$4,Options!E41,IF(Options!$D$2=Options!$F$4,Options!F41,IF(Options!$D$2=Options!$G$4,Options!G41,IF(Options!$D$2=Options!$H$4,Options!H41,IF(Options!$D$2=Options!$I$4,Options!I41,IF(Options!$D$2=Options!$J$4,Options!J41,IF(Options!$D$2=Options!$K$4,Options!K41,IF(Options!$D$2=Options!$L$4,Options!L41,IF(Options!$D$2=Options!$M$4,Options!M41,0)))))))))) -> 1 | K35: 425 | L35: =K35*M35 -> 87512.777 | M35: =I35*J35 -> 205.91242 | N35: =G35 -> 72069.346 | O35: =N35+L35 -> 159582.12
B36: Commercial NILP | D36: =I36 -> 613.86104 | F36: =IF(Options!$D$2=Options!$D$4,Options!D26,IF(Options!$D$2=Options!$E$4,Options!E26,IF(Options!$D$2=Options!$F$4,Options!F26,IF(Options!$D$2=Options!$G$4,Options!G26,IF(Options!$D$2=Options!$H$4,Options!H26,IF(Options!$D$2=Options!$I$4,Options!I26,IF(Options!$D$2=Options!$J$4,Options!J26,IF(Options!$D$2=Options!$K$4,Options!K26,IF(Options!$D$2=Options!$L$4,Options!L26,IF(Options!$D$2=Options!$M$4,Options!M26,0)))))))))) -> 0.26830579 | G36: =F36*$I$24 -> 214851.37 | H36: =IF(Options!$D$2=Options!$D$4,Options!D34,IF(Options!$D$2=Options!$E$4,Options!E34,IF(Options!$D$2=Options!$F$4,Options!F34,IF(Options!$D$2=Options!$G$4,Options!G34,IF(Options!$D$2=Options!$H$4,Options!H34,IF(Options!$D$2=Options!$I$4,Options!I34,IF(Options!$D$2=Options!$J$4,Options!J34,IF(Options!$D$2=Options!$K$4,Options!K34,IF(Options!$D$2=Options!$L$4,Options!L34,IF(Options!$D$2=Options!$M$4,Options!M34,0)))))))))) -> 350 | I36: =G36/H36 -> 613.86104 | J36: =IF(Options!$D$2=Options!$D$4,Options!D42,IF(Options!$D$2=Options!$E$4,Options!E42,IF(Options!$D$2=Options!$F$4,Options!F42,IF(Options!$D$2=Options!$G$4,Options!G42,IF(Options!$D$2=Options!$H$4,Options!H42,IF(Options!$D$2=Options!$I$4,Options!I42,IF(Options!$D$2=Options!$J$4,Options!J42,IF(Options!$D$2=Options!$K$4,Options!K42,IF(Options!$D$2=Options!$L$4,Options!L42,IF(Options!$D$2=Options!$M$4,Options!M42,0)))))))))) -> 1 | K36: 425 | L36: =K36*M36 -> 260890.94 | M36: =I36*J36 -> 613.86104 | N36: =G36 -> 214851.37 | O36: =N36+L36 -> 475742.31
B37: Commercial TOD | D37: =I37 -> 1468.1784 | F37: =IF(Options!$D$2=Options!$D$4,Options!D27,IF(Options!$D$2=Options!$E$4,Options!E27,IF(Options!$D$2=Options!$F$4,Options!F27,IF(Options!$D$2=Options!$G$4,Options!G27,IF(Options!$D$2=Options!$H$4,Options!H27,IF(Options!$D$2=Options!$I$4,Options!I27,IF(Options!$D$2=Options!$J$4,Options!J27,IF(Options!$D$2=Options!$K$4,Options!K27,IF(Options!$D$2=Options!$L$4,Options!L27,IF(Options!$D$2=Options!$M$4,Options!M27,0)))))))))) -> 0.64171001 | G37: =F37*$I$24 -> 513862.45 | H37: =IF(Options!$D$2=Options!$D$4,Options!D35,IF(Options!$D$2=Options!$E$4,Options!E35,IF(Options!$D$2=Options!$F$4,Options!F35,IF(Options!$D$2=Options!$G$4,Options!G35,IF(Options!$D$2=Options!$H$4,Options!H35,IF(Options!$D$2=Options!$I$4,Options!I35,IF(Options!$D$2=Options!$J$4,Options!J35,IF(Options!$D$2=Options!$K$4,Options!K35,IF(Options!$D$2=Options!$L$4,Options!L35,IF(Options!$D$2=Options!$M$4,Options!M35,0)))))))))) -> 350 | I37: =G37/H37 -> 1468.1784 | J37: =IF(Options!$D$2=Options!$D$4,Options!D43,IF(Options!$D$2=Options!$E$4,Options!E43,IF(Options!$D$2=Options!$F$4,Options!F43,IF(Options!$D$2=Options!$G$4,Options!G43,IF(Options!$D$2=Options!$H$4,Options!H43,IF(Options!$D$2=Options!$I$4,Options!I43,IF(Options!$D$2=Options!$J$4,Options!J43,IF(Options!$D$2=Options!$K$4,Options!K43,IF(Options!$D$2=Options!$L$4,Options!L43,IF(Options!$D$2=Options!$M$4,Options!M43,0)))))))))) -> 1 | K37: 425 | L37: =K37*M37 -> 623975.83 | M37: =I37 -> 1468.1784 | N37: =G37 -> 513862.45 | O37: =N37+L37 -> 1137838.3
D38: =SUM(D31:D37) -> 3506.6017 | G38: =SUM(G31:G37) -> 3600628.9 | L38: =SUM(L31:L37) -> 2131328.5 | M38: =SUM(M31:M37) -> 5014.8907 | O38: =SUM(O31:O37) -> 5563966.7
B39: Note - product mix excl. club house, taken in lot-wise construction
B41: Phase Wise Unit Count - Residential
B43: Particulars | C43: Total | F43: =F1 -> 45748 | G43: =EOMONTH(F43, 1) -> 45808 | H43: =EOMONTH(G43, 1) -> 45838 | I43: =EOMONTH(H43, 1) -> 45869 | J43: =EOMONTH(I43, 1) -> 45900 | K43: =EOMONTH(J43, 1) -> 45930 | L43: =EOMONTH(K43, 1) -> 45961 | M43: =EOMONTH(L43, 1) -> 45991 | N43: =EOMONTH(M43, 1) -> 46022 | ... FO43: =EOMONTH(FN43, 1) -> 50801
B44: Phase 1 | C44: =SUM(F44:FO44) -> 304.66245 | F44: =('Assumptions&Data'!$F$124*'Assumptions&Data'!N87)+('Assumptions&Data'!$G$124*'Assumptions&Data'!N87)+('Assumptions&Data'!$H$124*'Assumptions&Data'!N87)+('Assumptions&Data'!$I$124*'Assumptions&Data'!N87) -> 22.849684 | G44: =('Assumptions&Data'!$F$124*'Assumptions&Data'!O87)+('Assumptions&Data'!$G$124*'Assumptions&Data'!O87)+('Assumptions&Data'!$H$124*'Assumptions&Data'!O87)+('Assumptions&Data'!$I$124*'Assumptions&Data'!O87) -> 22.849684 | H44: =('Assumptions&Data'!$F$124*'Assumptions&Data'!P87)+('Assumptions&Data'!$G$124*'Assumptions&Data'!P87)+('Assumptions&Data'!$H$124*'Assumptions&Data'!P87)+('Assumptions&Data'!$I$124*'Assumptions&Data'!P87) -> 22.849684 | I44: =('Assumptions&Data'!$F$124*'Assumptions&Data'!Q87)+('Assumptions&Data'!$G$124*'Assumptions&Data'!Q87)+('Assumptions&Data'!$H$124*'Assumptions&Data'!Q87)+('Assumptions&Data'!$I$124*'Assumptions&Data'!Q87) -> 15.233122 | J44: =('Assumptions&Data'!$F$124*'Assumptions&Data'!R87)+('Assumptions&Data'!$G$124*'Assumptions&Data'!R87)+('Assumptions&Data'!$H$124*'Assumptions&Data'!R87)+('Assumptions&Data'!$I$124*'Assumptions&Data'!R87) -> 15.233122 | K44: =('Assumptions&Data'!$F$124*'Assumptions&Data'!S87)+('Assumptions&Data'!$G$124*'Assumptions&Data'!S87)+('Assumptions&Data'!$H$124*'Assumptions&Data'!S87)+('Assumptions&Data'!$I$124*'Assumptions&Data'!S87) -> 15.233122 | L44: =('Assumptions&Data'!$F$124*'Assumptions&Data'!T87)+('Assumptions&Data'!$G$124*'Assumptions&Data'!T87)+('Assumptions&Data'!$H$124*'Assumptions&Data'!T87)+('Assumptions&Data'!$I$124*'Assumptions&Data'!T87) -> 15.233122 | M44: =('Assumptions&Data'!$F$124*'Assumptions&Data'!U87)+('Assumptions&Data'!$G$124*'Assumptions&Data'!U87)+('Assumptions&Data'!$H$124*'Assumptions&Data'!U87)+('Assumptions&Data'!$I$124*'Assumptions&Data'!U87) -> 9.1398735 | ... FO44: =('Assumptions&Data'!$F$124*'Assumptions&Data'!FW87)+('Assumptions&Data'!$G$124*'Assumptions&Data'!FW87)+('Assumptions&Data'!$H$124*'Assumptions&Data'!FW87)+('Assumptions&Data'!$I$124*'Assumptions&Data'!FW87) -> 0
B45: Phase 2 | C45: =SUM(F45:FO45) -> 365.59494 | F45: =('Assumptions&Data'!$F$125*'Assumptions&Data'!L88)+('Assumptions&Data'!$G$125*'Assumptions&Data'!L88)+('Assumptions&Data'!$H$125*'Assumptions&Data'!L88)+('Assumptions&Data'!$I$125*'Assumptions&Data'!L88) -> 0 | G45: =('Assumptions&Data'!$F$125*'Assumptions&Data'!M88)+('Assumptions&Data'!$G$125*'Assumptions&Data'!M88)+('Assumptions&Data'!$H$125*'Assumptions&Data'!M88)+('Assumptions&Data'!$I$125*'Assumptions&Data'!M88) -> 0 | H45: =('Assumptions&Data'!$F$125*'Assumptions&Data'!N88)+('Assumptions&Data'!$G$125*'Assumptions&Data'!N88)+('Assumptions&Data'!$H$125*'Assumptions&Data'!N88)+('Assumptions&Data'!$I$125*'Assumptions&Data'!N88) -> 0 | I45: =('Assumptions&Data'!$F$125*'Assumptions&Data'!O88)+('Assumptions&Data'!$G$125*'Assumptions&Data'!O88)+('Assumptions&Data'!$H$125*'Assumptions&Data'!O88)+('Assumptions&Data'!$I$125*'Assumptions&Data'!O88) -> 0 | J45: =('Assumptions&Data'!$F$125*'Assumptions&Data'!P88)+('Assumptions&Data'!$G$125*'Assumptions&Data'!P88)+('Assumptions&Data'!$H$125*'Assumptions&Data'!P88)+('Assumptions&Data'!$I$125*'Assumptions&Data'!P88) -> 0 | K45: =('Assumptions&Data'!$F$125*'Assumptions&Data'!Q88)+('Assumptions&Data'!$G$125*'Assumptions&Data'!Q88)+('Assumptions&Data'!$H$125*'Assumptions&Data'!Q88)+('Assumptions&Data'!$I$125*'Assumptions&Data'!Q88) -> 0 | L45: =('Assumptions&Data'!$F$125*'Assumptions&Data'!R88)+('Assumptions&Data'!$G$125*'Assumptions&Data'!R88)+('Assumptions&Data'!$H$125*'Assumptions&Data'!R88)+('Assumptions&Data'!$I$125*'Assumptions&Data'!R88) -> 0 | M45: =('Assumptions&Data'!$F$125*'Assumptions&Data'!S88)+('Assumptions&Data'!$G$125*'Assumptions&Data'!S88)+('Assumptions&Data'!$H$125*'Assumptions&Data'!S88)+('Assumptions&Data'!$I$125*'Assumptions&Data'!S88) -> 0 | ... FO45: =('Assumptions&Data'!$F$125*'Assumptions&Data'!FU88)+('Assumptions&Data'!$G$125*'Assumptions&Data'!FU88)+('Assumptions&Data'!$H$125*'Assumptions&Data'!FU88)+('Assumptions&Data'!$I$125*'Assumptions&Data'!FU88) -> 0
B46: Phase 3 | C46: =SUM(F46:FO46) -> 548.39241 | F46: =('Assumptions&Data'!$F$126*'Assumptions&Data'!L89)+('Assumptions&Data'!$G$126*'Assumptions&Data'!L89)+('Assumptions&Data'!$H$126*'Assumptions&Data'!L89)+('Assumptions&Data'!$I$126*'Assumptions&Data'!L89) -> 0 | G46: =('Assumptions&Data'!$F$126*'Assumptions&Data'!M89)+('Assumptions&Data'!$G$126*'Assumptions&Data'!M89)+('Assumptions&Data'!$H$126*'Assumptions&Data'!M89)+('Assumptions&Data'!$I$126*'Assumptions&Data'!M89) -> 0 | H46: =('Assumptions&Data'!$F$126*'Assumptions&Data'!N89)+('Assumptions&Data'!$G$126*'Assumptions&Data'!N89)+('Assumptions&Data'!$H$126*'Assumptions&Data'!N89)+('Assumptions&Data'!$I$126*'Assumptions&Data'!N89) -> 0 | I46: =('Assumptions&Data'!$F$126*'Assumptions&Data'!O89)+('Assumptions&Data'!$G$126*'Assumptions&Data'!O89)+('Assumptions&Data'!$H$126*'Assumptions&Data'!O89)+('Assumptions&Data'!$I$126*'Assumptions&Data'!O89) -> 0 | J46: =('Assumptions&Data'!$F$126*'Assumptions&Data'!P89)+('Assumptions&Data'!$G$126*'Assumptions&Data'!P89)+('Assumptions&Data'!$H$126*'Assumptions&Data'!P89)+('Assumptions&Data'!$I$126*'Assumptions&Data'!P89) -> 0 | K46: =('Assumptions&Data'!$F$126*'Assumptions&Data'!Q89)+('Assumptions&Data'!$G$126*'Assumptions&Data'!Q89)+('Assumptions&Data'!$H$126*'Assumptions&Data'!Q89)+('Assumptions&Data'!$I$126*'Assumptions&Data'!Q89) -> 0 | L46: =('Assumptions&Data'!$F$126*'Assumptions&Data'!R89)+('Assumptions&Data'!$G$126*'Assumptions&Data'!R89)+('Assumptions&Data'!$H$126*'Assumptions&Data'!R89)+('Assumptions&Data'!$I$126*'Assumptions&Data'!R89) -> 0 | M46: =('Assumptions&Data'!$F$126*'Assumptions&Data'!S89)+('Assumptions&Data'!$G$126*'Assumptions&Data'!S89)+('Assumptions&Data'!$H$126*'Assumptions&Data'!S89)+('Assumptions&Data'!$I$126*'Assumptions&Data'!S89) -> 0 | ... FO46: =('Assumptions&Data'!$F$126*'Assumptions&Data'!FU89)+('Assumptions&Data'!$G$126*'Assumptions&Data'!FU89)+('Assumptions&Data'!$H$126*'Assumptions&Data'!FU89)+('Assumptions&Data'!$I$126*'Assumptions&Data'!FU89) -> 0
C47: =SUM(F47:FO47) -> 1218.6498 | F47: =SUM(F44:F46) -> 22.849684 | G47: =SUM(G44:G46) -> 22.849684 | H47: =SUM(H44:H46) -> 22.849684 | I47: =SUM(I44:I46) -> 15.233122 | J47: =SUM(J44:J46) -> 15.233122 | K47: =SUM(K44:K46) -> 15.233122 | L47: =SUM(L44:L46) -> 15.233122 | M47: =SUM(M44:M46) -> 9.1398735 | ... FO47: =SUM(FO44:FO46) -> 0
B49: Phase Wise Unit Count - Commercial
B51: Particulars | C51: Total | F51: =F1 -> 45748 | G51: =EOMONTH(F51, 1) -> 45808 | H51: =EOMONTH(G51, 1) -> 45838 | I51: =EOMONTH(H51, 1) -> 45869 | J51: =EOMONTH(I51, 1) -> 45900 | K51: =EOMONTH(J51, 1) -> 45930 | L51: =EOMONTH(K51, 1) -> 45961 | M51: =EOMONTH(L51, 1) -> 45991 | N51: =EOMONTH(M51, 1) -> 46022 | ... FO51: =EOMONTH(FN51, 1) -> 50801
B52: Phase 1 | C52: =SUM(F52:FO52) -> 571.98797 | F52: =('Assumptions&Data'!$J$124*'Assumptions&Data'!N87)+('Assumptions&Data'!$K$124*'Assumptions&Data'!N87)+('Assumptions&Data'!$L$124*'Assumptions&Data'!N87) -> 42.899098 | G52: =('Assumptions&Data'!$J$124*'Assumptions&Data'!O87)+('Assumptions&Data'!$K$124*'Assumptions&Data'!O87)+('Assumptions&Data'!$L$124*'Assumptions&Data'!O87) -> 42.899098 | H52: =('Assumptions&Data'!$J$124*'Assumptions&Data'!P87)+('Assumptions&Data'!$K$124*'Assumptions&Data'!P87)+('Assumptions&Data'!$L$124*'Assumptions&Data'!P87) -> 42.899098 | I52: =('Assumptions&Data'!$J$124*'Assumptions&Data'!Q87)+('Assumptions&Data'!$K$124*'Assumptions&Data'!Q87)+('Assumptions&Data'!$L$124*'Assumptions&Data'!Q87) -> 28.599399 | J52: =('Assumptions&Data'!$J$124*'Assumptions&Data'!R87)+('Assumptions&Data'!$K$124*'Assumptions&Data'!R87)+('Assumptions&Data'!$L$124*'Assumptions&Data'!R87) -> 28.599399 | K52: =('Assumptions&Data'!$J$124*'Assumptions&Data'!S87)+('Assumptions&Data'!$K$124*'Assumptions&Data'!S87)+('Assumptions&Data'!$L$124*'Assumptions&Data'!S87) -> 28.599399 | L52: =('Assumptions&Data'!$J$124*'Assumptions&Data'!T87)+('Assumptions&Data'!$K$124*'Assumptions&Data'!T87)+('Assumptions&Data'!$L$124*'Assumptions&Data'!T87) -> 28.599399 | M52: =('Assumptions&Data'!$J$124*'Assumptions&Data'!U87)+('Assumptions&Data'!$K$124*'Assumptions&Data'!U87)+('Assumptions&Data'!$L$124*'Assumptions&Data'!U87) -> 17.159639 | ... FO52: =('Assumptions&Data'!$J$124*'Assumptions&Data'!FW87)+('Assumptions&Data'!$K$124*'Assumptions&Data'!FW87)+('Assumptions&Data'!$L$124*'Assumptions&Data'!FW87) -> 0
B53: Phase 2 | C53: =SUM(F53:FO53) -> 686.38556 | F53: =('Assumptions&Data'!$J$125*'Assumptions&Data'!L88)+('Assumptions&Data'!$K$125*'Assumptions&Data'!L88)+('Assumptions&Data'!$L$125*'Assumptions&Data'!L88) -> 0 | G53: =('Assumptions&Data'!$J$125*'Assumptions&Data'!M88)+('Assumptions&Data'!$K$125*'Assumptions&Data'!M88)+('Assumptions&Data'!$L$125*'Assumptions&Data'!M88) -> 0 | H53: =('Assumptions&Data'!$J$125*'Assumptions&Data'!N88)+('Assumptions&Data'!$K$125*'Assumptions&Data'!N88)+('Assumptions&Data'!$L$125*'Assumptions&Data'!N88) -> 0 | I53: =('Assumptions&Data'!$J$125*'Assumptions&Data'!O88)+('Assumptions&Data'!$K$125*'Assumptions&Data'!O88)+('Assumptions&Data'!$L$125*'Assumptions&Data'!O88) -> 0 | J53: =('Assumptions&Data'!$J$125*'Assumptions&Data'!P88)+('Assumptions&Data'!$K$125*'Assumptions&Data'!P88)+('Assumptions&Data'!$L$125*'Assumptions&Data'!P88) -> 0 | K53: =('Assumptions&Data'!$J$125*'Assumptions&Data'!Q88)+('Assumptions&Data'!$K$125*'Assumptions&Data'!Q88)+('Assumptions&Data'!$L$125*'Assumptions&Data'!Q88) -> 0 | L53: =('Assumptions&Data'!$J$125*'Assumptions&Data'!R88)+('Assumptions&Data'!$K$125*'Assumptions&Data'!R88)+('Assumptions&Data'!$L$125*'Assumptions&Data'!R88) -> 0 | M53: =('Assumptions&Data'!$J$125*'Assumptions&Data'!S88)+('Assumptions&Data'!$K$125*'Assumptions&Data'!S88)+('Assumptions&Data'!$L$125*'Assumptions&Data'!S88) -> 0 | ... FO53: =('Assumptions&Data'!$J$125*'Assumptions&Data'!FU88)+('Assumptions&Data'!$K$125*'Assumptions&Data'!FU88)+('Assumptions&Data'!$L$125*'Assumptions&Data'!FU88) -> 0
B54: Phase 3 | C54: =SUM(F54:FO54) -> 1029.5783 | F54: =('Assumptions&Data'!$J$126*'Assumptions&Data'!L89)+('Assumptions&Data'!$K$126*'Assumptions&Data'!L89)+('Assumptions&Data'!$L$126*'Assumptions&Data'!L89) -> 0 | G54: =('Assumptions&Data'!$J$126*'Assumptions&Data'!M89)+('Assumptions&Data'!$K$126*'Assumptions&Data'!M89)+('Assumptions&Data'!$L$126*'Assumptions&Data'!M89) -> 0 | H54: =('Assumptions&Data'!$J$126*'Assumptions&Data'!N89)+('Assumptions&Data'!$K$126*'Assumptions&Data'!N89)+('Assumptions&Data'!$L$126*'Assumptions&Data'!N89) -> 0 | I54: =('Assumptions&Data'!$J$126*'Assumptions&Data'!O89)+('Assumptions&Data'!$K$126*'Assumptions&Data'!O89)+('Assumptions&Data'!$L$126*'Assumptions&Data'!O89) -> 0 | J54: =('Assumptions&Data'!$J$126*'Assumptions&Data'!P89)+('Assumptions&Data'!$K$126*'Assumptions&Data'!P89)+('Assumptions&Data'!$L$126*'Assumptions&Data'!P89) -> 0 | K54: =('Assumptions&Data'!$J$126*'Assumptions&Data'!Q89)+('Assumptions&Data'!$K$126*'Assumptions&Data'!Q89)+('Assumptions&Data'!$L$126*'Assumptions&Data'!Q89) -> 0 | L54: =('Assumptions&Data'!$J$126*'Assumptions&Data'!R89)+('Assumptions&Data'!$K$126*'Assumptions&Data'!R89)+('Assumptions&Data'!$L$126*'Assumptions&Data'!R89) -> 0 | M54: =('Assumptions&Data'!$J$126*'Assumptions&Data'!S89)+('Assumptions&Data'!$K$126*'Assumptions&Data'!S89)+('Assumptions&Data'!$L$126*'Assumptions&Data'!S89) -> 0 | ... FO54: =('Assumptions&Data'!$J$126*'Assumptions&Data'!FU89)+('Assumptions&Data'!$K$126*'Assumptions&Data'!FU89)+('Assumptions&Data'!$L$126*'Assumptions&Data'!FU89) -> 0
C55: =SUM(F55:FO55) -> 2287.9519 | F55: =SUM(F52:F54) -> 42.899098 | G55: =SUM(G52:G54) -> 42.899098 | H55: =SUM(H52:H54) -> 42.899098 | I55: =SUM(I52:I54) -> 28.599399 | J55: =SUM(J52:J54) -> 28.599399 | K55: =SUM(K52:K54) -> 28.599399 | L55: =SUM(L52:L54) -> 28.599399 | M55: =SUM(M52:M54) -> 17.159639 | ... FO55: =SUM(FO52:FO54) -> 0
B57: Area Booking | F57: =F1 -> 45748 | G57: =G1 -> 45808 | H57: =H1 -> 45838 | I57: =I1 -> 45869 | J57: =J1 -> 45900 | K57: =K1 -> 45930 | L57: =L1 -> 45961 | M57: =M1 -> 45991 | ... FO57: =FO1 -> 50801
B59: Particulars | D59: Total
B60: Phase 1 | D60: =SUM(F60:FO60) -> 1 | F60: =IFERROR(_xlfn.XLOOKUP(F57, 'Assumptions&Data'!$F$86:$ES$86, 'Assumptions&Data'!$F$87:$ES$87), 0) -> 0 | G60: =IFERROR(_xlfn.XLOOKUP(G57, 'Assumptions&Data'!$F$86:$ES$86, 'Assumptions&Data'!$F$87:$ES$87), 0) -> 0 | H60: =IFERROR(_xlfn.XLOOKUP(H57, 'Assumptions&Data'!$F$86:$ES$86, 'Assumptions&Data'!$F$87:$ES$87), 0) -> 0 | I60: =IFERROR(_xlfn.XLOOKUP(I57, 'Assumptions&Data'!$F$86:$ES$86, 'Assumptions&Data'!$F$87:$ES$87), 0) -> 0 | J60: =IFERROR(_xlfn.XLOOKUP(J57, 'Assumptions&Data'!$F$86:$ES$86, 'Assumptions&Data'!$F$87:$ES$87), 0) -> 0 | K60: =IFERROR(_xlfn.XLOOKUP(K57, 'Assumptions&Data'!$F$86:$ES$86, 'Assumptions&Data'!$F$87:$ES$87), 0) -> 0 | L60: =IFERROR(_xlfn.XLOOKUP(L57, 'Assumptions&Data'!$F$86:$ES$86, 'Assumptions&Data'!$F$87:$ES$87), 0) -> 0 | M60: =IFERROR(_xlfn.XLOOKUP(M57, 'Assumptions&Data'!$F$86:$ES$86, 'Assumptions&Data'!$F$87:$ES$87), 0) -> 0 | ... FO60: =IFERROR(_xlfn.XLOOKUP(FO57, 'Assumptions&Data'!$F$86:$ES$86, 'Assumptions&Data'!$F$87:$ES$87), 0) -> 0
B61: Phase 2 | D61: =SUM(F61:FO61) -> 1 | F61: =IFERROR(_xlfn.XLOOKUP(F57, 'Assumptions&Data'!$F$86:$ES$86, 'Assumptions&Data'!$F$88:$ES$88), 0) -> 0 | G61: =IFERROR(_xlfn.XLOOKUP(G57, 'Assumptions&Data'!$F$86:$ES$86, 'Assumptions&Data'!$F$88:$ES$88), 0) -> 0 | H61: =IFERROR(_xlfn.XLOOKUP(H57, 'Assumptions&Data'!$F$86:$ES$86, 'Assumptions&Data'!$F$88:$ES$88), 0) -> 0 | I61: =IFERROR(_xlfn.XLOOKUP(I57, 'Assumptions&Data'!$F$86:$ES$86, 'Assumptions&Data'!$F$88:$ES$88), 0) -> 0 | J61: =IFERROR(_xlfn.XLOOKUP(J57, 'Assumptions&Data'!$F$86:$ES$86, 'Assumptions&Data'!$F$88:$ES$88), 0) -> 0 | K61: =IFERROR(_xlfn.XLOOKUP(K57, 'Assumptions&Data'!$F$86:$ES$86, 'Assumptions&Data'!$F$88:$ES$88), 0) -> 0 | L61: =IFERROR(_xlfn.XLOOKUP(L57, 'Assumptions&Data'!$F$86:$ES$86, 'Assumptions&Data'!$F$88:$ES$88), 0) -> 0 | M61: =IFERROR(_xlfn.XLOOKUP(M57, 'Assumptions&Data'!$F$86:$ES$86, 'Assumptions&Data'!$F$88:$ES$88), 0) -> 0 | ... FO61: =IFERROR(_xlfn.XLOOKUP(FO57, 'Assumptions&Data'!$F$86:$ES$86, 'Assumptions&Data'!$F$88:$ES$88), 0) -> 0
B62: Phase 3 | D62: =SUM(F62:FO62) -> 1 | F62: =IFERROR(_xlfn.XLOOKUP(F57, 'Assumptions&Data'!$F$86:$ES$86, 'Assumptions&Data'!$F$89:$ES$89), 0) -> 0 | G62: =IFERROR(_xlfn.XLOOKUP(G57, 'Assumptions&Data'!$F$86:$ES$86, 'Assumptions&Data'!$F$89:$ES$89), 0) -> 0 | H62: =IFERROR(_xlfn.XLOOKUP(H57, 'Assumptions&Data'!$F$86:$ES$86, 'Assumptions&Data'!$F$89:$ES$89), 0) -> 0 | I62: =IFERROR(_xlfn.XLOOKUP(I57, 'Assumptions&Data'!$F$86:$ES$86, 'Assumptions&Data'!$F$89:$ES$89), 0) -> 0 | J62: =IFERROR(_xlfn.XLOOKUP(J57, 'Assumptions&Data'!$F$86:$ES$86, 'Assumptions&Data'!$F$89:$ES$89), 0) -> 0 | K62: =IFERROR(_xlfn.XLOOKUP(K57, 'Assumptions&Data'!$F$86:$ES$86, 'Assumptions&Data'!$F$89:$ES$89), 0) -> 0 | L62: =IFERROR(_xlfn.XLOOKUP(L57, 'Assumptions&Data'!$F$86:$ES$86, 'Assumptions&Data'!$F$89:$ES$89), 0) -> 0 | M62: =IFERROR(_xlfn.XLOOKUP(M57, 'Assumptions&Data'!$F$86:$ES$86, 'Assumptions&Data'!$F$89:$ES$89), 0) -> 0 | ... FO62: =IFERROR(_xlfn.XLOOKUP(FO57, 'Assumptions&Data'!$F$86:$ES$86, 'Assumptions&Data'!$F$89:$ES$89), 0) -> 0
F63: =SUM(F60:F62) -> 0 | G63: =SUM(G60:G62) -> 0 | H63: =SUM(H60:H62) -> 0 | I63: =SUM(I60:I62) -> 0 | J63: =SUM(J60:J62) -> 0 | K63: =SUM(K60:K62) -> 0 | L63: =SUM(L60:L62) -> 0 | M63: =SUM(M60:M62) -> 0 | ... FO63: =SUM(FO60:FO62) -> 0
B65: Lot wise product area booked | F65: =F1 -> 45748 | G65: =G1 -> 45808 | H65: =H1 -> 45838 | I65: =I1 -> 45869 | J65: =J1 -> 45900 | K65: =K1 -> 45930 | L65: =L1 -> 45961 | M65: =M1 -> 45991 | ... FO65: =FO1 -> 50801
B67: =B31 -> 2 BHK | C67: sqft. | D67: =SUM(FE67:FO67) -> 0 | F67: =SUM(F68:F70) -> 0 | G67: =SUM(G68:G70) -> 0 | H67: =SUM(H68:H70) -> 0 | I67: =SUM(I68:I70) -> 0 | J67: =SUM(J68:J70) -> 0 | K67: =SUM(K68:K70) -> 0 | L67: =SUM(L68:L70) -> 0 | M67: =SUM(M68:M70) -> 0 | ... FO67: =SUM(FO68:FO70) -> 0
B68: Lot 1 | C68: sqft. | D68: =SUM(F68:FO68) -> 0 | F68: =F60*'Assumptions&Data'!$F$106 -> 0 | G68: =G60*'Assumptions&Data'!$F$106 -> 0 | H68: =H60*'Assumptions&Data'!$F$106 -> 0 | I68: =I60*'Assumptions&Data'!$F$106 -> 0 | J68: =J60*'Assumptions&Data'!$F$106 -> 0 | K68: =K60*'Assumptions&Data'!$F$106 -> 0 | L68: =L60*'Assumptions&Data'!$F$106 -> 0 | M68: =M60*'Assumptions&Data'!$F$106 -> 0 | ... FO68: =FO60*'Assumptions&Data'!$F$106 -> 0
B69: Lot 2 | C69: sqft. | D69: =SUM(F69:FO69) -> 0 | F69: =F61*'Assumptions&Data'!$F$106 -> 0 | G69: =G61*'Assumptions&Data'!$F$106 -> 0 | H69: =H61*'Assumptions&Data'!$F$106 -> 0 | I69: =I61*'Assumptions&Data'!$F$106 -> 0 | J69: =J61*'Assumptions&Data'!$F$106 -> 0 | K69: =K61*'Assumptions&Data'!$F$106 -> 0 | L69: =L61*'Assumptions&Data'!$F$106 -> 0 | M69: =M61*'Assumptions&Data'!$F$106 -> 0 | ... FO69: =FO61*'Assumptions&Data'!$F$106 -> 0
B70: Lot 3 | C70: sqft. | D70: =SUM(F70:FO70) -> 0 | F70: =F62*'Assumptions&Data'!$F$106 -> 0 | G70: =G62*'Assumptions&Data'!$F$106 -> 0 | H70: =H62*'Assumptions&Data'!$F$106 -> 0 | I70: =I62*'Assumptions&Data'!$F$106 -> 0 | J70: =J62*'Assumptions&Data'!$F$106 -> 0 | K70: =K62*'Assumptions&Data'!$F$106 -> 0 | L70: =L62*'Assumptions&Data'!$F$106 -> 0 | M70: =M62*'Assumptions&Data'!$F$106 -> 0 | ... FO70: =FO62*'Assumptions&Data'!$F$106 -> 0
B72: =B32 -> 3 BHK | C72: sqft. | D72: =SUM(F72:FO72) -> 839953.71 | F72: =SUM(F73:F75) -> 0 | G72: =SUM(G73:G75) -> 0 | H72: =SUM(H73:H75) -> 0 | I72: =SUM(I73:I75) -> 0 | J72: =SUM(J73:J75) -> 0 | K72: =SUM(K73:K75) -> 0 | L72: =SUM(L73:L75) -> 0 | M72: =SUM(M73:M75) -> 0 | ... FO72: =SUM(FO73:FO75) -> 0
B73: Lot 1 | C73: sqft. | D73: =SUM(F73:FO73) -> 209988.43 | F73: =F60*'Assumptions&Data'!$G$106 -> 0 | G73: =G60*'Assumptions&Data'!$G$106 -> 0 | H73: =H60*'Assumptions&Data'!$G$106 -> 0 | I73: =I60*'Assumptions&Data'!$G$106 -> 0 | J73: =J60*'Assumptions&Data'!$G$106 -> 0 | K73: =K60*'Assumptions&Data'!$G$106 -> 0 | L73: =L60*'Assumptions&Data'!$G$106 -> 0 | M73: =M60*'Assumptions&Data'!$G$106 -> 0 | ... FO73: =FO60*'Assumptions&Data'!$G$106 -> 0
B74: Lot 2 | C74: sqft. | D74: =SUM(F74:FO74) -> 251986.11 | F74: =F61*'Assumptions&Data'!$G$107 -> 0 | G74: =G61*'Assumptions&Data'!$G$107 -> 0 | H74: =H61*'Assumptions&Data'!$G$107 -> 0 | I74: =I61*'Assumptions&Data'!$G$107 -> 0 | J74: =J61*'Assumptions&Data'!$G$107 -> 0 | K74: =K61*'Assumptions&Data'!$G$107 -> 0 | L74: =L61*'Assumptions&Data'!$G$107 -> 0 | M74: =M61*'Assumptions&Data'!$G$107 -> 0 | ... FO74: =FO61*'Assumptions&Data'!$G$107 -> 0
B75: Lot 3 | C75: sqft. | D75: =SUM(F75:FO75) -> 377979.17 | F75: =F62*'Assumptions&Data'!$G$108 -> 0 | G75: =G62*'Assumptions&Data'!$G$108 -> 0 | H75: =H62*'Assumptions&Data'!$G$108 -> 0 | I75: =I62*'Assumptions&Data'!$G$108 -> 0 | J75: =J62*'Assumptions&Data'!$G$108 -> 0 | K75: =K62*'Assumptions&Data'!$G$108 -> 0 | L75: =L62*'Assumptions&Data'!$G$108 -> 0 | M75: =M62*'Assumptions&Data'!$G$108 -> 0 | ... FO75: =FO62*'Assumptions&Data'!$G$108 -> 0
B77: =B33 -> 3 BHK + S | C77: sqft. | D77: =SUM(F77:FO77) -> 1119938.3 | F77: =SUM(F78:F80) -> 0 | G77: =SUM(G78:G80) -> 0 | H77: =SUM(H78:H80) -> 0 | I77: =SUM(I78:I80) -> 0 | J77: =SUM(J78:J80) -> 0 | K77: =SUM(K78:K80) -> 0 | L77: =SUM(L78:L80) -> 0 | M77: =SUM(M78:M80) -> 0 | ... FO77: =SUM(FO78:FO80) -> 0
B78: Lot 1 | C78: sqft. | D78: =SUM(F78:FO78) -> 279984.57 | F78: =F60*'Assumptions&Data'!$H$106 -> 0 | G78: =G60*'Assumptions&Data'!$H$106 -> 0 | H78: =H60*'Assumptions&Data'!$H$106 -> 0 | I78: =I60*'Assumptions&Data'!$H$106 -> 0 | J78: =J60*'Assumptions&Data'!$H$106 -> 0 | K78: =K60*'Assumptions&Data'!$H$106 -> 0 | L78: =L60*'Assumptions&Data'!$H$106 -> 0 | M78: =M60*'Assumptions&Data'!$H$106 -> 0 | ... FO78: =FO60*'Assumptions&Data'!$H$106 -> 0
B79: Lot 2 | C79: sqft. | D79: =SUM(F79:FO79) -> 335981.48 | F79: =F61*'Assumptions&Data'!$H$107 -> 0 | G79: =G61*'Assumptions&Data'!$H$107 -> 0 | H79: =H61*'Assumptions&Data'!$H$107 -> 0 | I79: =I61*'Assumptions&Data'!$H$107 -> 0 | J79: =J61*'Assumptions&Data'!$H$107 -> 0 | K79: =K61*'Assumptions&Data'!$H$107 -> 0 | L79: =L61*'Assumptions&Data'!$H$107 -> 0 | M79: =M61*'Assumptions&Data'!$H$107 -> 0 | ... FO79: =FO61*'Assumptions&Data'!$H$107 -> 0
B80: Lot 3 | C80: sqft. | D80: =SUM(F80:FO80) -> 503972.23 | F80: =F62*'Assumptions&Data'!$H$108 -> 0 | G80: =G62*'Assumptions&Data'!$H$108 -> 0 | H80: =H62*'Assumptions&Data'!$H$108 -> 0 | I80: =I62*'Assumptions&Data'!$H$108 -> 0 | J80: =J62*'Assumptions&Data'!$H$108 -> 0 | K80: =K62*'Assumptions&Data'!$H$108 -> 0 | L80: =L62*'Assumptions&Data'!$H$108 -> 0 | M80: =M62*'Assumptions&Data'!$H$108 -> 0 | ... FO80: =FO62*'Assumptions&Data'!$H$108 -> 0
B82: =B34 -> 4 BHK + S | C82: sqft. | D82: =SUM(F82:FO82) -> 839953.71 | F82: =SUM(F83:F85) -> 0 | G82: =SUM(G83:G85) -> 0 | H82: =SUM(H83:H85) -> 0 | I82: =SUM(I83:I85) -> 0 | J82: =SUM(J83:J85) -> 0 | K82: =SUM(K83:K85) -> 0 | L82: =SUM(L83:L85) -> 0 | M82: =SUM(M83:M85) -> 0 | ... FO82: =SUM(FO83:FO85) -> 0
B83: Lot 1 | C83: sqft. | D83: =SUM(F83:FO83) -> 209988.43 | F83: =F60*'Assumptions&Data'!$I$106 -> 0 | G83: =G60*'Assumptions&Data'!$I$106 -> 0 | H83: =H60*'Assumptions&Data'!$I$106 -> 0 | I83: =I60*'Assumptions&Data'!$I$106 -> 0 | J83: =J60*'Assumptions&Data'!$I$106 -> 0 | K83: =K60*'Assumptions&Data'!$I$106 -> 0 | L83: =L60*'Assumptions&Data'!$I$106 -> 0 | M83: =M60*'Assumptions&Data'!$I$106 -> 0 | ... FO83: =FO60*'Assumptions&Data'!$I$106 -> 0
B84: Lot 2 | C84: sqft. | D84: =SUM(F84:FO84) -> 251986.11 | F84: =F61*'Assumptions&Data'!$I$107 -> 0 | G84: =G61*'Assumptions&Data'!$I$107 -> 0 | H84: =H61*'Assumptions&Data'!$I$107 -> 0 | I84: =I61*'Assumptions&Data'!$I$107 -> 0 | J84: =J61*'Assumptions&Data'!$I$107 -> 0 | K84: =K61*'Assumptions&Data'!$I$107 -> 0 | L84: =L61*'Assumptions&Data'!$I$107 -> 0 | M84: =M61*'Assumptions&Data'!$I$107 -> 0 | ... FO84: =FO61*'Assumptions&Data'!$I$107 -> 0
B85: Lot 3 | C85: sqft. | D85: =SUM(F85:FO85) -> 377979.17 | F85: =F62*'Assumptions&Data'!$I$108 -> 0 | G85: =G62*'Assumptions&Data'!$I$108 -> 0 | H85: =H62*'Assumptions&Data'!$I$108 -> 0 | I85: =I62*'Assumptions&Data'!$I$108 -> 0 | J85: =J62*'Assumptions&Data'!$I$108 -> 0 | K85: =K62*'Assumptions&Data'!$I$108 -> 0 | L85: =L62*'Assumptions&Data'!$I$108 -> 0 | M85: =M62*'Assumptions&Data'!$I$108 -> 0 | ... FO85: =FO62*'Assumptions&Data'!$I$108 -> 0
B87: =B35 -> Retail | C87: sqft. | D87: =SUM(F87:FO87) -> 72069.346 | F87: =SUM(F88:F90) -> 0 | G87: =SUM(G88:G90) -> 0 | H87: =SUM(H88:H90) -> 0 | I87: =SUM(I88:I90) -> 0 | J87: =SUM(J88:J90) -> 0 | K87: =SUM(K88:K90) -> 0 | L87: =SUM(L88:L90) -> 0 | M87: =SUM(M88:M90) -> 0 | ... FO87: =SUM(FO88:FO90) -> 0
B88: Lot 1 | C88: sqft. | D88: =SUM(F88:FO88) -> 18017.336 | F88: =F60*'Assumptions&Data'!$J$106 -> 0 | G88: =G60*'Assumptions&Data'!$J$106 -> 0 | H88: =H60*'Assumptions&Data'!$J$106 -> 0 | I88: =I60*'Assumptions&Data'!$J$106 -> 0 | J88: =J60*'Assumptions&Data'!$J$106 -> 0 | K88: =K60*'Assumptions&Data'!$J$106 -> 0 | L88: =L60*'Assumptions&Data'!$J$106 -> 0 | M88: =M60*'Assumptions&Data'!$J$106 -> 0 | ... FO88: =FO60*'Assumptions&Data'!$J$106 -> 0
B89: Lot 2 | C89: sqft. | D89: =SUM(F89:FO89) -> 21620.804 | F89: =F61*'Assumptions&Data'!$J$107 -> 0 | G89: =G61*'Assumptions&Data'!$J$107 -> 0 | H89: =H61*'Assumptions&Data'!$J$107 -> 0 | I89: =I61*'Assumptions&Data'!$J$107 -> 0 | J89: =J61*'Assumptions&Data'!$J$107 -> 0 | K89: =K61*'Assumptions&Data'!$J$107 -> 0 | L89: =L61*'Assumptions&Data'!$J$107 -> 0 | M89: =M61*'Assumptions&Data'!$J$107 -> 0 | ... FO89: =FO61*'Assumptions&Data'!$J$107 -> 0
B90: Lot 3 | C90: sqft. | D90: =SUM(F90:FO90) -> 32431.206 | F90: =F62*'Assumptions&Data'!$J$108 -> 0 | G90: =G62*'Assumptions&Data'!$J$108 -> 0 | H90: =H62*'Assumptions&Data'!$J$108 -> 0 | I90: =I62*'Assumptions&Data'!$J$108 -> 0 | J90: =J62*'Assumptions&Data'!$J$108 -> 0 | K90: =K62*'Assumptions&Data'!$J$108 -> 0 | L90: =L62*'Assumptions&Data'!$J$108 -> 0 | M90: =M62*'Assumptions&Data'!$J$108 -> 0 | ... FO90: =FO62*'Assumptions&Data'!$J$108 -> 0
B92: =B36 -> Commercial NILP | C92: sqft. | D92: =SUM(F92:FO92) -> 214851.37 | F92: =SUM(F93:F95) -> 0 | G92: =SUM(G93:G95) -> 0 | H92: =SUM(H93:H95) -> 0 | I92: =SUM(I93:I95) -> 0 | J92: =SUM(J93:J95) -> 0 | K92: =SUM(K93:K95) -> 0 | L92: =SUM(L93:L95) -> 0 | M92: =SUM(M93:M95) -> 0 | ... FO92: =SUM(FO93:FO95) -> 0
B93: Lot 1 | C93: sqft. | D93: =SUM(F93:FO93) -> 53712.841 | F93: =F60*'Assumptions&Data'!$K$106 -> 0 | G93: =G60*'Assumptions&Data'!$K$106 -> 0 | H93: =H60*'Assumptions&Data'!$K$106 -> 0 | I93: =I60*'Assumptions&Data'!$K$106 -> 0 | J93: =J60*'Assumptions&Data'!$K$106 -> 0 | K93: =K60*'Assumptions&Data'!$K$106 -> 0 | L93: =L60*'Assumptions&Data'!$K$106 -> 0 | M93: =M60*'Assumptions&Data'!$K$106 -> 0 | ... FO93: =FO60*'Assumptions&Data'!$K$106 -> 0
B94: Lot 2 | C94: sqft. | D94: =SUM(F94:FO94) -> 64455.41 | F94: =F61*'Assumptions&Data'!$K$107 -> 0 | G94: =G61*'Assumptions&Data'!$K$107 -> 0 | H94: =H61*'Assumptions&Data'!$K$107 -> 0 | I94: =I61*'Assumptions&Data'!$K$107 -> 0 | J94: =J61*'Assumptions&Data'!$K$107 -> 0 | K94: =K61*'Assumptions&Data'!$K$107 -> 0 | L94: =L61*'Assumptions&Data'!$K$107 -> 0 | M94: =M61*'Assumptions&Data'!$K$107 -> 0 | ... FO94: =FO61*'Assumptions&Data'!$K$107 -> 0
B95: Lot 3 | C95: sqft. | D95: =SUM(F95:FO95) -> 96683.114 | F95: =F62*'Assumptions&Data'!$K$108 -> 0 | G95: =G62*'Assumptions&Data'!$K$108 -> 0 | H95: =H62*'Assumptions&Data'!$K$108 -> 0 | I95: =I62*'Assumptions&Data'!$K$108 -> 0 | J95: =J62*'Assumptions&Data'!$K$108 -> 0 | K95: =K62*'Assumptions&Data'!$K$108 -> 0 | L95: =L62*'Assumptions&Data'!$K$108 -> 0 | M95: =M62*'Assumptions&Data'!$K$108 -> 0 | ... FO95: =FO62*'Assumptions&Data'!$K$108 -> 0
B97: =B37 -> Commercial TOD | C97: sqft. | D97: =SUM(F97:FO97) -> 513862.45 | F97: =SUM(F98:F100) -> 0 | G97: =SUM(G98:G100) -> 0 | H97: =SUM(H98:H100) -> 0 | I97: =SUM(I98:I100) -> 0 | J97: =SUM(J98:J100) -> 0 | K97: =SUM(K98:K100) -> 0 | L97: =SUM(L98:L100) -> 0 | M97: =SUM(M98:M100) -> 0 | ... FO97: =SUM(FO98:FO100) -> 0
B98: Lot 1 | C98: sqft. | D98: =SUM(F98:FO98) -> 128465.61 | F98: =F60*'Assumptions&Data'!$L$106 -> 0 | G98: =G60*'Assumptions&Data'!$L$106 -> 0 | H98: =H60*'Assumptions&Data'!$L$106 -> 0 | I98: =I60*'Assumptions&Data'!$L$106 -> 0 | J98: =J60*'Assumptions&Data'!$L$106 -> 0 | K98: =K60*'Assumptions&Data'!$L$106 -> 0 | L98: =L60*'Assumptions&Data'!$L$106 -> 0 | M98: =M60*'Assumptions&Data'!$L$106 -> 0 | ... FO98: =FO60*'Assumptions&Data'!$L$106 -> 0
B99: Lot 2 | C99: sqft. | D99: =SUM(F99:FO99) -> 154158.73 | F99: =F61*'Assumptions&Data'!$L$107 -> 0 | G99: =G61*'Assumptions&Data'!$L$107 -> 0 | H99: =H61*'Assumptions&Data'!$L$107 -> 0 | I99: =I61*'Assumptions&Data'!$L$107 -> 0 | J99: =J61*'Assumptions&Data'!$L$107 -> 0 | K99: =K61*'Assumptions&Data'!$L$107 -> 0 | L99: =L61*'Assumptions&Data'!$L$107 -> 0 | M99: =M61*'Assumptions&Data'!$L$107 -> 0 | ... FO99: =FO61*'Assumptions&Data'!$L$107 -> 0
B100: Lot 3 | C100: sqft. | D100: =SUM(F100:FO100) -> 231238.1 | F100: =F62*'Assumptions&Data'!$L$108 -> 0 | G100: =G62*'Assumptions&Data'!$L$108 -> 0 | H100: =H62*'Assumptions&Data'!$L$108 -> 0 | I100: =I62*'Assumptions&Data'!$L$108 -> 0 | J100: =J62*'Assumptions&Data'!$L$108 -> 0 | K100: =K62*'Assumptions&Data'!$L$108 -> 0 | L100: =L62*'Assumptions&Data'!$L$108 -> 0 | M100: =M62*'Assumptions&Data'!$L$108 -> 0 | ... FO100: =FO62*'Assumptions&Data'!$L$108 -> 0
B102: Lot wise product area booked | F102: =F1 -> 45748 | G102: =G1 -> 45808 | H102: =H1 -> 45838 | I102: =I1 -> 45869 | J102: =J1 -> 45900 | K102: =K1 -> 45930 | L102: =L1 -> 45961 | M102: =M1 -> 45991 | ... FO102: =FO1 -> 50801
B104: Residential | C104: sqft. | D104: =SUM(F104:FO104) -> 2799845.7 | F104: =SUM(F105:F107) -> 0 | G104: =SUM(G105:G107) -> 0 | H104: =SUM(H105:H107) -> 0 | I104: =SUM(I105:I107) -> 0 | J104: =SUM(J105:J107) -> 0 | K104: =SUM(K105:K107) -> 0 | L104: =SUM(L105:L107) -> 0 | M104: =SUM(M105:M107) -> 0 | ... FO104: =SUM(FO105:FO107) -> 0
B105: Lot 1 | C105: sqft. | D105: =SUM(F105:FO105) -> 699961.43 | E105: =D105/10^6 -> 0.69996143 | F105: =F68+F73+F78+F83 -> 0 | G105: =G68+G73+G78+G83 -> 0 | H105: =H68+H73+H78+H83 -> 0 | I105: =I68+I73+I78+I83 -> 0 | J105: =J68+J73+J78+J83 -> 0 | K105: =K68+K73+K78+K83 -> 0 | L105: =L68+L73+L78+L83 -> 0 | M105: =M68+M73+M78+M83 -> 0 | ... FO105: =FO68+FO73+FO78+FO83 -> 0
B106: Lot 2 | C106: sqft. | D106: =SUM(F106:FO106) -> 839953.71 | E106: =D106/10^6 -> 0.83995371 | F106: =F69+F74+F79+F84 -> 0 | G106: =G69+G74+G79+G84 -> 0 | H106: =H69+H74+H79+H84 -> 0 | I106: =I69+I74+I79+I84 -> 0 | J106: =J69+J74+J79+J84 -> 0 | K106: =K69+K74+K79+K84 -> 0 | L106: =L69+L74+L79+L84 -> 0 | M106: =M69+M74+M79+M84 -> 0 | ... FO106: =FO69+FO74+FO79+FO84 -> 0
B107: Lot 3 | C107: sqft. | D107: =SUM(F107:FO107) -> 1259930.6 | E107: =D107/10^6 -> 1.2599306 | F107: =F70+F75+F80+F85 -> 0 | G107: =G70+G75+G80+G85 -> 0 | H107: =H70+H75+H80+H85 -> 0 | I107: =I70+I75+I80+I85 -> 0 | J107: =J70+J75+J80+J85 -> 0 | K107: =K70+K75+K80+K85 -> 0 | L107: =L70+L75+L80+L85 -> 0 | M107: =M70+M75+M80+M85 -> 0 | ... FO107: =FO70+FO75+FO80+FO85 -> 0
B109: Retail | C109: sqft. | D109: =SUM(F109:FO109) -> 72069.346 | F109: =SUM(F110:F112) -> 0 | G109: =SUM(G110:G112) -> 0 | H109: =SUM(H110:H112) -> 0 | I109: =SUM(I110:I112) -> 0 | J109: =SUM(J110:J112) -> 0 | K109: =SUM(K110:K112) -> 0 | L109: =SUM(L110:L112) -> 0 | M109: =SUM(M110:M112) -> 0 | ... FO109: =SUM(FO110:FO112) -> 0
B110: Lot 1 | C110: sqft. | D110: =SUM(F110:FO110) -> 18017.336 | E110: =(D110+D115)/10^6 -> 0.20019579 | F110: =F88 -> 0 | G110: =G88 -> 0 | H110: =H88 -> 0 | I110: =I88 -> 0 | J110: =J88 -> 0 | K110: =K88 -> 0 | L110: =L88 -> 0 | M110: =M88 -> 0 | ... FO110: =FO88 -> 0
B111: Lot 2 | C111: sqft. | D111: =SUM(F111:FO111) -> 21620.804 | E111: =(D111+D116)/10^6 -> 0.24023495 | F111: =F89 -> 0 | G111: =G89 -> 0 | H111: =H89 -> 0 | I111: =I89 -> 0 | J111: =J89 -> 0 | K111: =K89 -> 0 | L111: =L89 -> 0 | M111: =M89 -> 0 | ... FO111: =FO89 -> 0
B112: Lot 3 | C112: sqft. | D112: =SUM(F112:FO112) -> 32431.206 | E112: =(D112+D117)/10^6 -> 0.36035242 | F112: =F90 -> 0 | G112: =G90 -> 0 | H112: =H90 -> 0 | I112: =I90 -> 0 | J112: =J90 -> 0 | K112: =K90 -> 0 | L112: =L90 -> 0 | M112: =M90 -> 0 | ... FO112: =FO90 -> 0
B114: Commercial | C114: sqft. | D114: =SUM(F114:FO114) -> 728713.81 | F114: =SUM(F115:F117) -> 0 | G114: =SUM(G115:G117) -> 0 | H114: =SUM(H115:H117) -> 0 | I114: =SUM(I115:I117) -> 0 | J114: =SUM(J115:J117) -> 0 | K114: =SUM(K115:K117) -> 0 | L114: =SUM(L115:L117) -> 0 | M114: =SUM(M115:M117) -> 0 | ... FO114: =SUM(FO115:FO117) -> 0
B115: Lot 1 | D115: =SUM(F115:FO115) -> 182178.45 | F115: =F93+F98 -> 0 | G115: =G93+G98 -> 0 | H115: =H93+H98 -> 0 | I115: =I93+I98 -> 0 | J115: =J93+J98 -> 0 | K115: =K93+K98 -> 0 | L115: =L93+L98 -> 0 | M115: =M93+M98 -> 0 | ... FO115: =FO93+FO98 -> 0
B116: Lot 2 | D116: =SUM(F116:FO116) -> 218614.14 | F116: =F94+F99 -> 0 | G116: =G94+G99 -> 0 | H116: =H94+H99 -> 0 | I116: =I94+I99 -> 0 | J116: =J94+J99 -> 0 | K116: =K94+K99 -> 0 | L116: =L94+L99 -> 0 | M116: =M94+M99 -> 0 | ... FO116: =FO94+FO99 -> 0
B117: Lot 3 | D117: =SUM(F117:FO117) -> 327921.22 | F117: =F95+F100 -> 0 | G117: =G95+G100 -> 0 | H117: =H95+H100 -> 0 | I117: =I95+I100 -> 0 | J117: =J95+J100 -> 0 | K117: =K95+K100 -> 0 | L117: =L95+L100 -> 0 | M117: =M95+M100 -> 0 | ... FO117: =FO95+FO100 -> 0
F119: =F102 -> 45748 | G119: =G102 -> 45808 | H119: =H102 -> 45838 | I119: =I102 -> 45869 | J119: =J102 -> 45900 | K119: =K102 -> 45930 | L119: =L102 -> 45961 | M119: =M102 -> 45991 | ... FO119: =FO102 -> 50801
B120: Total Saleable Area | D120: =SUM(F120:FO120) -> 3600628.9 | F120: =F114+F109+F104 -> 0 | G120: =G114+G109+G104 -> 0 | H120: =H114+H109+H104 -> 0 | I120: =I114+I109+I104 -> 0 | J120: =J114+J109+J104 -> 0 | K120: =K114+K109+K104 -> 0 | L120: =L114+L109+L104 -> 0 | M120: =M114+M109+M104 -> 0 | ... FO120: =FO114+FO109+FO104 -> 0
B122: Construction Area Phasing | F122: =F1 -> 45748 | G122: =G1 -> 45808 | H122: =H1 -> 45838 | I122: =I1 -> 45869 | J122: =J1 -> 45900 | K122: =K1 -> 45930 | L122: =L1 -> 45961 | M122: =M1 -> 45991 | ... FO122: =FO1 -> 50801
B124: Particulars | D124: Total
B125: Phase 1 | D125: =SUM(F125:FO125) -> 1 | F125: =IFERROR(_xlfn.XLOOKUP(F122, 'Assumptions&Data'!$F$93:$ES$93, 'Assumptions&Data'!$F$94:$ES$94), 0) -> 0 | G125: =IFERROR(_xlfn.XLOOKUP(G122, 'Assumptions&Data'!$F$93:$ES$93, 'Assumptions&Data'!$F$94:$ES$94), 0) -> 0 | H125: =IFERROR(_xlfn.XLOOKUP(H122, 'Assumptions&Data'!$F$93:$ES$93, 'Assumptions&Data'!$F$94:$ES$94), 0) -> 0 | I125: =IFERROR(_xlfn.XLOOKUP(I122, 'Assumptions&Data'!$F$93:$ES$93, 'Assumptions&Data'!$F$94:$ES$94), 0) -> 0 | J125: =IFERROR(_xlfn.XLOOKUP(J122, 'Assumptions&Data'!$F$93:$ES$93, 'Assumptions&Data'!$F$94:$ES$94), 0) -> 0 | K125: =IFERROR(_xlfn.XLOOKUP(K122, 'Assumptions&Data'!$F$93:$ES$93, 'Assumptions&Data'!$F$94:$ES$94), 0) -> 0 | L125: =IFERROR(_xlfn.XLOOKUP(L122, 'Assumptions&Data'!$F$93:$ES$93, 'Assumptions&Data'!$F$94:$ES$94), 0) -> 0 | M125: =IFERROR(_xlfn.XLOOKUP(M122, 'Assumptions&Data'!$F$93:$ES$93, 'Assumptions&Data'!$F$94:$ES$94), 0) -> 0 | ... FO125: =IFERROR(_xlfn.XLOOKUP(FO122, 'Assumptions&Data'!$F$93:$ES$93, 'Assumptions&Data'!$F$94:$ES$94), 0) -> 0
B126: Phase 2 | D126: =SUM(F126:FO126) -> 1 | F126: =IFERROR(_xlfn.XLOOKUP(F122, 'Assumptions&Data'!$F$93:$ES$93, 'Assumptions&Data'!$F$95:$ES$95), 0) -> 0 | G126: =IFERROR(_xlfn.XLOOKUP(G122, 'Assumptions&Data'!$F$93:$ES$93, 'Assumptions&Data'!$F$95:$ES$95), 0) -> 0 | H126: =IFERROR(_xlfn.XLOOKUP(H122, 'Assumptions&Data'!$F$93:$ES$93, 'Assumptions&Data'!$F$95:$ES$95), 0) -> 0 | I126: =IFERROR(_xlfn.XLOOKUP(I122, 'Assumptions&Data'!$F$93:$ES$93, 'Assumptions&Data'!$F$95:$ES$95), 0) -> 0 | J126: =IFERROR(_xlfn.XLOOKUP(J122, 'Assumptions&Data'!$F$93:$ES$93, 'Assumptions&Data'!$F$95:$ES$95), 0) -> 0 | K126: =IFERROR(_xlfn.XLOOKUP(K122, 'Assumptions&Data'!$F$93:$ES$93, 'Assumptions&Data'!$F$95:$ES$95), 0) -> 0 | L126: =IFERROR(_xlfn.XLOOKUP(L122, 'Assumptions&Data'!$F$93:$ES$93, 'Assumptions&Data'!$F$95:$ES$95), 0) -> 0 | M126: =IFERROR(_xlfn.XLOOKUP(M122, 'Assumptions&Data'!$F$93:$ES$93, 'Assumptions&Data'!$F$95:$ES$95), 0) -> 0 | ... FO126: =IFERROR(_xlfn.XLOOKUP(FO122, 'Assumptions&Data'!$F$93:$ES$93, 'Assumptions&Data'!$F$95:$ES$95), 0) -> 0
B127: Phase 3 | D127: =SUM(F127:FO127) -> 1 | F127: =IFERROR(_xlfn.XLOOKUP(F122, 'Assumptions&Data'!$F$93:$ES$93, 'Assumptions&Data'!$F$96:$ES$96), 0) -> 0 | G127: =IFERROR(_xlfn.XLOOKUP(G122, 'Assumptions&Data'!$F$93:$ES$93, 'Assumptions&Data'!$F$96:$ES$96), 0) -> 0 | H127: =IFERROR(_xlfn.XLOOKUP(H122, 'Assumptions&Data'!$F$93:$ES$93, 'Assumptions&Data'!$F$96:$ES$96), 0) -> 0 | I127: =IFERROR(_xlfn.XLOOKUP(I122, 'Assumptions&Data'!$F$93:$ES$93, 'Assumptions&Data'!$F$96:$ES$96), 0) -> 0 | J127: =IFERROR(_xlfn.XLOOKUP(J122, 'Assumptions&Data'!$F$93:$ES$93, 'Assumptions&Data'!$F$96:$ES$96), 0) -> 0 | K127: =IFERROR(_xlfn.XLOOKUP(K122, 'Assumptions&Data'!$F$93:$ES$93, 'Assumptions&Data'!$F$96:$ES$96), 0) -> 0 | L127: =IFERROR(_xlfn.XLOOKUP(L122, 'Assumptions&Data'!$F$93:$ES$93, 'Assumptions&Data'!$F$96:$ES$96), 0) -> 0 | M127: =IFERROR(_xlfn.XLOOKUP(M122, 'Assumptions&Data'!$F$93:$ES$93, 'Assumptions&Data'!$F$96:$ES$96), 0) -> 0 | ... FO127: =IFERROR(_xlfn.XLOOKUP(FO122, 'Assumptions&Data'!$F$93:$ES$93, 'Assumptions&Data'!$F$96:$ES$96), 0) -> 0
F128: =SUM(F125:F127) -> 0 | G128: =SUM(G125:G127) -> 0 | H128: =SUM(H125:H127) -> 0 | I128: =SUM(I125:I127) -> 0 | J128: =SUM(J125:J127) -> 0 | K128: =SUM(K125:K127) -> 0 | L128: =SUM(L125:L127) -> 0 | M128: =SUM(M125:M127) -> 0 | ... FO128: =SUM(FO125:FO127) -> 0
B130: Lot wise product - construction | F130: =F1 -> 45748 | G130: =G1 -> 45808 | H130: =H1 -> 45838 | I130: =I1 -> 45869 | J130: =J1 -> 45900 | K130: =K1 -> 45930 | L130: =L1 -> 45961 | M130: =M1 -> 45991 | ... FO130: =FO1 -> 50801
B132: Select TRUE to add car parking | C132: FALSE | FE132: Note - select true to see the area only otherwise this area will impact cashflow. Area for product multiplied by corresponding price of product.
B134: =B67 -> 2 BHK | C134: sqft. | D134: =SUM(FE134:FO134) -> 0 | F134: =SUM(F135:F137) -> 0 | G134: =SUM(G135:G137) -> 0 | H134: =SUM(H135:H137) -> 0 | I134: =SUM(I135:I137) -> 0 | J134: =SUM(J135:J137) -> 0 | K134: =SUM(K135:K137) -> 0 | L134: =SUM(L135:L137) -> 0 | M134: =SUM(M135:M137) -> 0 | ... FO134: =SUM(FO135:FO137) -> 0
...

Sheet MonthlyCashflow
B1: Gurgaon 18 Acre Project: Cash Flow | G1: ='Assumptions&Data'!D6 -> 45748 | H1: =EOMONTH(G1, 1) -> 45808 | I1: =EOMONTH(H1, 1) -> 45838 | J1: =EOMONTH(I1, 1) -> 45869 | K1: =EOMONTH(J1, 1) -> 45900 | L1: =EOMONTH(K1, 1) -> 45930 | M1: =EOMONTH(L1, 1) -> 45961 | N1: =EOMONTH(M1, 1) -> 45991 | O1: =EOMONTH(N1, 1) -> 46022 | ... FP1: =EOMONTH(FO1, 1) -> 50801
B3: Particulars | C3: Units | D3: Total | E3: Per sqft. Of apartment area
B5: Convert Monetary Value | C5: # | D5: 7
B7: Residential Commercial Sale - Lot Wise Area Value Booked | G7: =G1 -> 45748 | H7: =EOMONTH(G7, 1) -> 45808 | I7: =EOMONTH(H7, 1) -> 45838 | J7: =EOMONTH(I7, 1) -> 45869 | K7: =EOMONTH(J7, 1) -> 45900 | L7: =EOMONTH(K7, 1) -> 45930 | M7: =EOMONTH(L7, 1) -> 45961 | N7: =EOMONTH(M7, 1) -> 45991 | O7: =EOMONTH(N7, 1) -> 46022 | ... FO7: =EOMONTH(FN7, 1) -> 50770
B9: Particulars
B10: Residential 2 BHK | C10: =IF($D$5=7, "INR Cr", "INR Mn") -> INR Cr | D10: =SUM(G10:FO10) -> 0 | G10: =SUM(G11:G13) -> 0 | H10: =SUM(H11:H13) -> 0 | I10: =SUM(I11:I13) -> 0 | J10: =SUM(J11:J13) -> 0 | K10: =SUM(K11:K13) -> 0 | L10: =SUM(L11:L13) -> 0 | M10: =SUM(M11:M13) -> 0 | N10: =SUM(N11:N13) -> 0 | ... FO10: =SUM(FO11:FO13) -> 0
B11: Lot 1 | D11: =SUM(G11:FO11) -> 0 | G11: =(Schedule!F68*'Assumptions&Data'!F60)/10^$D$5 -> 0 | H11: =(Schedule!G68*'Assumptions&Data'!G60)/10^$D$5 -> 0 | I11: =(Schedule!H68*'Assumptions&Data'!H60)/10^$D$5 -> 0 | J11: =(Schedule!I68*'Assumptions&Data'!I60)/10^$D$5 -> 0 | K11: =(Schedule!J68*'Assumptions&Data'!J60)/10^$D$5 -> 0 | L11: =(Schedule!K68*'Assumptions&Data'!K60)/10^$D$5 -> 0 | M11: =(Schedule!L68*'Assumptions&Data'!L60)/10^$D$5 -> 0 | N11: =(Schedule!M68*'Assumptions&Data'!M60)/10^$D$5 -> 0 | ... FO11: =(Schedule!FN68*'Assumptions&Data'!FN60)/10^$D$5 -> 0
B12: Lot 2 | D12: =SUM(G12:FO12) -> 0 | G12: =(Schedule!F69*'Assumptions&Data'!F60)/10^$D$5 -> 0 | H12: =(Schedule!G69*'Assumptions&Data'!G60)/10^$D$5 -> 0 | I12: =(Schedule!H69*'Assumptions&Data'!H60)/10^$D$5 -> 0 | J12: =(Schedule!I69*'Assumptions&Data'!I60)/10^$D$5 -> 0 | K12: =(Schedule!J69*'Assumptions&Data'!J60)/10^$D$5 -> 0 | L12: =(Schedule!K69*'Assumptions&Data'!K60)/10^$D$5 -> 0 | M12: =(Schedule!L69*'Assumptions&Data'!L60)/10^$D$5 -> 0 | N12: =(Schedule!M69*'Assumptions&Data'!M60)/10^$D$5 -> 0 | ... FO12: =(Schedule!FN69*'Assumptions&Data'!FN60)/10^$D$5 -> 0
B13: Lot 3 | D13: =SUM(G13:FO13) -> 0 | G13: =(Schedule!F70*'Assumptions&Data'!F60)/10^$D$5 -> 0 | H13: =(Schedule!G70*'Assumptions&Data'!G60)/10^$D$5 -> 0 | I13: =(Schedule!H70*'Assumptions&Data'!H60)/10^$D$5 -> 0 | J13: =(Schedule!I70*'Assumptions&Data'!I60)/10^$D$5 -> 0 | K13: =(Schedule!J70*'Assumptions&Data'!J60)/10^$D$5 -> 0 | L13: =(Schedule!K70*'Assumptions&Data'!K60)/10^$D$5 -> 0 | M13: =(Schedule!L70*'Assumptions&Data'!L60)/10^$D$5 -> 0 | N13: =(Schedule!M70*'Assumptions&Data'!M60)/10^$D$5 -> 0 | ... FO13: =(Schedule!FN70*'Assumptions&Data'!FN60)/10^$D$5 -> 0
B15: Residential 3 BHK | C15: =IF($D$5=7, "INR Cr", "INR Mn") -> INR Cr | D15: =SUM(G15:FO15) -> 1889.8958 | G15: =SUM(G16:G18) -> 0 | H15: =SUM(H16:H18) -> 0 | I15: =SUM(I16:I18) -> 0 | J15: =SUM(J16:J18) -> 0 | K15: =SUM(K16:K18) -> 0 | L15: =SUM(L16:L18) -> 0 | M15: =SUM(M16:M18) -> 0 | N15: =SUM(N16:N18) -> 0 | ... FO15: =SUM(FO16:FO18) -> 0
B16: Lot 1 | D16: =SUM(G16:FO16) -> 472.47396 | G16: =(Schedule!F73*'Assumptions&Data'!F60)/10^$D$5 -> 0 | H16: =(Schedule!G73*'Assumptions&Data'!G60)/10^$D$5 -> 0 | I16: =(Schedule!H73*'Assumptions&Data'!H60)/10^$D$5 -> 0 | J16: =(Schedule!I73*'Assumptions&Data'!I60)/10^$D$5 -> 0 | K16: =(Schedule!J73*'Assumptions&Data'!J60)/10^$D$5 -> 0 | L16: =(Schedule!K73*'Assumptions&Data'!K60)/10^$D$5 -> 0 | M16: =(Schedule!L73*'Assumptions&Data'!L60)/10^$D$5 -> 0 | N16: =(Schedule!M73*'Assumptions&Data'!M60)/10^$D$5 -> 0 | ... FO16: =(Schedule!FN73*'Assumptions&Data'!FN60)/10^$D$5 -> 0
B17: Lot 2 | D17: =SUM(G17:FO17) -> 566.96875 | G17: =(Schedule!F74*'Assumptions&Data'!F60)/10^$D$5 -> 0 | H17: =(Schedule!G74*'Assumptions&Data'!G60)/10^$D$5 -> 0 | I17: =(Schedule!H74*'Assumptions&Data'!H60)/10^$D$5 -> 0 | J17: =(Schedule!I74*'Assumptions&Data'!I60)/10^$D$5 -> 0 | K17: =(Schedule!J74*'Assumptions&Data'!J60)/10^$D$5 -> 0 | L17: =(Schedule!K74*'Assumptions&Data'!K60)/10^$D$5 -> 0 | M17: =(Schedule!L74*'Assumptions&Data'!L60)/10^$D$5 -> 0 | N17: =(Schedule!M74*'Assumptions&Data'!M60)/10^$D$5 -> 0 | ... FO17: =(Schedule!FN74*'Assumptions&Data'!FN60)/10^$D$5 -> 0
B18: Lot 3 | D18: =SUM(G18:FO18) -> 850.45313 | G18: =(Schedule!F75*'Assumptions&Data'!F60)/10^$D$5 -> 0 | H18: =(Schedule!G75*'Assumptions&Data'!G60)/10^$D$5 -> 0 | I18: =(Schedule!H75*'Assumptions&Data'!H60)/10^$D$5 -> 0 | J18: =(Schedule!I75*'Assumptions&Data'!I60)/10^$D$5 -> 0 | K18: =(Schedule!J75*'Assumptions&Data'!J60)/10^$D$5 -> 0 | L18: =(Schedule!K75*'Assumptions&Data'!K60)/10^$D$5 -> 0 | M18: =(Schedule!L75*'Assumptions&Data'!L60)/10^$D$5 -> 0 | N18: =(Schedule!M75*'Assumptions&Data'!M60)/10^$D$5 -> 0 | ... FO18: =(Schedule!FN75*'Assumptions&Data'!FN60)/10^$D$5 -> 0
B20: Residential 3 BHK + S | C20: =IF($D$5=7, "INR Cr", "INR Mn") -> INR Cr | D20: =SUM(G20:FO20) -> 2519.8611 | G20: =SUM(G21:G23) -> 0 | H20: =SUM(H21:H23) -> 0 | I20: =SUM(I21:I23) -> 0 | J20: =SUM(J21:J23) -> 0 | K20: =SUM(K21:K23) -> 0 | L20: =SUM(L21:L23) -> 0 | M20: =SUM(M21:M23) -> 0 | N20: =SUM(N21:N23) -> 0 | ... FO20: =SUM(FO21:FO23) -> 0
B21: Lot 1 | D21: =SUM(G21:FO21) -> 629.96528 | G21: =(Schedule!F78*'Assumptions&Data'!F60)/10^$D$5 -> 0 | H21: =(Schedule!G78*'Assumptions&Data'!G60)/10^$D$5 -> 0 | I21: =(Schedule!H78*'Assumptions&Data'!H60)/10^$D$5 -> 0 | J21: =(Schedule!I78*'Assumptions&Data'!I60)/10^$D$5 -> 0 | K21: =(Schedule!J78*'Assumptions&Data'!J60)/10^$D$5 -> 0 | L21: =(Schedule!K78*'Assumptions&Data'!K60)/10^$D$5 -> 0 | M21: =(Schedule!L78*'Assumptions&Data'!L60)/10^$D$5 -> 0 | N21: =(Schedule!M78*'Assumptions&Data'!M60)/10^$D$5 -> 0 | ... FO21: =(Schedule!FN78*'Assumptions&Data'!FN60)/10^$D$5 -> 0
B22: Lot 2 | D22: =SUM(G22:FO22) -> 755.95834 | G22: =(Schedule!F79*'Assumptions&Data'!F60)/10^$D$5 -> 0 | H22: =(Schedule!G79*'Assumptions&Data'!G60)/10^$D$5 -> 0 | I22: =(Schedule!H79*'Assumptions&Data'!H60)/10^$D$5 -> 0 | J22: =(Schedule!I79*'Assumptions&Data'!I60)/10^$D$5 -> 0 | K22: =(Schedule!J79*'Assumptions&Data'!J60)/10^$D$5 -> 0 | L22: =(Schedule!K79*'Assumptions&Data'!K60)/10^$D$5 -> 0 | M22: =(Schedule!L79*'Assumptions&Data'!L60)/10^$D$5 -> 0 | N22: =(Schedule!M79*'Assumptions&Data'!M60)/10^$D$5 -> 0 | ... FO22: =(Schedule!FN79*'Assumptions&Data'!FN60)/10^$D$5 -> 0
B23: Lot 3 | D23: =SUM(G23:FO23) -> 1133.9375 | G23: =(Schedule!F80*'Assumptions&Data'!F60)/10^$D$5 -> 0 | H23: =(Schedule!G80*'Assumptions&Data'!G60)/10^$D$5 -> 0 | I23: =(Schedule!H80*'Assumptions&Data'!H60)/10^$D$5 -> 0 | J23: =(Schedule!I80*'Assumptions&Data'!I60)/10^$D$5 -> 0 | K23: =(Schedule!J80*'Assumptions&Data'!J60)/10^$D$5 -> 0 | L23: =(Schedule!K80*'Assumptions&Data'!K60)/10^$D$5 -> 0 | M23: =(Schedule!L80*'Assumptions&Data'!L60)/10^$D$5 -> 0 | N23: =(Schedule!M80*'Assumptions&Data'!M60)/10^$D$5 -> 0 | ... FO23: =(Schedule!FN80*'Assumptions&Data'!FN60)/10^$D$5 -> 0
B25: Residential 4 BHK + S | C25: =IF($D$5=7, "INR Cr", "INR Mn") -> INR Cr | D25: =SUM(G25:FO25) -> 1889.8958 | G25: =SUM(G26:G28) -> 0 | H25: =SUM(H26:H28) -> 0 | I25: =SUM(I26:I28) -> 0 | J25: =SUM(J26:J28) -> 0 | K25: =SUM(K26:K28) -> 0 | L25: =SUM(L26:L28) -> 0 | M25: =SUM(M26:M28) -> 0 | N25: =SUM(N26:N28) -> 0 | ... FO25: =SUM(FO26:FO28) -> 0
B26: Lot 1 | D26: =SUM(G26:FO26) -> 472.47396 | G26: =(Schedule!F83*'Assumptions&Data'!F60)/10^$D$5 -> 0 | H26: =(Schedule!G83*'Assumptions&Data'!G60)/10^$D$5 -> 0 | I26: =(Schedule!H83*'Assumptions&Data'!H60)/10^$D$5 -> 0 | J26: =(Schedule!I83*'Assumptions&Data'!I60)/10^$D$5 -> 0 | K26: =(Schedule!J83*'Assumptions&Data'!J60)/10^$D$5 -> 0 | L26: =(Schedule!K83*'Assumptions&Data'!K60)/10^$D$5 -> 0 | M26: =(Schedule!L83*'Assumptions&Data'!L60)/10^$D$5 -> 0 | N26: =(Schedule!M83*'Assumptions&Data'!M60)/10^$D$5 -> 0 | ... FO26: =(Schedule!FN83*'Assumptions&Data'!FN60)/10^$D$5 -> 0
B27: Lot 2 | D27: =SUM(G27:FO27) -> 566.96875 | G27: =(Schedule!F84*'Assumptions&Data'!F60)/10^$D$5 -> 0 | H27: =(Schedule!G84*'Assumptions&Data'!G60)/10^$D$5 -> 0 | I27: =(Schedule!H84*'Assumptions&Data'!H60)/10^$D$5 -> 0 | J27: =(Schedule!I84*'Assumptions&Data'!I60)/10^$D$5 -> 0 | K27: =(Schedule!J84*'Assumptions&Data'!J60)/10^$D$5 -> 0 | L27: =(Schedule!K84*'Assumptions&Data'!K60)/10^$D$5 -> 0 | M27: =(Schedule!L84*'Assumptions&Data'!L60)/10^$D$5 -> 0 | N27: =(Schedule!M84*'Assumptions&Data'!M60)/10^$D$5 -> 0 | ... FO27: =(Schedule!FN84*'Assumptions&Data'!FN60)/10^$D$5 -> 0
B28: Lot 3 | D28: =SUM(G28:FO28) -> 850.45313 | G28: =(Schedule!F85*'Assumptions&Data'!F60)/10^$D$5 -> 0 | H28: =(Schedule!G85*'Assumptions&Data'!G60)/10^$D$5 -> 0 | I28: =(Schedule!H85*'Assumptions&Data'!H60)/10^$D$5 -> 0 | J28: =(Schedule!I85*'Assumptions&Data'!I60)/10^$D$5 -> 0 | K28: =(Schedule!J85*'Assumptions&Data'!J60)/10^$D$5 -> 0 | L28: =(Schedule!K85*'Assumptions&Data'!K60)/10^$D$5 -> 0 | M28: =(Schedule!L85*'Assumptions&Data'!L60)/10^$D$5 -> 0 | N28: =(Schedule!M85*'Assumptions&Data'!M60)/10^$D$5 -> 0 | ... FO28: =(Schedule!FN85*'Assumptions&Data'!FN60)/10^$D$5 -> 0
B30: Retail | C30: =IF($D$5=7, "INR Cr", "INR Mn") -> INR Cr | D30: =SUM(G30:FO30) -> 162.15603 | G30: =SUM(G31:G33) -> 0 | H30: =SUM(H31:H33) -> 0 | I30: =SUM(I31:I33) -> 0 | J30: =SUM(J31:J33) -> 0 | K30: =SUM(K31:K33) -> 0 | L30: =SUM(L31:L33) -> 0 | M30: =SUM(M31:M33) -> 0 | N30: =SUM(N31:N33) -> 0 | ... FO30: =SUM(FO31:FO33) -> 0
B31: Lot 1 | D31: =SUM(G31:FO31) -> 40.539007 | G31: =(Schedule!F88*'Assumptions&Data'!F61)/10^$D$5 -> 0 | H31: =(Schedule!G88*'Assumptions&Data'!G61)/10^$D$5 -> 0 | I31: =(Schedule!H88*'Assumptions&Data'!H61)/10^$D$5 -> 0 | J31: =(Schedule!I88*'Assumptions&Data'!I61)/10^$D$5 -> 0 | K31: =(Schedule!J88*'Assumptions&Data'!J61)/10^$D$5 -> 0 | L31: =(Schedule!K88*'Assumptions&Data'!K61)/10^$D$5 -> 0 | M31: =(Schedule!L88*'Assumptions&Data'!L61)/10^$D$5 -> 0 | N31: =(Schedule!M88*'Assumptions&Data'!M61)/10^$D$5 -> 0 | ... FO31: =(Schedule!FN88*'Assumptions&Data'!FN61)/10^$D$5 -> 0
B32: Lot 2 | D32: =SUM(G32:FO32) -> 48.646808 | G32: =(Schedule!F89*'Assumptions&Data'!F61)/10^$D$5 -> 0 | H32: =(Schedule!G89*'Assumptions&Data'!G61)/10^$D$5 -> 0 | I32: =(Schedule!H89*'Assumptions&Data'!H61)/10^$D$5 -> 0 | J32: =(Schedule!I89*'Assumptions&Data'!I61)/10^$D$5 -> 0 | K32: =(Schedule!J89*'Assumptions&Data'!J61)/10^$D$5 -> 0 | L32: =(Schedule!K89*'Assumptions&Data'!K61)/10^$D$5 -> 0 | M32: =(Schedule!L89*'Assumptions&Data'!L61)/10^$D$5 -> 0 | N32: =(Schedule!M89*'Assumptions&Data'!M61)/10^$D$5 -> 0 | ... FO32: =(Schedule!FN89*'Assumptions&Data'!FN61)/10^$D$5 -> 0
B33: Lot 3 | D33: =SUM(G33:FO33) -> 72.970213 | G33: =(Schedule!F90*'Assumptions&Data'!F61)/10^$D$5 -> 0 | H33: =(Schedule!G90*'Assumptions&Data'!G61)/10^$D$5 -> 0 | I33: =(Schedule!H90*'Assumptions&Data'!H61)/10^$D$5 -> 0 | J33: =(Schedule!I90*'Assumptions&Data'!I61)/10^$D$5 -> 0 | K33: =(Schedule!J90*'Assumptions&Data'!J61)/10^$D$5 -> 0 | L33: =(Schedule!K90*'Assumptions&Data'!K61)/10^$D$5 -> 0 | M33: =(Schedule!L90*'Assumptions&Data'!L61)/10^$D$5 -> 0 | N33: =(Schedule!M90*'Assumptions&Data'!M61)/10^$D$5 -> 0 | ... FO33: =(Schedule!FN90*'Assumptions&Data'!FN61)/10^$D$5 -> 0
B35: Commercial - NILP | C35: =IF($D$5=7, "INR Cr", "INR Mn") -> INR Cr | D35: =SUM(G35:FO35) -> 483.41557 | G35: =SUM(G36:G38) -> 0 | H35: =SUM(H36:H38) -> 0 | I35: =SUM(I36:I38) -> 0 | J35: =SUM(J36:J38) -> 0 | K35: =SUM(K36:K38) -> 0 | L35: =SUM(L36:L38) -> 0 | M35: =SUM(M36:M38) -> 0 | N35: =SUM(N36:N38) -> 0 | ... FO35: =SUM(FO36:FO38) -> 0
B36: Lot 1 | D36: =SUM(G36:FO36) -> 120.85389 | G36: =(Schedule!F93*'Assumptions&Data'!F66)/10^$D$5 -> 0 | H36: =(Schedule!G93*'Assumptions&Data'!G66)/10^$D$5 -> 0 | I36: =(Schedule!H93*'Assumptions&Data'!H66)/10^$D$5 -> 0 | J36: =(Schedule!I93*'Assumptions&Data'!I66)/10^$D$5 -> 0 | K36: =(Schedule!J93*'Assumptions&Data'!J66)/10^$D$5 -> 0 | L36: =(Schedule!K93*'Assumptions&Data'!K66)/10^$D$5 -> 0 | M36: =(Schedule!L93*'Assumptions&Data'!L66)/10^$D$5 -> 0 | N36: =(Schedule!M93*'Assumptions&Data'!M66)/10^$D$5 -> 0 | ... FO36: =(Schedule!FN93*'Assumptions&Data'!FN66)/10^$D$5 -> 0
B37: Lot 2 | D37: =SUM(G37:FO37) -> 145.02467 | G37: =(Schedule!F94*'Assumptions&Data'!F66)/10^$D$5 -> 0 | H37: =(Schedule!G94*'Assumptions&Data'!G66)/10^$D$5 -> 0 | I37: =(Schedule!H94*'Assumptions&Data'!H66)/10^$D$5 -> 0 | J37: =(Schedule!I94*'Assumptions&Data'!I66)/10^$D$5 -> 0 | K37: =(Schedule!J94*'Assumptions&Data'!J66)/10^$D$5 -> 0 | L37: =(Schedule!K94*'Assumptions&Data'!K66)/10^$D$5 -> 0 | M37: =(Schedule!L94*'Assumptions&Data'!L66)/10^$D$5 -> 0 | N37: =(Schedule!M94*'Assumptions&Data'!M66)/10^$D$5 -> 0 | ... FO37: =(Schedule!FN94*'Assumptions&Data'!FN66)/10^$D$5 -> 0
B38: Lot 3 | D38: =SUM(G38:FO38) -> 217.53701 | G38: =(Schedule!F95*'Assumptions&Data'!F66)/10^$D$5 -> 0 | H38: =(Schedule!G95*'Assumptions&Data'!G66)/10^$D$5 -> 0 | I38: =(Schedule!H95*'Assumptions&Data'!H66)/10^$D$5 -> 0 | J38: =(Schedule!I95*'Assumptions&Data'!I66)/10^$D$5 -> 0 | K38: =(Schedule!J95*'Assumptions&Data'!J66)/10^$D$5 -> 0 | L38: =(Schedule!K95*'Assumptions&Data'!K66)/10^$D$5 -> 0 | M38: =(Schedule!L95*'Assumptions&Data'!L66)/10^$D$5 -> 0 | N38: =(Schedule!M95*'Assumptions&Data'!M66)/10^$D$5 -> 0 | ... FO38: =(Schedule!FN95*'Assumptions&Data'!FN66)/10^$D$5 -> 0
B40: Commercial - TOD | C40: =IF($D$5=7, "INR Cr", "INR Mn") -> INR Cr | D40: =SUM(G40:FO40) -> 1156.1905 | G40: =SUM(G41:G43) -> 0 | H40: =SUM(H41:H43) -> 0 | I40: =SUM(I41:I43) -> 0 | J40: =SUM(J41:J43) -> 0 | K40: =SUM(K41:K43) -> 0 | L40: =SUM(L41:L43) -> 0 | M40: =SUM(M41:M43) -> 0 | N40: =SUM(N41:N43) -> 0 | ... FO40: =SUM(FO41:FO43) -> 0
B41: Lot 1 | D41: =SUM(G41:FO41) -> 289.04763 | G41: =(Schedule!F98*'Assumptions&Data'!F66)/10^$D$5 -> 0 | H41: =(Schedule!G98*'Assumptions&Data'!G66)/10^$D$5 -> 0 | I41: =(Schedule!H98*'Assumptions&Data'!H66)/10^$D$5 -> 0 | J41: =(Schedule!I98*'Assumptions&Data'!I66)/10^$D$5 -> 0 | K41: =(Schedule!J98*'Assumptions&Data'!J66)/10^$D$5 -> 0 | L41: =(Schedule!K98*'Assumptions&Data'!K66)/10^$D$5 -> 0 | M41: =(Schedule!L98*'Assumptions&Data'!L66)/10^$D$5 -> 0 | N41: =(Schedule!M98*'Assumptions&Data'!M66)/10^$D$5 -> 0 | ... FO41: =(Schedule!FN98*'Assumptions&Data'!FN66)/10^$D$5 -> 0
B42: Lot 2 | D42: =SUM(G42:FO42) -> 346.85715 | G42: =(Schedule!F99*'Assumptions&Data'!F66)/10^$D$5 -> 0 | H42: =(Schedule!G99*'Assumptions&Data'!G66)/10^$D$5 -> 0 | I42: =(Schedule!H99*'Assumptions&Data'!H66)/10^$D$5 -> 0 | J42: =(Schedule!I99*'Assumptions&Data'!I66)/10^$D$5 -> 0 | K42: =(Schedule!J99*'Assumptions&Data'!J66)/10^$D$5 -> 0 | L42: =(Schedule!K99*'Assumptions&Data'!K66)/10^$D$5 -> 0 | M42: =(Schedule!L99*'Assumptions&Data'!L66)/10^$D$5 -> 0 | N42: =(Schedule!M99*'Assumptions&Data'!M66)/10^$D$5 -> 0 | ... FO42: =(Schedule!FN99*'Assumptions&Data'!FN66)/10^$D$5 -> 0
B43: Lot 3 | D43: =SUM(G43:FO43) -> 520.28573 | G43: =(Schedule!F100*'Assumptions&Data'!F66)/10^$D$5 -> 0 | H43: =(Schedule!G100*'Assumptions&Data'!G66)/10^$D$5 -> 0 | I43: =(Schedule!H100*'Assumptions&Data'!H66)/10^$D$5 -> 0 | J43: =(Schedule!I100*'Assumptions&Data'!I66)/10^$D$5 -> 0 | K43: =(Schedule!J100*'Assumptions&Data'!J66)/10^$D$5 -> 0 | L43: =(Schedule!K100*'Assumptions&Data'!K66)/10^$D$5 -> 0 | M43: =(Schedule!L100*'Assumptions&Data'!L66)/10^$D$5 -> 0 | N43: =(Schedule!M100*'Assumptions&Data'!M66)/10^$D$5 -> 0 | ... FO43: =(Schedule!FN100*'Assumptions&Data'!FN66)/10^$D$5 -> 0
B45: Total Residential Sale | D45: =SUM(G45:FO45) -> 6299.6528 | G45: =G25+G20+G15+G10 -> 0 | H45: =H25+H20+H15+H10 -> 0 | I45: =I25+I20+I15+I10 -> 0 | J45: =J25+J20+J15+J10 -> 0 | K45: =K25+K20+K15+K10 -> 0 | L45: =L25+L20+L15+L10 -> 0 | M45: =M25+M20+M15+M10 -> 0 | N45: =N25+N20+N15+N10 -> 0 | ... FO45: =FO25+FO20+FO15+FO10 -> 0
B47: Total commercial incl. retail | D47: =SUM(G47:FO47) -> 1801.7621 | G47: =G40+G35+G30 -> 0 | H47: =H40+H35+H30 -> 0 | I47: =I40+I35+I30 -> 0 | J47: =J40+J35+J30 -> 0 | K47: =K40+K35+K30 -> 0 | L47: =L40+L35+L30 -> 0 | M47: =M40+M35+M30 -> 0 | N47: =N40+N35+N30 -> 0 | ... FO47: =FO40+FO35+FO30 -> 0
B49: Total Sale (Commercial + Resi) | D49: =SUM(G49:FO49) -> 8101.4149 | G49: =G47+G45 -> 0 | H49: =H47+H45 -> 0 | I49: =I47+I45 -> 0 | J49: =J47+J45 -> 0 | K49: =K47+K45 -> 0 | L49: =L47+L45 -> 0 | M49: =M47+M45 -> 0 | N49: =N47+N45 -> 0 | ... FO49: =FO47+FO45 -> 0
B51: EDC-IDC Recovery | C51: =IF($D$5=7, "INR Cr", "INR Mn") -> INR Cr | D51: =SUM(G51:FO51) -> 181.76383 | G51: =SUM(G52:G54) -> 0 | H51: =SUM(H52:H54) -> 0 | I51: =SUM(I52:I54) -> 0 | J51: =SUM(J52:J54) -> 0 | K51: =SUM(K52:K54) -> 0 | L51: =SUM(L52:L54) -> 0 | M51: =SUM(M52:M54) -> 0 | N51: =SUM(N52:N54) -> 0 | ... FO51: =SUM(FO52:FO54) -> 0
B52: Lot 1 | D52: =SUM(G52:FO52) -> 45.440958 | G52: =(Schedule!F73+Schedule!F78+Schedule!F83+Schedule!F88+Schedule!F93+Schedule!F98)*Schedule!$D$7/10^7 -> 0 | H52: =(Schedule!G73+Schedule!G78+Schedule!G83+Schedule!G88+Schedule!G93+Schedule!G98)*Schedule!$D$7/10^7 -> 0 | I52: =(Schedule!H73+Schedule!H78+Schedule!H83+Schedule!H88+Schedule!H93+Schedule!H98)*Schedule!$D$7/10^7 -> 0 | J52: =(Schedule!I73+Schedule!I78+Schedule!I83+Schedule!I88+Schedule!I93+Schedule!I98)*Schedule!$D$7/10^7 -> 0 | K52: =(Schedule!J73+Schedule!J78+Schedule!J83+Schedule!J88+Schedule!J93+Schedule!J98)*Schedule!$D$7/10^7 -> 0 | L52: =(Schedule!K73+Schedule!K78+Schedule!K83+Schedule!K88+Schedule!K93+Schedule!K98)*Schedule!$D$7/10^7 -> 0 | M52: =(Schedule!L73+Schedule!L78+Schedule!L83+Schedule!L88+Schedule!L93+Schedule!L98)*Schedule!$D$7/10^7 -> 0 | N52: =(Schedule!M73+Schedule!M78+Schedule!M83+Schedule!M88+Schedule!M93+Schedule!M98)*Schedule!$D$7/10^7 -> 0 | ... FO52: =(Schedule!FN73+Schedule!FN78+Schedule!FN83+Schedule!FN88+Schedule!FN93+Schedule!FN98)*Schedule!$D$7/10^7 -> 0
B53: Lot 2 | D53: =SUM(G53:FO53) -> 54.52915 | G53: =(Schedule!F74+Schedule!F79+Schedule!F84+Schedule!F89+Schedule!F94+Schedule!F99)*Schedule!$D$7/10^7 -> 0 | H53: =(Schedule!G74+Schedule!G79+Schedule!G84+Schedule!G89+Schedule!G94+Schedule!G99)*Schedule!$D$7/10^7 -> 0 | I53: =(Schedule!H74+Schedule!H79+Schedule!H84+Schedule!H89+Schedule!H94+Schedule!H99)*Schedule!$D$7/10^7 -> 0 | J53: =(Schedule!I74+Schedule!I79+Schedule!I84+Schedule!I89+Schedule!I94+Schedule!I99)*Schedule!$D$7/10^7 -> 0 | K53: =(Schedule!J74+Schedule!J79+Schedule!J84+Schedule!J89+Schedule!J94+Schedule!J99)*Schedule!$D$7/10^7 -> 0 | L53: =(Schedule!K74+Schedule!K79+Schedule!K84+Schedule!K89+Schedule!K94+Schedule!K99)*Schedule!$D$7/10^7 -> 0 | M53: =(Schedule!L74+Schedule!L79+Schedule!L84+Schedule!L89+Schedule!L94+Schedule!L99)*Schedule!$D$7/10^7 -> 0 | N53: =(Schedule!M74+Schedule!M79+Schedule!M84+Schedule!M89+Schedule!M94+Schedule!M99)*Schedule!$D$7/10^7 -> 0 | ... FO53: =(Schedule!FN74+Schedule!FN79+Schedule!FN84+Schedule!FN89+Schedule!FN94+Schedule!FN99)*Schedule!$D$7/10^7 -> 0
B54: Lot 3 | D54: =SUM(G54:FO54) -> 81.793725 | G54: =(Schedule!F75+Schedule!F80+Schedule!F85+Schedule!F90+Schedule!F95+Schedule!F100)*Schedule!$D$7/10^7 -> 0 | H54: =(Schedule!G75+Schedule!G80+Schedule!G85+Schedule!G90+Schedule!G95+Schedule!G100)*Schedule!$D$7/10^7 -> 0 | I54: =(Schedule!H75+Schedule!H80+Schedule!H85+Schedule!H90+Schedule!H95+Schedule!H100)*Schedule!$D$7/10^7 -> 0 | J54: =(Schedule!I75+Schedule!I80+Schedule!I85+Schedule!I90+Schedule!I95+Schedule!I100)*Schedule!$D$7/10^7 -> 0 | K54: =(Schedule!J75+Schedule!J80+Schedule!J85+Schedule!J90+Schedule!J95+Schedule!J100)*Schedule!$D$7/10^7 -> 0 | L54: =(Schedule!K75+Schedule!K80+Schedule!K85+Schedule!K90+Schedule!K95+Schedule!K100)*Schedule!$D$7/10^7 -> 0 | M54: =(Schedule!L75+Schedule!L80+Schedule!L85+Schedule!L90+Schedule!L95+Schedule!L100)*Schedule!$D$7/10^7 -> 0 | N54: =(Schedule!M75+Schedule!M80+Schedule!M85+Schedule!M90+Schedule!M95+Schedule!M100)*Schedule!$D$7/10^7 -> 0 | ... FO54: =(Schedule!FN75+Schedule!FN80+Schedule!FN85+Schedule!FN90+Schedule!FN95+Schedule!FN100)*Schedule!$D$7/10^7 -> 0
B57: Construction cost | G57: =G1 -> 45748 | H57: =EOMONTH(G57, 1) -> 45808 | I57: =EOMONTH(H57, 1) -> 45838 | J57: =EOMONTH(I57, 1) -> 45869 | K57: =EOMONTH(J57, 1) -> 45900 | L57: =EOMONTH(K57, 1) -> 45930 | M57: =EOMONTH(L57, 1) -> 45961 | N57: =EOMONTH(M57, 1) -> 45991 | O57: =EOMONTH(N57, 1) -> 46022 | ... FO57: =EOMONTH(FN57, 1) -> 50770
B60: Particulars
B61: Residential 2 BHK | C61: =IF($D$5=7, "INR Cr", "INR Mn") -> INR Cr | D61: =SUM(G61:FO61) -> 0 | G61: =SUM(G62:G64) -> 0 | H61: =SUM(H62:H64) -> 0 | I61: =SUM(I62:I64) -> 0 | J61: =SUM(J62:J64) -> 0 | K61: =SUM(K62:K64) -> 0 | L61: =SUM(L62:L64) -> 0 | M61: =SUM(M62:M64) -> 0 | N61: =SUM(N62:N64) -> 0 | ... FO61: =SUM(FO62:FO64) -> 0
B62: Lot 1 | D62: =SUM(G62:FO62) -> 0 | G62: =(Schedule!F135*'Assumptions&Data'!F72)/10^$D$5 -> 0 | H62: =(Schedule!G135*'Assumptions&Data'!G72)/10^$D$5 -> 0 | I62: =(Schedule!H135*'Assumptions&Data'!H72)/10^$D$5 -> 0 | J62: =(Schedule!I135*'Assumptions&Data'!I72)/10^$D$5 -> 0 | K62: =(Schedule!J135*'Assumptions&Data'!J72)/10^$D$5 -> 0 | L62: =(Schedule!K135*'Assumptions&Data'!K72)/10^$D$5 -> 0 | M62: =(Schedule!L135*'Assumptions&Data'!L72)/10^$D$5 -> 0 | N62: =(Schedule!M135*'Assumptions&Data'!M72)/10^$D$5 -> 0 | ... FO62: =(Schedule!FN135*'Assumptions&Data'!FN72)/10^$D$5 -> 0
B63: Lot 2 | D63: =SUM(G63:FO63) -> 0 | G63: =(Schedule!F136*'Assumptions&Data'!F72)/10^$D$5 -> 0 | H63: =(Schedule!G136*'Assumptions&Data'!G72)/10^$D$5 -> 0 | I63: =(Schedule!H136*'Assumptions&Data'!H72)/10^$D$5 -> 0 | J63: =(Schedule!I136*'Assumptions&Data'!I72)/10^$D$5 -> 0 | K63: =(Schedule!J136*'Assumptions&Data'!J72)/10^$D$5 -> 0 | L63: =(Schedule!K136*'Assumptions&Data'!K72)/10^$D$5 -> 0 | M63: =(Schedule!L136*'Assumptions&Data'!L72)/10^$D$5 -> 0 | N63: =(Schedule!M136*'Assumptions&Data'!M72)/10^$D$5 -> 0 | ... FO63: =(Schedule!FN136*'Assumptions&Data'!FN72)/10^$D$5 -> 0
B64: Lot 3 | D64: =SUM(G64:FO64) -> 0 | G64: =(Schedule!F137*'Assumptions&Data'!F72)/10^$D$5 -> 0 | H64: =(Schedule!G137*'Assumptions&Data'!G72)/10^$D$5 -> 0 | I64: =(Schedule!H137*'Assumptions&Data'!H72)/10^$D$5 -> 0 | J64: =(Schedule!I137*'Assumptions&Data'!I72)/10^$D$5 -> 0 | K64: =(Schedule!J137*'Assumptions&Data'!J72)/10^$D$5 -> 0 | L64: =(Schedule!K137*'Assumptions&Data'!K72)/10^$D$5 -> 0 | M64: =(Schedule!L137*'Assumptions&Data'!L72)/10^$D$5 -> 0 | N64: =(Schedule!M137*'Assumptions&Data'!M72)/10^$D$5 -> 0 | ... FO64: =(Schedule!FN137*'Assumptions&Data'!FN72)/10^$D$5 -> 0
B66: Residential 3 BHK | C66: =IF($D$5=7, "INR Cr", "INR Mn") -> INR Cr | D66: =SUM(G66:FO66) -> 279.503 | G66: =SUM(G67:G69) -> 0 | H66: =SUM(H67:H69) -> 0 | I66: =SUM(I67:I69) -> 0 | J66: =SUM(J67:J69) -> 0 | K66: =SUM(K67:K69) -> 0 | L66: =SUM(L67:L69) -> 0 | M66: =SUM(M67:M69) -> 0 | N66: =SUM(N67:N69) -> 0 | ... FO66: =SUM(FO67:FO69) -> 0
B67: Lot 1 | D67: =SUM(G67:FO67) -> 69.875749 | G67: =(Schedule!F140*'Assumptions&Data'!F72)/10^$D$5 -> 0 | H67: =(Schedule!G140*'Assumptions&Data'!G72)/10^$D$5 -> 0 | I67: =(Schedule!H140*'Assumptions&Data'!H72)/10^$D$5 -> 0 | J67: =(Schedule!I140*'Assumptions&Data'!I72)/10^$D$5 -> 0 | K67: =(Schedule!J140*'Assumptions&Data'!J72)/10^$D$5 -> 0 | L67: =(Schedule!K140*'Assumptions&Data'!K72)/10^$D$5 -> 0 | M67: =(Schedule!L140*'Assumptions&Data'!L72)/10^$D$5 -> 0 | N67: =(Schedule!M140*'Assumptions&Data'!M72)/10^$D$5 -> 0 | ... FO67: =(Schedule!FN140*'Assumptions&Data'!FN72)/10^$D$5 -> 0
B68: Lot 2 | D68: =SUM(G68:FO68) -> 83.850899 | G68: =(Schedule!F141*'Assumptions&Data'!F72)/10^$D$5 -> 0 | H68: =(Schedule!G141*'Assumptions&Data'!G72)/10^$D$5 -> 0 | I68: =(Schedule!H141*'Assumptions&Data'!H72)/10^$D$5 -> 0 | J68: =(Schedule!I141*'Assumptions&Data'!I72)/10^$D$5 -> 0 | K68: =(Schedule!J141*'Assumptions&Data'!J72)/10^$D$5 -> 0 | L68: =(Schedule!K141*'Assumptions&Data'!K72)/10^$D$5 -> 0 | M68: =(Schedule!L141*'Assumptions&Data'!L72)/10^$D$5 -> 0 | N68: =(Schedule!M141*'Assumptions&Data'!M72)/10^$D$5 -> 0 | ... FO68: =(Schedule!FN141*'Assumptions&Data'!FN72)/10^$D$5 -> 0
B69: Lot 3 | D69: =SUM(G69:FO69) -> 125.77635 | G69: =(Schedule!F142*'Assumptions&Data'!F72)/10^$D$5 -> 0 | H69: =(Schedule!G142*'Assumptions&Data'!G72)/10^$D$5 -> 0 | I69: =(Schedule!H142*'Assumptions&Data'!H72)/10^$D$5 -> 0 | J69: =(Schedule!I142*'Assumptions&Data'!I72)/10^$D$5 -> 0 | K69: =(Schedule!J142*'Assumptions&Data'!J72)/10^$D$5 -> 0 | L69: =(Schedule!K142*'Assumptions&Data'!K72)/10^$D$5 -> 0 | M69: =(Schedule!L142*'Assumptions&Data'!L72)/10^$D$5 -> 0 | N69: =(Schedule!M142*'Assumptions&Data'!M72)/10^$D$5 -> 0 | ... FO69: =(Schedule!FN142*'Assumptions&Data'!FN72)/10^$D$5 -> 0
B71: Residential 3 BHK + S | C71: =IF($D$5=7, "INR Cr", "INR Mn") -> INR Cr | D71: =SUM(G71:FO71) -> 372.67066 | G71: =SUM(G72:G74) -> 0 | H71: =SUM(H72:H74) -> 0 | I71: =SUM(I72:I74) -> 0 | J71: =SUM(J72:J74) -> 0 | K71: =SUM(K72:K74) -> 0 | L71: =SUM(L72:L74) -> 0 | M71: =SUM(M72:M74) -> 0 | N71: =SUM(N72:N74) -> 0 | ... FO71: =SUM(FO72:FO74) -> 0
B72: Lot 1 | D72: =SUM(G72:FO72) -> 93.167666 | G72: =(Schedule!F145*'Assumptions&Data'!F72)/10^$D$5 -> 0 | H72: =(Schedule!G145*'Assumptions&Data'!G72)/10^$D$5 -> 0 | I72: =(Schedule!H145*'Assumptions&Data'!H72)/10^$D$5 -> 0 | J72: =(Schedule!I145*'Assumptions&Data'!I72)/10^$D$5 -> 0 | K72: =(Schedule!J145*'Assumptions&Data'!J72)/10^$D$5 -> 0 | L72: =(Schedule!K145*'Assumptions&Data'!K72)/10^$D$5 -> 0 | M72: =(Schedule!L145*'Assumptions&Data'!L72)/10^$D$5 -> 0 | N72: =(Schedule!M145*'Assumptions&Data'!M72)/10^$D$5 -> 0 | ... FO72: =(Schedule!FN145*'Assumptions&Data'!FN72)/10^$D$5 -> 0
B73: Lot 2 | D73: =SUM(G73:FO73) -> 111.8012 | G73: =(Schedule!F146*'Assumptions&Data'!F72)/10^$D$5 -> 0 | H73: =(Schedule!G146*'Assumptions&Data'!G72)/10^$D$5 -> 0 | I73: =(Schedule!H146*'Assumptions&Data'!H72)/10^$D$5 -> 0 | J73: =(Schedule!I146*'Assumptions&Data'!I72)/10^$D$5 -> 0 | K73: =(Schedule!J146*'Assumptions&Data'!J72)/10^$D$5 -> 0 | L73: =(Schedule!K146*'Assumptions&Data'!K72)/10^$D$5 -> 0 | M73: =(Schedule!L146*'Assumptions&Data'!L72)/10^$D$5 -> 0 | N73: =(Schedule!M146*'Assumptions&Data'!M72)/10^$D$5 -> 0 | ... FO73: =(Schedule!FN146*'Assumptions&Data'!FN72)/10^$D$5 -> 0
B74: Lot 3 | D74: =SUM(G74:FO74) -> 167.7018 | G74: =(Schedule!F147*'Assumptions&Data'!F72)/10^$D$5 -> 0 | H74: =(Schedule!G147*'Assumptions&Data'!G72)/10^$D$5 -> 0 | I74: =(Schedule!H147*'Assumptions&Data'!H72)/10^$D$5 -> 0 | J74: =(Schedule!I147*'Assumptions&Data'!I72)/10^$D$5 -> 0 | K74: =(Schedule!J147*'Assumptions&Data'!J72)/10^$D$5 -> 0 | L74: =(Schedule!K147*'Assumptions&Data'!K72)/10^$D$5 -> 0 | M74: =(Schedule!L147*'Assumptions&Data'!L72)/10^$D$5 -> 0 | N74: =(Schedule!M147*'Assumptions&Data'!M72)/10^$D$5 -> 0 | ... FO74: =(Schedule!FN147*'Assumptions&Data'!FN72)/10^$D$5 -> 0
B76: Residential 4 BHK + S | C76: =IF($D$5=7, "INR Cr", "INR Mn") -> INR Cr | D76: =SUM(G76:FO76) -> 279.503 | G76: =SUM(G77:G79) -> 0 | H76: =SUM(H77:H79) -> 0 | I76: =SUM(I77:I79) -> 0 | J76: =SUM(J77:J79) -> 0 | K76: =SUM(K77:K79) -> 0 | L76: =SUM(L77:L79) -> 0 | M76: =SUM(M77:M79) -> 0 | N76: =SUM(N77:N79) -> 0 | ... FO76: =SUM(FO77:FO79) -> 0
B77: Lot 1 | D77: =SUM(G77:FO77) -> 69.875749 | G77: =(Schedule!F150*'Assumptions&Data'!F72)/10^$D$5 -> 0 | H77: =(Schedule!G150*'Assumptions&Data'!G72)/10^$D$5 -> 0 | I77: =(Schedule!H150*'Assumptions&Data'!H72)/10^$D$5 -> 0 | J77: =(Schedule!I150*'Assumptions&Data'!I72)/10^$D$5 -> 0 | K77: =(Schedule!J150*'Assumptions&Data'!J72)/10^$D$5 -> 0 | L77: =(Schedule!K150*'Assumptions&Data'!K72)/10^$D$5 -> 0 | M77: =(Schedule!L150*'Assumptions&Data'!L72)/10^$D$5 -> 0 | N77: =(Schedule!M150*'Assumptions&Data'!M72)/10^$D$5 -> 0 | ... FO77: =(Schedule!FN150*'Assumptions&Data'!FN72)/10^$D$5 -> 0
B78: Lot 2 | D78: =SUM(G78:FO78) -> 83.850899 | G78: =(Schedule!F151*'Assumptions&Data'!F72)/10^$D$5 -> 0 | H78: =(Schedule!G151*'Assumptions&Data'!G72)/10^$D$5 -> 0 | I78: =(Schedule!H151*'Assumptions&Data'!H72)/10^$D$5 -> 0 | J78: =(Schedule!I151*'Assumptions&Data'!I72)/10^$D$5 -> 0 | K78: =(Schedule!J151*'Assumptions&Data'!J72)/10^$D$5 -> 0 | L78: =(Schedule!K151*'Assumptions&Data'!K72)/10^$D$5 -> 0 | M78: =(Schedule!L151*'Assumptions&Data'!L72)/10^$D$5 -> 0 | N78: =(Schedule!M151*'Assumptions&Data'!M72)/10^$D$5 -> 0 | ... FO78: =(Schedule!FN151*'Assumptions&Data'!FN72)/10^$D$5 -> 0
B79: Lot 3 | D79: =SUM(G79:FO79) -> 125.77635 | G79: =(Schedule!F152*'Assumptions&Data'!F72)/10^$D$5 -> 0 | H79: =(Schedule!G152*'Assumptions&Data'!G72)/10^$D$5 -> 0 | I79: =(Schedule!H152*'Assumptions&Data'!H72)/10^$D$5 -> 0 | J79: =(Schedule!I152*'Assumptions&Data'!I72)/10^$D$5 -> 0 | K79: =(Schedule!J152*'Assumptions&Data'!J72)/10^$D$5 -> 0 | L79: =(Schedule!K152*'Assumptions&Data'!K72)/10^$D$5 -> 0 | M79: =(Schedule!L152*'Assumptions&Data'!L72)/10^$D$5 -> 0 | N79: =(Schedule!M152*'Assumptions&Data'!M72)/10^$D$5 -> 0 | ... FO79: =(Schedule!FN152*'Assumptions&Data'!FN72)/10^$D$5 -> 0
B81: Retail | C81: =IF($D$5=7, "INR Cr", "INR Mn") -> INR Cr | D81: =SUM(G81:FO81) -> 23.386503 | G81: =SUM(G82:G84) -> 0 | H81: =SUM(H82:H84) -> 0 | I81: =SUM(I82:I84) -> 0 | J81: =SUM(J82:J84) -> 0 | K81: =SUM(K82:K84) -> 0 | L81: =SUM(L82:L84) -> 0 | M81: =SUM(M82:M84) -> 0 | N81: =SUM(N82:N84) -> 0 | ... FO81: =SUM(FO82:FO84) -> 0
B82: Lot 1 | D82: =SUM(G82:FO82) -> 5.8466257 | G82: =(Schedule!F155*'Assumptions&Data'!F76)/10^$D$5 -> 0 | H82: =(Schedule!G155*'Assumptions&Data'!G76)/10^$D$5 -> 0 | I82: =(Schedule!H155*'Assumptions&Data'!H76)/10^$D$5 -> 0 | J82: =(Schedule!I155*'Assumptions&Data'!I76)/10^$D$5 -> 0 | K82: =(Schedule!J155*'Assumptions&Data'!J76)/10^$D$5 -> 0 | L82: =(Schedule!K155*'Assumptions&Data'!K76)/10^$D$5 -> 0 | M82: =(Schedule!L155*'Assumptions&Data'!L76)/10^$D$5 -> 0 | N82: =(Schedule!M155*'Assumptions&Data'!M76)/10^$D$5 -> 0 | ... FO82: =(Schedule!FN155*'Assumptions&Data'!FN76)/10^$D$5 -> 0
B83: Lot 2 | D83: =SUM(G83:FO83) -> 7.0159508 | G83: =(Schedule!F156*'Assumptions&Data'!F76)/10^$D$5 -> 0 | H83: =(Schedule!G156*'Assumptions&Data'!G76)/10^$D$5 -> 0 | I83: =(Schedule!H156*'Assumptions&Data'!H76)/10^$D$5 -> 0 | J83: =(Schedule!I156*'Assumptions&Data'!I76)/10^$D$5 -> 0 | K83: =(Schedule!J156*'Assumptions&Data'!J76)/10^$D$5 -> 0 | L83: =(Schedule!K156*'Assumptions&Data'!K76)/10^$D$5 -> 0 | M83: =(Schedule!L156*'Assumptions&Data'!L76)/10^$D$5 -> 0 | N83: =(Schedule!M156*'Assumptions&Data'!M76)/10^$D$5 -> 0 | ... FO83: =(Schedule!FN156*'Assumptions&Data'!FN76)/10^$D$5 -> 0
B84: Lot 3 | D84: =SUM(G84:FO84) -> 10.523926 | G84: =(Schedule!F157*'Assumptions&Data'!F76)/10^$D$5 -> 0 | H84: =(Schedule!G157*'Assumptions&Data'!G76)/10^$D$5 -> 0 | I84: =(Schedule!H157*'Assumptions&Data'!H76)/10^$D$5 -> 0 | J84: =(Schedule!I157*'Assumptions&Data'!I76)/10^$D$5 -> 0 | K84: =(Schedule!J157*'Assumptions&Data'!J76)/10^$D$5 -> 0 | L84: =(Schedule!K157*'Assumptions&Data'!K76)/10^$D$5 -> 0 | M84: =(Schedule!L157*'Assumptions&Data'!L76)/10^$D$5 -> 0 | N84: =(Schedule!M157*'Assumptions&Data'!M76)/10^$D$5 -> 0 | ... FO84: =(Schedule!FN157*'Assumptions&Data'!FN76)/10^$D$5 -> 0
B86: Commercial - NILP | C86: =IF($D$5=7, "INR Cr", "INR Mn") -> INR Cr | D86: =SUM(G86:FO86) -> 69.719268 | G86: =SUM(G87:G89) -> 0 | H86: =SUM(H87:H89) -> 0 | I86: =SUM(I87:I89) -> 0 | J86: =SUM(J87:J89) -> 0 | K86: =SUM(K87:K89) -> 0 | L86: =SUM(L87:L89) -> 0 | M86: =SUM(M87:M89) -> 0 | N86: =SUM(N87:N89) -> 0 | ... FO86: =SUM(FO87:FO89) -> 0
B87: Lot 1 | D87: =SUM(G87:FO87) -> 17.429817 | G87: =(Schedule!F160*'Assumptions&Data'!F77)/10^$D$5 -> 0 | H87: =(Schedule!G160*'Assumptions&Data'!G77)/10^$D$5 -> 0 | I87: =(Schedule!H160*'Assumptions&Data'!H77)/10^$D$5 -> 0 | J87: =(Schedule!I160*'Assumptions&Data'!I77)/10^$D$5 -> 0 | K87: =(Schedule!J160*'Assumptions&Data'!J77)/10^$D$5 -> 0 | L87: =(Schedule!K160*'Assumptions&Data'!K77)/10^$D$5 -> 0 | M87: =(Schedule!L160*'Assumptions&Data'!L77)/10^$D$5 -> 0 | N87: =(Schedule!M160*'Assumptions&Data'!M77)/10^$D$5 -> 0 | ... FO87: =(Schedule!FN160*'Assumptions&Data'!FN77)/10^$D$5 -> 0
B88: Lot 2 | D88: =SUM(G88:FO88) -> 20.91578 | G88: =(Schedule!F161*'Assumptions&Data'!F77)/10^$D$5 -> 0 | H88: =(Schedule!G161*'Assumptions&Data'!G77)/10^$D$5 -> 0 | I88: =(Schedule!H161*'Assumptions&Data'!H77)/10^$D$5 -> 0 | J88: =(Schedule!I161*'Assumptions&Data'!I77)/10^$D$5 -> 0 | K88: =(Schedule!J161*'Assumptions&Data'!J77)/10^$D$5 -> 0 | L88: =(Schedule!K161*'Assumptions&Data'!K77)/10^$D$5 -> 0 | M88: =(Schedule!L161*'Assumptions&Data'!L77)/10^$D$5 -> 0 | N88: =(Schedule!M161*'Assumptions&Data'!M77)/10^$D$5 -> 0 | ... FO88: =(Schedule!FN161*'Assumptions&Data'!FN77)/10^$D$5 -> 0
B89: Lot 3 | D89: =SUM(G89:FO89) -> 31.373671 | G89: =(Schedule!F162*'Assumptions&Data'!F77)/10^$D$5 -> 0 | H89: =(Schedule!G162*'Assumptions&Data'!G77)/10^$D$5 -> 0 | I89: =(Schedule!H162*'Assumptions&Data'!H77)/10^$D$5 -> 0 | J89: =(Schedule!I162*'Assumptions&Data'!I77)/10^$D$5 -> 0 | K89: =(Schedule!J162*'Assumptions&Data'!J77)/10^$D$5 -> 0 | L89: =(Schedule!K162*'Assumptions&Data'!K77)/10^$D$5 -> 0 | M89: =(Schedule!L162*'Assumptions&Data'!L77)/10^$D$5 -> 0 | N89: =(Schedule!M162*'Assumptions&Data'!M77)/10^$D$5 -> 0 | ... FO89: =(Schedule!FN162*'Assumptions&Data'!FN77)/10^$D$5 -> 0
B91: Commercial - TOD | C91: =IF($D$5=7, "INR Cr", "INR Mn") -> INR Cr | D91: =SUM(G91:FO91) -> 166.74836 | G91: =SUM(G92:G94) -> 0 | H91: =SUM(H92:H94) -> 0 | I91: =SUM(I92:I94) -> 0 | J91: =SUM(J92:J94) -> 0 | K91: =SUM(K92:K94) -> 0 | L91: =SUM(L92:L94) -> 0 | M91: =SUM(M92:M94) -> 0 | N91: =SUM(N92:N94) -> 0 | ... FO91: =SUM(FO92:FO94) -> 0
B92: Lot 1 | D92: =SUM(G92:FO92) -> 41.687091 | G92: =(Schedule!F165*'Assumptions&Data'!F77)/10^$D$5 -> 0 | H92: =(Schedule!G165*'Assumptions&Data'!G77)/10^$D$5 -> 0 | I92: =(Schedule!H165*'Assumptions&Data'!H77)/10^$D$5 -> 0 | J92: =(Schedule!I165*'Assumptions&Data'!I77)/10^$D$5 -> 0 | K92: =(Schedule!J165*'Assumptions&Data'!J77)/10^$D$5 -> 0 | L92: =(Schedule!K165*'Assumptions&Data'!K77)/10^$D$5 -> 0 | M92: =(Schedule!L165*'Assumptions&Data'!L77)/10^$D$5 -> 0 | N92: =(Schedule!M165*'Assumptions&Data'!M77)/10^$D$5 -> 0 | ... FO92: =(Schedule!FN165*'Assumptions&Data'!FN77)/10^$D$5 -> 0
B93: Lot 2 | D93: =SUM(G93:FO93) -> 50.024509 | G93: =(Schedule!F166*'Assumptions&Data'!F77)/10^$D$5 -> 0 | H93: =(Schedule!G166*'Assumptions&Data'!G77)/10^$D$5 -> 0 | I93: =(Schedule!H166*'Assumptions&Data'!H77)/10^$D$5 -> 0 | J93: =(Schedule!I166*'Assumptions&Data'!I77)/10^$D$5 -> 0 | K93: =(Schedule!J166*'Assumptions&Data'!J77)/10^$D$5 -> 0 | L93: =(Schedule!K166*'Assumptions&Data'!K77)/10^$D$5 -> 0 | M93: =(Schedule!L166*'Assumptions&Data'!L77)/10^$D$5 -> 0 | N93: =(Schedule!M166*'Assumptions&Data'!M77)/10^$D$5 -> 0 | ... FO93: =(Schedule!FN166*'Assumptions&Data'!FN77)/10^$D$5 -> 0
B94: Lot 3 | D94: =SUM(G94:FO94) -> 75.036764 | G94: =(Schedule!F167*'Assumptions&Data'!F77)/10^$D$5 -> 0 | H94: =(Schedule!G167*'Assumptions&Data'!G77)/10^$D$5 -> 0 | I94: =(Schedule!H167*'Assumptions&Data'!H77)/10^$D$5 -> 0 | J94: =(Schedule!I167*'Assumptions&Data'!I77)/10^$D$5 -> 0 | K94: =(Schedule!J167*'Assumptions&Data'!J77)/10^$D$5 -> 0 | L94: =(Schedule!K167*'Assumptions&Data'!K77)/10^$D$5 -> 0 | M94: =(Schedule!L167*'Assumptions&Data'!L77)/10^$D$5 -> 0 | N94: =(Schedule!M167*'Assumptions&Data'!M77)/10^$D$5 -> 0 | ... FO94: =(Schedule!FN167*'Assumptions&Data'!FN77)/10^$D$5 -> 0
B96: Club House | C96: =IF($D$5=7, "INR Cr", "INR Mn") -> INR Cr | D96: =SUM(G96:FO96) -> 68.146605 | G96: =SUM(G97:G99) -> 0 | H96: =SUM(H97:H99) -> 0 | I96: =SUM(I97:I99) -> 0 | J96: =SUM(J97:J99) -> 0 | K96: =SUM(K97:K99) -> 0 | L96: =SUM(L97:L99) -> 0 | M96: =SUM(M97:M99) -> 0 | N96: =SUM(N97:N99) -> 0 | ... FO96: =SUM(FO97:FO99) -> 0
B97: Lot 1 | D97: =SUM(G97:FO97) -> 68.146605 | G97: =(Schedule!F170*'Assumptions&Data'!H74)/10^$D$5 -> 0 | H97: =(Schedule!G170*'Assumptions&Data'!I74)/10^$D$5 -> 0 | I97: =(Schedule!H170*'Assumptions&Data'!J74)/10^$D$5 -> 0 | J97: =(Schedule!I170*'Assumptions&Data'!K74)/10^$D$5 -> 0 | K97: =(Schedule!J170*'Assumptions&Data'!L74)/10^$D$5 -> 0 | L97: =(Schedule!K170*'Assumptions&Data'!M74)/10^$D$5 -> 0 | M97: =(Schedule!L170*'Assumptions&Data'!N74)/10^$D$5 -> 0 | N97: =(Schedule!M170*'Assumptions&Data'!O74)/10^$D$5 -> 0 | ... FO97: =(Schedule!FN170*'Assumptions&Data'!FP74)/10^$D$5 -> 0
B98: Lot 2 | D98: =SUM(G98:FO98) -> 0 | G98: =(Schedule!F171*'Assumptions&Data'!H75)/10^$D$5 -> 0 | H98: =(Schedule!G171*'Assumptions&Data'!I75)/10^$D$5 -> 0 | I98: =(Schedule!H171*'Assumptions&Data'!J75)/10^$D$5 -> 0 | J98: =(Schedule!I171*'Assumptions&Data'!K75)/10^$D$5 -> 0 | K98: =(Schedule!J171*'Assumptions&Data'!L75)/10^$D$5 -> 0 | L98: =(Schedule!K171*'Assumptions&Data'!M75)/10^$D$5 -> 0 | M98: =(Schedule!L171*'Assumptions&Data'!N75)/10^$D$5 -> 0 | N98: =(Schedule!M171*'Assumptions&Data'!O75)/10^$D$5 -> 0 | ... FO98: =(Schedule!FN171*'Assumptions&Data'!FP75)/10^$D$5 -> 0
B99: Lot 3 | D99: =SUM(G99:FO99) -> 0 | G99: =(Schedule!F172*'Assumptions&Data'!H76)/10^$D$5 -> 0 | H99: =(Schedule!G172*'Assumptions&Data'!I76)/10^$D$5 -> 0 | I99: =(Schedule!H172*'Assumptions&Data'!J76)/10^$D$5 -> 0 | J99: =(Schedule!I172*'Assumptions&Data'!K76)/10^$D$5 -> 0 | K99: =(Schedule!J172*'Assumptions&Data'!L76)/10^$D$5 -> 0 | L99: =(Schedule!K172*'Assumptions&Data'!M76)/10^$D$5 -> 0 | M99: =(Schedule!L172*'Assumptions&Data'!N76)/10^$D$5 -> 0 | N99: =(Schedule!M172*'Assumptions&Data'!O76)/10^$D$5 -> 0 | ... FO99: =(Schedule!FN172*'Assumptions&Data'!FP76)/10^$D$5 -> 0
B101: Total construction cost excl. car parking | C101: =IF($D$5=7, "INR Cr", "INR Mn") -> INR Cr | D101: =SUM(G101:FO101) -> 1259.6774 | G101: =G96+G91+G86+G81+G76+G71+G66+G61 -> 0 | H101: =H96+H91+H86+H81+H76+H71+H66+H61 -> 0 | I101: =I96+I91+I86+I81+I76+I71+I66+I61 -> 0 | J101: =J96+J91+J86+J81+J76+J71+J66+J61 -> 0 | K101: =K96+K91+K86+K81+K76+K71+K66+K61 -> 0 | L101: =L96+L91+L86+L81+L76+L71+L66+L61 -> 0 | M101: =M96+M91+M86+M81+M76+M71+M66+M61 -> 0 | N101: =N96+N91+N86+N81+N76+N71+N66+N61 -> 0 | ... FO101: =FO96+FO91+FO86+FO81+FO76+FO71+FO66+FO61 -> 0
B103: Car Park | C103: =IF($D$5=7, "INR Cr", "INR Mn") -> INR Cr | D103: =SUM(G103:FO103) -> 597.30482 | G103: =SUM(G104:G106) -> 0 | H103: =SUM(H104:H106) -> 0 | I103: =SUM(I104:I106) -> 0 | J103: =SUM(J104:J106) -> 0 | K103: =SUM(K104:K106) -> 0 | L103: =SUM(L104:L106) -> 0 | M103: =SUM(M104:M106) -> 0 | N103: =SUM(N104:N106) -> 0 | ... FO103: =SUM(FO104:FO106) -> 0
B104: Lot 1 | D104: =SUM(G104:FO104) -> 149.32621 | G104: =(Schedule!F175*'Assumptions&Data'!F78)/10^$D$5 -> 0 | H104: =(Schedule!G175*'Assumptions&Data'!G78)/10^$D$5 -> 0 | I104: =(Schedule!H175*'Assumptions&Data'!H78)/10^$D$5 -> 0 | J104: =(Schedule!I175*'Assumptions&Data'!I78)/10^$D$5 -> 0 | K104: =(Schedule!J175*'Assumptions&Data'!J78)/10^$D$5 -> 0 | L104: =(Schedule!K175*'Assumptions&Data'!K78)/10^$D$5 -> 0 | M104: =(Schedule!L175*'Assumptions&Data'!L78)/10^$D$5 -> 0 | N104: =(Schedule!M175*'Assumptions&Data'!M78)/10^$D$5 -> 0 | ... FO104: =(Schedule!FN175*'Assumptions&Data'!FN78)/10^$D$5 -> 0
B105: Lot 2 | D105: =SUM(G105:FO105) -> 179.19145 | G105: =(Schedule!F176*'Assumptions&Data'!F78)/10^$D$5 -> 0 | H105: =(Schedule!G176*'Assumptions&Data'!G78)/10^$D$5 -> 0 | I105: =(Schedule!H176*'Assumptions&Data'!H78)/10^$D$5 -> 0 | J105: =(Schedule!I176*'Assumptions&Data'!I78)/10^$D$5 -> 0 | K105: =(Schedule!J176*'Assumptions&Data'!J78)/10^$D$5 -> 0 | L105: =(Schedule!K176*'Assumptions&Data'!K78)/10^$D$5 -> 0 | M105: =(Schedule!L176*'Assumptions&Data'!L78)/10^$D$5 -> 0 | N105: =(Schedule!M176*'Assumptions&Data'!M78)/10^$D$5 -> 0 | ... FO105: =(Schedule!FN176*'Assumptions&Data'!FN78)/10^$D$5 -> 0
B106: Lot 3 | D106: =SUM(G106:FO106) -> 268.78717 | G106: =(Schedule!F177*'Assumptions&Data'!F78)/10^$D$5 -> 0 | H106: =(Schedule!G177*'Assumptions&Data'!G78)/10^$D$5 -> 0 | I106: =(Schedule!H177*'Assumptions&Data'!H78)/10^$D$5 -> 0 | J106: =(Schedule!I177*'Assumptions&Data'!I78)/10^$D$5 -> 0 | K106: =(Schedule!J177*'Assumptions&Data'!J78)/10^$D$5 -> 0 | L106: =(Schedule!K177*'Assumptions&Data'!K78)/10^$D$5 -> 0 | M106: =(Schedule!L177*'Assumptions&Data'!L78)/10^$D$5 -> 0 | N106: =(Schedule!M177*'Assumptions&Data'!M78)/10^$D$5 -> 0 | ... FO106: =(Schedule!FN177*'Assumptions&Data'!FN78)/10^$D$5 -> 0
B108: Lot Wise - Construction Cost | G108: =G1 -> 45748 | H108: =EOMONTH(G108, 1) -> 45808 | I108: =EOMONTH(H108, 1) -> 45838 | J108: =EOMONTH(I108, 1) -> 45869 | K108: =EOMONTH(J108, 1) -> 45900 | L108: =EOMONTH(K108, 1) -> 45930 | M108: =EOMONTH(L108, 1) -> 45961 | N108: =EOMONTH(M108, 1) -> 45991 | O108: =EOMONTH(N108, 1) -> 46022 | ... FO108: =EOMONTH(FN108, 1) -> 50770
E109: =IF(D110>=D101, "incl. car parking", "excl. car parking") -> incl. car parking
B110: Construction Cost | C110: =IF($D$5=7, "INR Cr", "INR Mn") -> INR Cr | D110: =SUM(G110:FO110) -> 1856.9822 | G110: =SUM(G111:G113) -> 0 | H110: =SUM(H111:H113) -> 0 | I110: =SUM(I111:I113) -> 0 | J110: =SUM(J111:J113) -> 0 | K110: =SUM(K111:K113) -> 0 | L110: =SUM(L111:L113) -> 0 | M110: =SUM(M111:M113) -> 0 | N110: =SUM(N111:N113) -> 0 | ... FO110: =SUM(FO111:FO113) -> 0
B111: Lot 1 | D111: =SUM(G111:FO111) -> 515.35551 | G111: =G97+G92+G87+G82+G77+G72+G67+G104 -> 0 | H111: =H97+H92+H87+H82+H77+H72+H67+H104 -> 0 | I111: =I97+I92+I87+I82+I77+I72+I67+I104 -> 0 | J111: =J97+J92+J87+J82+J77+J72+J67+J104 -> 0 | K111: =K97+K92+K87+K82+K77+K72+K67+K104 -> 0 | L111: =L97+L92+L87+L82+L77+L72+L67+L104 -> 0 | M111: =M97+M92+M87+M82+M77+M72+M67+M104 -> 0 | N111: =N97+N92+N87+N82+N77+N72+N67+N104 -> 0 | ... FO111: =FO97+FO92+FO87+FO82+FO77+FO72+FO67+FO104 -> 0
B112: Lot 2 | D112: =SUM(G112:FO112) -> 536.65068 | G112: =G98+G93+G88+G83+G78+G73+G68+G105 -> 0 | H112: =H98+H93+H88+H83+H78+H73+H68+H105 -> 0 | I112: =I98+I93+I88+I83+I78+I73+I68+I105 -> 0 | J112: =J98+J93+J88+J83+J78+J73+J68+J105 -> 0 | K112: =K98+K93+K88+K83+K78+K73+K68+K105 -> 0 | L112: =L98+L93+L88+L83+L78+L73+L68+L105 -> 0 | M112: =M98+M93+M88+M83+M78+M73+M68+M105 -> 0 | N112: =N98+N93+N88+N83+N78+N73+N68+N105 -> 0 | ... FO112: =FO98+FO93+FO88+FO83+FO78+FO73+FO68+FO105 -> 0
B113: Lot 3 | D113: =SUM(G113:FO113) -> 804.97603 | G113: =G99+G94+G89+G84+G79+G74+G69+G106 -> 0 | H113: =H99+H94+H89+H84+H79+H74+H69+H106 -> 0 | I113: =I99+I94+I89+I84+I79+I74+I69+I106 -> 0 | J113: =J99+J94+J89+J84+J79+J74+J69+J106 -> 0 | K113: =K99+K94+K89+K84+K79+K74+K69+K106 -> 0 | L113: =L99+L94+L89+L84+L79+L74+L69+L106 -> 0 | M113: =M99+M94+M89+M84+M79+M74+M69+M106 -> 0 | N113: =N99+N94+N89+N84+N79+N74+N69+N106 -> 0 | ... FO113: =FO99+FO94+FO89+FO84+FO79+FO74+FO69+FO106 -> 0
B115: Lot Wise of Sales | G115: =G1 -> 45748 | H115: =EOMONTH(G115, 1) -> 45808 | I115: =EOMONTH(H115, 1) -> 45838 | J115: =EOMONTH(I115, 1) -> 45869 | K115: =EOMONTH(J115, 1) -> 45900 | L115: =EOMONTH(K115, 1) -> 45930 | M115: =EOMONTH(L115, 1) -> 45961 | N115: =EOMONTH(M115, 1) -> 45991 | O115: =EOMONTH(N115, 1) -> 46022 | ... FO115: =EOMONTH(FN115, 1) -> 50770
B117: Sales of Booking Amount | C117: =IF($D$5=7, "INR Cr", "INR Mn") -> INR Cr | D117: =SUM(G117:FA117) -> 8101.4149 | G117: =SUM(G118:G120) -> 0 | H117: =SUM(H118:H120) -> 0 | I117: =SUM(I118:I120) -> 0 | J117: =SUM(J118:J120) -> 0 | K117: =SUM(K118:K120) -> 0 | L117: =SUM(L118:L120) -> 0 | M117: =SUM(M118:M120) -> 0 | N117: =SUM(N118:N120) -> 0 | ... FA117: =SUM(FA118:FA120) -> 0 | FO117: 0
B118: Lot 1 | D118: =SUM(G118:FO118) -> 2025.3537 | G118: =G41+G36+G31+G26+G21+G16+G11 -> 0 | H118: =H41+H36+H31+H26+H21+H16+H11 -> 0 | I118: =I41+I36+I31+I26+I21+I16+I11 -> 0 | J118: =J41+J36+J31+J26+J21+J16+J11 -> 0 | K118: =K41+K36+K31+K26+K21+K16+K11 -> 0 | L118: =L41+L36+L31+L26+L21+L16+L11 -> 0 | M118: =M41+M36+M31+M26+M21+M16+M11 -> 0 | N118: =N41+N36+N31+N26+N21+N16+N11 -> 0 | ... FO118: =FO41+FO36+FO31+FO26+FO21+FO16+FO11 -> 0
B119: Lot 2 | D119: =SUM(G119:FO119) -> 2430.4245 | G119: =G42+G37+G32+G27+G22+G17+G12 -> 0 | H119: =H42+H37+H32+H27+H22+H17+H12 -> 0 | I119: =I42+I37+I32+I27+I22+I17+I12 -> 0 | J119: =J42+J37+J32+J27+J22+J17+J12 -> 0 | K119: =K42+K37+K32+K27+K22+K17+K12 -> 0 | L119: =L42+L37+L32+L27+L22+L17+L12 -> 0 | M119: =M42+M37+M32+M27+M22+M17+M12 -> 0 | N119: =N42+N37+N32+N27+N22+N17+N12 -> 0 | ... FO119: =FO42+FO37+FO32+FO27+FO22+FO17+FO12 -> 0
B120: Lot 3 | D120: =SUM(G120:FO120) -> 3645.6367 | G120: =G43+G38+G33+G28+G23+G18+G13 -> 0 | H120: =H43+H38+H33+H28+H23+H18+H13 -> 0 | I120: =I43+I38+I33+I28+I23+I18+I13 -> 0 | J120: =J43+J38+J33+J28+J23+J18+J13 -> 0 | K120: =K43+K38+K33+K28+K23+K18+K13 -> 0 | L120: =L43+L38+L33+L28+L23+L18+L13 -> 0 | M120: =M43+M38+M33+M28+M23+M18+M13 -> 0 | N120: =N43+N38+N33+N28+N23+N18+N13 -> 0 | ... FO120: =FO43+FO38+FO33+FO28+FO23+FO18+FO13 -> 0
B122: Sales collection as per payment plan | G122: =G1 -> 45748 | H122: =EOMONTH(G122, 1) -> 45808 | I122: =EOMONTH(H122, 1) -> 45838 | J122: =EOMONTH(I122, 1) -> 45869 | K122: =EOMONTH(J122, 1) -> 45900 | L122: =EOMONTH(K122, 1) -> 45930 | M122: =EOMONTH(L122, 1) -> 45961 | N122: =EOMONTH(M122, 1) -> 45991 | O122: =EOMONTH(N122, 1) -> 46022 | ... FO122: =EOMONTH(FN122, 1) -> 50770
B124: 20% of sales - collected on booking | C124: =IF($D$5=7, "INR Cr", "INR Mn") -> INR Cr | D124: =SUM(G124:FO124) -> 1215.2122 | G124: =SUM(G125:G127) -> 0 | H124: =SUM(H125:H127) -> 0 | I124: =SUM(I125:I127) -> 0 | J124: =SUM(J125:J127) -> 0 | K124: =SUM(K125:K127) -> 0 | L124: =SUM(L125:L127) -> 0 | M124: =SUM(M125:M127) -> 0 | N124: =SUM(N125:N127) -> 0 | ... FO124: =SUM(FO125:FO127) -> 0
B125: Phase 1 | D125: =SUM(G125:FO125) -> 303.80306 | G125: =G118*'Payment Plans'!$C$2 -> 0 | H125: =H118*'Payment Plans'!$C$2 -> 0 | I125: =I118*'Payment Plans'!$C$2 -> 0 | J125: =J118*'Payment Plans'!$C$2 -> 0 | K125: =K118*'Payment Plans'!$C$2 -> 0 | L125: =L118*'Payment Plans'!$C$2 -> 0 | M125: =M118*'Payment Plans'!$C$2 -> 0 | N125: =N118*'Payment Plans'!$C$2 -> 0 | ... FO125: =FO118*'Payment Plans'!$C$2 -> 0
B126: Phase 2 | D126: =SUM(G126:FO126) -> 364.56367 | G126: =G119*'Payment Plans'!$C$2 -> 0 | H126: =H119*'Payment Plans'!$C$2 -> 0 | I126: =I119*'Payment Plans'!$C$2 -> 0 | J126: =J119*'Payment Plans'!$C$2 -> 0 | K126: =K119*'Payment Plans'!$C$2 -> 0 | L126: =L119*'Payment Plans'!$C$2 -> 0 | M126: =M119*'Payment Plans'!$C$2 -> 0 | N126: =N119*'Payment Plans'!$C$2 -> 0 | ... FO126: =FO119*'Payment Plans'!$C$2 -> 0
B127: Phase 3 | D127: =SUM(G127:FO127) -> 546.84551 | G127: =G120*'Payment Plans'!$C$2 -> 0 | H127: =H120*'Payment Plans'!$C$2 -> 0 | I127: =I120*'Payment Plans'!$C$2 -> 0 | J127: =J120*'Payment Plans'!$C$2 -> 0 | K127: =K120*'Payment Plans'!$C$2 -> 0 | L127: =L120*'Payment Plans'!$C$2 -> 0 | M127: =M120*'Payment Plans'!$C$2 -> 0 | N127: =N120*'Payment Plans'!$C$2 -> 0 | ... FO127: =FO120*'Payment Plans'!$C$2 -> 0
B129: 80% sales collection according to plan | C129: =IF($D$5=7, "INR Cr", "INR Mn") -> INR Cr | D129: =SUM(G129:FO129) -> 6886.2027 | G129: =SUM(G130:G132) -> 0 | H129: =SUM(H130:H132) -> 0 | I129: =SUM(I130:I132) -> 0 | J129: =SUM(J130:J132) -> 0 | K129: =SUM(K130:K132) -> 0 | L129: =SUM(L130:L132) -> 0 | M129: =SUM(M130:M132) -> 0 | N129: =SUM(N130:N132) -> 0 | ... FO129: =SUM(FO130:FO132) -> 0
B130: Phase 1 | D130: =SUM(G130:FO130) -> 1721.5507 | G130: {=SUMPRODUCT( (G122='Payment Plans'!$F$4:$F$13) * (SUM(MonthlyCashflow!$G$118:$FO$118)) * 'Payment Plans'!$C$4:$C$13)} -> 0 | H130: {=SUMPRODUCT( (H122='Payment Plans'!$F$4:$F$13) * (SUM(MonthlyCashflow!$G$118:$FO$118)) * 'Payment Plans'!$C$4:$C$13)} -> 0 | I130: {=SUMPRODUCT( (I122='Payment Plans'!$F$4:$F$13) * (SUM(MonthlyCashflow!$G$118:$FO$118)) * 'Payment Plans'!$C$4:$C$13)} -> 0 | J130: {=SUMPRODUCT( (J122='Payment Plans'!$F$4:$F$13) * (SUM(MonthlyCashflow!$G$118:$FO$118)) * 'Payment Plans'!$C$4:$C$13)} -> 0 | K130: {=SUMPRODUCT( (K122='Payment Plans'!$F$4:$F$13) * (SUM(MonthlyCashflow!$G$118:$FO$118)) * 'Payment Plans'!$C$4:$C$13)} -> 0 | L130: {=SUMPRODUCT( (L122='Payment Plans'!$F$4:$F$13) * (SUM(MonthlyCashflow!$G$118:$FO$118)) * 'Payment Plans'!$C$4:$C$13)} -> 0 | M130: {=SUMPRODUCT( (M122='Payment Plans'!$F$4:$F$13) * (SUM(MonthlyCashflow!$G$118:$FO$118)) * 'Payment Plans'!$C$4:$C$13)} -> 0 | N130: {=SUMPRODUCT( (N122='Payment Plans'!$F$4:$F$13) * (SUM(MonthlyCashflow!$G$118:$FO$118)) * 'Payment Plans'!$C$4:$C$13)} -> 0 | ... FO130: {=SUMPRODUCT( (FO122='Payment Plans'!$F$4:$F$13) * (SUM(MonthlyCashflow!$G$118:$FO$118)) * 'Payment Plans'!$C$4:$C$13)} -> 0
B131: Phase 2 | D131: =SUM(G131:FO131) -> 2065.8608 | G131: {=SUMPRODUCT( (G122='Payment Plans'!$G$4:$G$13) * (SUM(MonthlyCashflow!$G$119:$FO$119)) * 'Payment Plans'!$C$4:$C$13)} -> 0 | H131: {=SUMPRODUCT( (H122='Payment Plans'!$G$4:$G$13) * (SUM(MonthlyCashflow!$G$119:$FO$119)) * 'Payment Plans'!$C$4:$C$13)} -> 0 | I131: {=SUMPRODUCT( (I122='Payment Plans'!$G$4:$G$13) * (SUM(MonthlyCashflow!$G$119:$FO$119)) * 'Payment Plans'!$C$4:$C$13)} -> 0 | J131: {=SUMPRODUCT( (J122='Payment Plans'!$G$4:$G$13) * (SUM(MonthlyCashflow!$G$119:$FO$119)) * 'Payment Plans'!$C$4:$C$13)} -> 0 | K131: {=SUMPRODUCT( (K122='Payment Plans'!$G$4:$G$13) * (SUM(MonthlyCashflow!$G$119:$FO$119)) * 'Payment Plans'!$C$4:$C$13)} -> 0 | L131: {=SUMPRODUCT( (L122='Payment Plans'!$G$4:$G$13) * (SUM(MonthlyCashflow!$G$119:$FO$119)) * 'Payment Plans'!$C$4:$C$13)} -> 0 | M131: {=SUMPRODUCT( (M122='Payment Plans'!$G$4:$G$13) * (SUM(MonthlyCashflow!$G$119:$FO$119)) * 'Payment Plans'!$C$4:$C$13)} -> 0 | N131: {=SUMPRODUCT( (N122='Payment Plans'!$G$4:$G$13) * (SUM(MonthlyCashflow!$G$119:$FO$119)) * 'Payment Plans'!$C$4:$C$13)} -> 0 | ... FO131: {=SUMPRODUCT( (FO122='Payment Plans'!$G$4:$G$13) * (SUM(MonthlyCashflow!$G$119:$FO$119)) * 'Payment Plans'!$C$4:$C$13)} -> 0
B132: Phase 3 | D132: =SUM(G132:FO132) -> 3098.7912 | G132: {=SUMPRODUCT( (G122='Payment Plans'!$H$4:$H$13) * (SUM(MonthlyCashflow!$G$120:$FO$120)) * 'Payment Plans'!$C$4:$C$13)} -> 0 | H132: {=SUMPRODUCT( (H122='Payment Plans'!$H$4:$H$13) * (SUM(MonthlyCashflow!$G$120:$FO$120)) * 'Payment Plans'!$C$4:$C$13)} -> 0 | I132: {=SUMPRODUCT( (I122='Payment Plans'!$H$4:$H$13) * (SUM(MonthlyCashflow!$G$120:$FO$120)) * 'Payment Plans'!$C$4:$C$13)} -> 0 | J132: {=SUMPRODUCT( (J122='Payment Plans'!$H$4:$H$13) * (SUM(MonthlyCashflow!$G$120:$FO$120)) * 'Payment Plans'!$C$4:$C$13)} -> 0 | K132: {=SUMPRODUCT( (K122='Payment Plans'!$H$4:$H$13) * (SUM(MonthlyCashflow!$G$120:$FO$120)) * 'Payment Plans'!$C$4:$C$13)} -> 0 | L132: {=SUMPRODUCT( (L122='Payment Plans'!$H$4:$H$13) * (SUM(MonthlyCashflow!$G$120:$FO$120)) * 'Payment Plans'!$C$4:$C$13)} -> 0 | M132: {=SUMPRODUCT( (M122='Payment Plans'!$H$4:$H$13) * (SUM(MonthlyCashflow!$G$120:$FO$120)) * 'Payment Plans'!$C$4:$C$13)} -> 0 | N132: {=SUMPRODUCT( (N122='Payment Plans'!$H$4:$H$13) * (SUM(MonthlyCashflow!$G$120:$FO$120)) * 'Payment Plans'!$C$4:$C$13)} -> 0 | ... FO132: {=SUMPRODUCT( (FO122='Payment Plans'!$H$4:$H$13) * (SUM(MonthlyCashflow!$G$120:$FO$120)) * 'Payment Plans'!$C$4:$C$13)} -> 0
B135: Total | C135: =C129 -> INR Cr | D135: =SUM(D129,D124) -> 8101.4149 | G135: =SUM(G129,G124) -> 0 | H135: =SUM(H129,H124) -> 0 | I135: =SUM(I129,I124) -> 0 | J135: =SUM(J129,J124) -> 0 | K135: =SUM(K129,K124) -> 0 | L135: =SUM(L129,L124) -> 0 | M135: =SUM(M129,M124) -> 0 | N135: =SUM(N129,N124) -> 0 | ... FO135: =SUM(FO129,FO124) -> 0
...

Sheet Metrics
A1: Component | B1: FSI (Sqft) | C1: Loading | D1: Salable (Sqft)
A2: Apartment | B2: =Schedule!G22 -> 2073959.8 | C2: 0.35 | D2: =B2*(1+C2) -> 2799845.7 | F2: =D2*Options!M55/10^7 -> 6299.6528
A3: Club House | B3: =Schedule!G23 -> 70001.649 | C3: 0 | F3: =I3*Options!M56/10^7 -> 162.15603 | H3: Retail | I3: =Schedule!G35 -> 72069.346
A4: Retail/Commercial | B4: =Schedule!G24 -> 593163.34 | C4: 0.5 | D4: =B4*(1+C4) -> 889745.01 | F4: =I4*Options!M61/10^7 -> 1639.6061 | H4: Commercial | I4: =Schedule!G36+Schedule!G37 -> 728713.81
A5: Total | B5: 2764255.7 | D5: =SUM(D2:D4) -> 3689590.7 | F5: =SUM(F2:F4) -> 8101.4149 | I5: =I3+I4 -> 800783.16
A7: Top line share evaluation | F7: =F5*35% -> 2835.4952 | G7: =Summary!G18 -> 8101.4149 | H7: =G7-F7 -> 5265.9197
A8: Land owner share | C8: 0.35 | H8: =H7/35*100 -> 15045.485
A9: Selling price | C9: 17000
A11: Land Owner Top Line Share
A12: =D5*C9/10^7*C8 -> 2195.3065 | B12: 17000 | C12: 18000 | D12: 19000 | E12: 20000 | F12: 21000 | G12: 22000 | H12: 23000 | I12: 24000 | J12: 25000 | K12: 26000 | L12: 27000 | M12: 28000
A13: 0.35 | B13: 2195.3065 | C13: 2324.4421 | D13: 2453.5778 | E13: 2582.7135 | F13: 2711.8492 | G13: 2840.9848 | H13: 2970.1205 | I13: 3099.2562 | J13: 3228.3919 | K13: 3357.5275 | L13: 3486.6632 | M13: 3615.7989
A14: 0.36 | B14: 2258.0295 | C14: 2390.8548 | D14: 2523.68 | E14: 2656.5053 | F14: 2789.3306 | G14: 2922.1558 | H14: 3054.9811 | I14: 3187.8064 | J14: 3320.6316 | K14: 3453.4569 | L14: 3586.2822 | M14: 3719.1074
A15: 0.37 | B15: 2320.7526 | C15: 2457.2674 | D15: 2593.7823 | E15: 2730.2971 | F15: 2866.812 | G15: 3003.3268 | H15: 3139.8417 | I15: 3276.3566 | J15: 3412.8714 | K15: 3549.3863 | L15: 3685.9011 | M15: 3822.416
A16: 0.38 | B16: 2383.4756 | C16: 2523.68 | D16: 2663.8845 | E16: 2804.0889 | F16: 2944.2934 | G16: 3084.4978 | H16: 3224.7023 | I16: 3364.9067 | J16: 3505.1112 | K16: 3645.3156 | L16: 3785.5201 | M16: 3925.7245
A17: 0.4 | B17: 2508.9217 | C17: 2656.5053 | D17: 2804.0889 | E17: 2951.6726 | F17: 3099.2562 | G17: 3246.8398 | H17: 3394.4235 | I17: 3542.0071 | J17: 3689.5907 | K17: 3837.1743 | L17: 3984.758 | M17: 4132.3416
A18: 0.41 | B18: 2571.6447 | C18: 2722.9179 | D18: 2874.1912 | E18: 3025.4644 | F18: 3176.7376 | G18: 3328.0108 | H18: 3479.284 | I18: 3630.5573 | J18: 3781.8305 | K18: 3933.1037 | L18: 4084.3769 | M18: 4235.6501
A19: 0.42 | B19: 2634.3678 | C19: 2789.3306 | D19: 2944.2934 | E19: 3099.2562 | F19: 3254.219 | G19: 3409.1818 | H19: 3564.1446 | I19: 3719.1074 | J19: 3874.0702 | K19: 4029.0331 | L19: 4183.9959 | M19: 4338.9587
A20: 0.43 | B20: 2697.0908 | C20: 2855.7432 | D20: 3014.3956 | E20: 3173.048 | F20: 3331.7004 | G20: 3490.3528 | H20: 3649.0052 | I20: 3807.6576 | J20: 3966.31 | K20: 4124.9624 | L20: 4283.6148 | M20: 4442.2672
A21: 0.44 | B21: 2759.8139 | C21: 2922.1558 | D21: 3084.4978 | E21: 3246.8398 | F21: 3409.1818 | G21: 3571.5238 | H21: 3733.8658 | I21: 3896.2078 | J21: 4058.5498 | K21: 4220.8918 | L21: 4383.2338 | M21: 4545.5758
A22: 0.45 | B22: 2822.5369 | C22: 2988.5685 | D22: 3154.6001 | E22: 3320.6316 | F22: 3486.6632 | G22: 3652.6948 | H22: 3818.7264 | I22: 3984.758 | J22: 4150.7896 | K22: 4316.8211 | L22: 4482.8527 | M22: 4648.8843
A23: 0.46 | B23: 2885.2599 | C23: 3054.9811 | D23: 3224.7023 | E23: 3394.4235 | F23: 3564.1446 | G23: 3733.8658 | H23: 3903.587 | I23: 4073.3081 | J23: 4243.0293 | K23: 4412.7505 | L23: 4582.4717 | M23: 4752.1928

Sheet Annual_Cashflow
B1: Gurgaon 18 Acre Project: Annual Cashflow
B3: Particulars | C3: Units | D3: Total | H3: Per sqft. Of salable area
B5: Year | C5: # | J5: 1 | K5: =J5+1 -> 2 | L5: =K5+1 -> 3 | M5: =L5+1 -> 4 | N5: =M5+1 -> 5 | O5: =N5+1 -> 6 | P5: =O5+1 -> 7 | Q5: =P5+1 -> 8 | R5: =Q5+1 -> 9 | S5: =R5+1 -> 10
B6: Year | C6: Date | J6: ='Assumptions&Data'!D6 -> 45748 | K6: =EOMONTH(J6, 12) -> 46142 | L6: =EOMONTH(K6, 12) -> 46507 | M6: =EOMONTH(L6, 12) -> 46873 | N6: =EOMONTH(M6, 12) -> 47238 | O6: =EOMONTH(N6, 12) -> 47603 | P6: =EOMONTH(O6, 12) -> 47968 | Q6: =EOMONTH(P6, 12) -> 48334 | R6: =EOMONTH(Q6, 12) -> 48699 | S6: =EOMONTH(R6, 12) -> 49064
B7: No. of units | D7: =SUM(J7:R7) -> 1218.6498 | J7: =SUMIF(Schedule!$F$43:$FO$43,"<="&J$6, Schedule!$F$47:$FO$47)-SUM($I7:I7) -> 22.849684 | K7: =SUMIF(Schedule!$F$43:$FO$43,"<="&K$6, Schedule!$F$47:$FO$47)-SUM($I7:J7) -> 161.4711 | L7: =SUMIF(Schedule!$F$43:$FO$43,"<="&L$6, Schedule!$F$47:$FO$47)-SUM($I7:K7) -> 319.59091 | M7: =SUMIF(Schedule!$F$43:$FO$43,"<="&M$6, Schedule!$F$47:$FO$47)-SUM($I7:L7) -> 445.11184 | N7: =SUMIF(Schedule!$F$43:$FO$43,"<="&N$6, Schedule!$F$47:$FO$47)-SUM($I7:M7) -> 239.46469 | O7: =SUMIF(Schedule!$F$43:$FO$43,"<="&O$6, Schedule!$F$47:$FO$47)-SUM($I7:N7) -> 30.161583 | P7: =SUMIF(Schedule!$F$43:$FO$43,"<="&P$6, Schedule!$F$47:$FO$47)-SUM($I7:O7) -> 0 | Q7: =SUMIF(Schedule!$F$43:$FO$43,"<="&Q$6, Schedule!$F$47:$FO$47)-SUM($I7:P7) -> 0 | R7: =SUMIF(Schedule!$F$43:$FO$43,"<="&R$6, Schedule!$F$47:$FO$47)-SUM($I7:Q7) -> 0
B8: Area sq. ft. | D8: =SUM(J8:R8) -> 3600628.9 | J8: =SUMIF(Schedule!$F$119:$FO$119,"<="&J$6, Schedule!$F$120:$FO$120)-SUM($I8:I8) -> 0 | K8: =SUMIF(Schedule!$F$119:$FO$119,"<="&K$6, Schedule!$F$120:$FO$120)-SUM($I8:J8) -> 292551.1 | L8: =SUMIF(Schedule!$F$119:$FO$119,"<="&L$6, Schedule!$F$120:$FO$120)-SUM($I8:K8) -> 711124.2 | M8: =SUMIF(Schedule!$F$119:$FO$119,"<="&M$6, Schedule!$F$120:$FO$120)-SUM($I8:L8) -> 1206210.7 | N8: =SUMIF(Schedule!$F$119:$FO$119,"<="&N$6, Schedule!$F$120:$FO$120)-SUM($I8:M8) -> 945165.08 | O8: =SUMIF(Schedule!$F$119:$FO$119,"<="&O$6, Schedule!$F$120:$FO$120)-SUM($I8:N8) -> 445577.82 | P8: =SUMIF(Schedule!$F$119:$FO$119,"<="&P$6, Schedule!$F$120:$FO$120)-SUM($I8:O8) -> 0 | Q8: =SUMIF(Schedule!$F$119:$FO$119,"<="&Q$6, Schedule!$F$120:$FO$120)-SUM($I8:P8) -> 0 | ... S8: =SUMIF(Schedule!$F$119:$FO$119,"<="&S$6, Schedule!$F$120:$FO$120)-SUM($I8:R8) -> 0
B9: =IF(Options!$C$107="Option I","Avg Price incl EDC/IDC", "Avg Price excl EDC/IDC") -> Avg Price excl EDC/IDC | D9: =D10*10^7/D8 -> 22500 | J9: =IFERROR(J10*10^7/J8, 0) -> 0 | K9: =IFERROR(K10*10^7/K8, 0) -> 3375 | L9: =IFERROR(L10*10^7/L8, 0) -> 9071.2025 | M9: =IFERROR(M10*10^7/M8, 0) -> 11602.612 | N9: =IFERROR(N10*10^7/N8, 0) -> 26089.286 | O9: =IFERROR(O10*10^7/O8, 0) -> 45647.727 | P9: =IFERROR(P10*10^7/P8, 0) -> 0 | Q9: =IFERROR(Q10*10^7/Q8, 0) -> 0 | ... S9: =IFERROR(S10*10^7/S8, 0) -> 0
B10: =IF(Options!$C$107="Option I","Sale Value incl EDC/IDC", "Sale Value excl. EDC/IDC") -> Sale Value excl. EDC/IDC | D10: =SUM(J10:R10) -> 8101.4149 | J10: =IF(Options!$C$107="Option I", (SUMIF(MonthlyCashflow!$G$1:$FO$1,"<="&J$6,MonthlyCashflow!$G$137:$FO$137)-SUM(Annual_Cashflow!$I$10:I10)), (SUMIF(MonthlyCashflow!$G$1:$FO$1,"<="&J$6,MonthlyCashflow!$G$135:$FO$135)-SUM(Annual_Cashflow!$I$10:I10))) -> 0 | K10: =IF(Options!$C$107="Option I", (SUMIF(MonthlyCashflow!$G$1:$FO$1,"<="&K$6,MonthlyCashflow!$G$137:$FO$137)-SUM(Annual_Cashflow!$I$10:J10)), (SUMIF(MonthlyCashflow!$G$1:$FO$1,"<="&K$6,MonthlyCashflow!$G$135:$FO$135)-SUM(Annual_Cashflow!$I$10:J10))) -> 98.735995 | L10: =IF(Options!$C$107="Option I", (SUMIF(MonthlyCashflow!$G$1:$FO$1,"<="&L$6,MonthlyCashflow!$G$137:$FO$137)-SUM(Annual_Cashflow!$I$10:K10)), (SUMIF(MonthlyCashflow!$G$1:$FO$1,"<="&L$6,MonthlyCashflow!$G$135:$FO$135)-SUM(Annual_Cashflow!$I$10:K10))) -> 645.07516 | M10: =IF(Options!$C$107="Option I", (SUMIF(MonthlyCashflow!$G$1:$FO$1,"<="&M$6,MonthlyCashflow!$G$137:$FO$137)-SUM(Annual_Cashflow!$I$10:L10)), (SUMIF(MonthlyCashflow!$G$1:$FO$1,"<="&M$6,MonthlyCashflow!$G$135:$FO$135)-SUM(Annual_Cashflow!$I$10:L10))) -> 1399.5194 | N10: =IF(Options!$C$107="Option I", (SUMIF(MonthlyCashflow!$G$1:$FO$1,"<="&N$6,MonthlyCashflow!$G$137:$FO$137)-SUM(Annual_Cashflow!$I$10:M10)), (SUMIF(MonthlyCashflow!$G$1:$FO$1,"<="&N$6,MonthlyCashflow!$G$135:$FO$135)-SUM(Annual_Cashflow!$I$10:M10))) -> 2465.8682 | O10: =IF(Options!$C$107="Option I", (SUMIF(MonthlyCashflow!$G$1:$FO$1,"<="&O$6,MonthlyCashflow!$G$137:$FO$137)-SUM(Annual_Cashflow!$I$10:N10)), (SUMIF(MonthlyCashflow!$G$1:$FO$1,"<="&O$6,MonthlyCashflow!$G$135:$FO$135)-SUM(Annual_Cashflow!$I$10:N10))) -> 2033.9615 | P10: =IF(Options!$C$107="Option I", (SUMIF(MonthlyCashflow!$G$1:$FO$1,"<="&P$6,MonthlyCashflow!$G$137:$FO$137)-SUM(Annual_Cashflow!$I$10:O10)), (SUMIF(MonthlyCashflow!$G$1:$FO$1,"<="&P$6,MonthlyCashflow!$G$135:$FO$135)-SUM(Annual_Cashflow!$I$10:O10))) -> 1458.2547 | Q10: =IF(Options!$C$107="Option I", (SUMIF(MonthlyCashflow!$G$1:$FO$1,"<="&Q$6,MonthlyCashflow!$G$137:$FO$137)-SUM(Annual_Cashflow!$I$10:P10)), (SUMIF(MonthlyCashflow!$G$1:$FO$1,"<="&Q$6,MonthlyCashflow!$G$135:$FO$135)-SUM(Annual_Cashflow!$I$10:P10))) -> 0 | ... S10: =IF(Options!$C$107="Option I", (SUMIF(MonthlyCashflow!$G$1:$FO$1,"<="&S$6,MonthlyCashflow!$G$137:$FO$137)-SUM(Annual_Cashflow!$I$10:R10)), (SUMIF(MonthlyCashflow!$G$1:$FO$1,"<="&S$6,MonthlyCashflow!$G$135:$FO$135)-SUM(Annual_Cashflow!$I$10:R10))) -> 0
B11: Total Inflows | D11: =SUM(J11:R11) -> 8101.4149 | J11: =IF(Options!$C$107="Option I", (SUMIF(MonthlyCashflow!$G$1:$FO$1,"<="&J$6,MonthlyCashflow!$G$137:$FO$137)-SUM(Annual_Cashflow!$I$10:I10)), (SUMIF(MonthlyCashflow!$G$1:$FO$1,"<="&J$6,MonthlyCashflow!$G$135:$FO$135)-SUM(Annual_Cashflow!$I$10:I10))) -> 0 | K11: =IF(Options!$C$107="Option I", (SUMIF(MonthlyCashflow!$G$1:$FO$1,"<="&K$6,MonthlyCashflow!$G$137:$FO$137)-SUM(Annual_Cashflow!$I$10:J10)), (SUMIF(MonthlyCashflow!$G$1:$FO$1,"<="&K$6,MonthlyCashflow!$G$135:$FO$135)-SUM(Annual_Cashflow!$I$10:J10))) -> 98.735995 | L11: =IF(Options!$C$107="Option I", (SUMIF(MonthlyCashflow!$G$1:$FO$1,"<="&L$6,MonthlyCashflow!$G$137:$FO$137)-SUM(Annual_Cashflow!$I$10:K10)), (SUMIF(MonthlyCashflow!$G$1:$FO$1,"<="&L$6,MonthlyCashflow!$G$135:$FO$135)-SUM(Annual_Cashflow!$I$10:K10))) -> 645.07516 | M11: =IF(Options!$C$107="Option I", (SUMIF(MonthlyCashflow!$G$1:$FO$1,"<="&M$6,MonthlyCashflow!$G$137:$FO$137)-SUM(Annual_Cashflow!$I$10:L10)), (SUMIF(MonthlyCashflow!$G$1:$FO$1,"<="&M$6,MonthlyCashflow!$G$135:$FO$135)-SUM(Annual_Cashflow!$I$10:L10))) -> 1399.5194 | N11: =IF(Options!$C$107="Option I", (SUMIF(MonthlyCashflow!$G$1:$FO$1,"<="&N$6,MonthlyCashflow!$G$137:$FO$137)-SUM(Annual_Cashflow!$I$10:M10)), (SUMIF(MonthlyCashflow!$G$1:$FO$1,"<="&N$6,MonthlyCashflow!$G$135:$FO$135)-SUM(Annual_Cashflow!$I$10:M10))) -> 2465.8682 | O11: =IF(Options!$C$107="Option I", (SUMIF(MonthlyCashflow!$G$1:$FO$1,"<="&O$6,MonthlyCashflow!$G$137:$FO$137)-SUM(Annual_Cashflow!$I$10:N10)), (SUMIF(MonthlyCashflow!$G$1:$FO$1,"<="&O$6,MonthlyCashflow!$G$135:$FO$135)-SUM(Annual_Cashflow!$I$10:N10))) -> 2033.9615 | P11: =IF(Options!$C$107="Option I", (SUMIF(MonthlyCashflow!$G$1:$FO$1,"<="&P$6,MonthlyCashflow!$G$137:$FO$137)-SUM(Annual_Cashflow!$I$10:O10)), (SUMIF(MonthlyCashflow!$G$1:$FO$1,"<="&P$6,MonthlyCashflow!$G$135:$FO$135)-SUM(Annual_Cashflow!$I$10:O10))) -> 1458.2547 | Q11: =IF(Options!$C$107="Option I", (SUMIF(MonthlyCashflow!$G$1:$FO$1,"<="&Q$6,MonthlyCashflow!$G$137:$FO$137)-SUM(Annual_Cashflow!$I$10:P10)), (SUMIF(MonthlyCashflow!$G$1:$FO$1,"<="&Q$6,MonthlyCashflow!$G$135:$FO$135)-SUM(Annual_Cashflow!$I$10:P10))) -> 0 | ... S11: =IF(Options!$C$107="Option I", (SUMIF(MonthlyCashflow!$G$1:$FO$1,"<="&S$6,MonthlyCashflow!$G$137:$FO$137)-SUM(Annual_Cashflow!$I$10:R10)), (SUMIF(MonthlyCashflow!$G$1:$FO$1,"<="&S$6,MonthlyCashflow!$G$135:$FO$135)-SUM(Annual_Cashflow!$I$10:R10))) -> 0
B13: Outflows | D13: Value in Cr | E13: Developer | F13: LO
B14: Land & Purchase Related Cost
B15: Land Cost | D15: =SUM(J15:S15) -> 1585.6042 | J15: =SUMIF(MonthlyCashflow!$G$7:$FO$7, "<="&J$6, MonthlyCashflow!$G$158:$FO$158)-SUM($I15:I15) -> 1585.6042 | K15: =SUMIF(MonthlyCashflow!$G$7:$FO$7, "<="&K$6, MonthlyCashflow!$G$158:$FO$158)-SUM($I15:J15) -> 0 | L15: =SUMIF(MonthlyCashflow!$G$7:$FO$7, "<="&L$6, MonthlyCashflow!$G$158:$FO$158)-SUM($I15:K15) -> 0 | M15: =SUMIF(MonthlyCashflow!$G$7:$FO$7, "<="&M$6, MonthlyCashflow!$G$158:$FO$158)-SUM($I15:L15) -> 0 | N15: =SUMIF(MonthlyCashflow!$G$7:$FO$7, "<="&N$6, MonthlyCashflow!$G$158:$FO$158)-SUM($I15:M15) -> 0 | O15: =SUMIF(MonthlyCashflow!$G$7:$FO$7, "<="&O$6, MonthlyCashflow!$G$158:$FO$158)-SUM($I15:N15) -> 0 | P15: =SUMIF(MonthlyCashflow!$G$7:$FO$7, "<="&P$6, MonthlyCashflow!$G$158:$FO$158)-SUM($I15:O15) -> 0 | Q15: =SUMIF(MonthlyCashflow!$G$7:$FO$7, "<="&Q$6, MonthlyCashflow!$G$158:$FO$158)-SUM($I15:P15) -> 0 | ... S15: =SUMIF(MonthlyCashflow!$G$7:$FO$7, "<="&S$6, MonthlyCashflow!$G$158:$FO$158)-SUM($I15:R15) -> 0
B16: Revenue Rasta Purchasing Cost | D16: =SUM(J16:S16) -> 0 | J16: =SUMIF(MonthlyCashflow!$G$7:$FO$7, "<="&J$6, MonthlyCashflow!$G$159:$FO$159)-SUM($I16:I16) -> 0 | K16: =SUMIF(MonthlyCashflow!$G$7:$FO$7, "<="&K$6, MonthlyCashflow!$G$159:$FO$159)-SUM($I16:J16) -> 0 | L16: =SUMIF(MonthlyCashflow!$G$7:$FO$7, "<="&L$6, MonthlyCashflow!$G$159:$FO$159)-SUM($I16:K16) -> 0 | M16: =SUMIF(MonthlyCashflow!$G$7:$FO$7, "<="&M$6, MonthlyCashflow!$G$159:$FO$159)-SUM($I16:L16) -> 0 | N16: =SUMIF(MonthlyCashflow!$G$7:$FO$7, "<="&N$6, MonthlyCashflow!$G$159:$FO$159)-SUM($I16:M16) -> 0 | O16: =SUMIF(MonthlyCashflow!$G$7:$FO$7, "<="&O$6, MonthlyCashflow!$G$159:$FO$159)-SUM($I16:N16) -> 0 | P16: =SUMIF(MonthlyCashflow!$G$7:$FO$7, "<="&P$6, MonthlyCashflow!$G$159:$FO$159)-SUM($I16:O16) -> 0 | Q16: =SUMIF(MonthlyCashflow!$G$7:$FO$7, "<="&Q$6, MonthlyCashflow!$G$159:$FO$159)-SUM($I16:P16) -> 0 | ... S16: =SUMIF(MonthlyCashflow!$G$7:$FO$7, "<="&S$6, MonthlyCashflow!$G$159:$FO$159)-SUM($I16:R16) -> 0
B17: EWS 10% of area buy back | D17: =SUM(J17:S17) -> 16.96434 | J17: =SUMIF(MonthlyCashflow!$G$7:$FO$7, "<="&J$6, MonthlyCashflow!$G$160:$FO$160)-SUM($I17:I17) -> 0 | K17: =SUMIF(MonthlyCashflow!$G$7:$FO$7, "<="&K$6, MonthlyCashflow!$G$160:$FO$160)-SUM($I17:J17) -> 16.96434 | L17: =SUMIF(MonthlyCashflow!$G$7:$FO$7, "<="&L$6, MonthlyCashflow!$G$160:$FO$160)-SUM($I17:K17) -> 0 | M17: =SUMIF(MonthlyCashflow!$G$7:$FO$7, "<="&M$6, MonthlyCashflow!$G$160:$FO$160)-SUM($I17:L17) -> 0 | N17: =SUMIF(MonthlyCashflow!$G$7:$FO$7, "<="&N$6, MonthlyCashflow!$G$160:$FO$160)-SUM($I17:M17) -> 0 | O17: =SUMIF(MonthlyCashflow!$G$7:$FO$7, "<="&O$6, MonthlyCashflow!$G$160:$FO$160)-SUM($I17:N17) -> 0 | P17: =SUMIF(MonthlyCashflow!$G$7:$FO$7, "<="&P$6, MonthlyCashflow!$G$160:$FO$160)-SUM($I17:O17) -> 0 | Q17: =SUMIF(MonthlyCashflow!$G$7:$FO$7, "<="&Q$6, MonthlyCashflow!$G$160:$FO$160)-SUM($I17:P17) -> 0 | ... S17: =SUMIF(MonthlyCashflow!$G$7:$FO$7, "<="&S$6, MonthlyCashflow!$G$160:$FO$160)-SUM($I17:R17) -> 0
B18: TDR Purchase & Regulatory Cost
B19: TDR Purchase Cost I | D19: =SUM(J19:S19) -> 85.42116 | J19: =SUMIF(MonthlyCashflow!$G$7:$FO$7, "<="&J$6, MonthlyCashflow!$G$164:$FO$164)-SUM($I19:I19) -> 0 | K19: =SUMIF(MonthlyCashflow!$G$7:$FO$7, "<="&K$6, MonthlyCashflow!$G$164:$FO$164)-SUM($I19:J19) -> 34.168464 | L19: =SUMIF(MonthlyCashflow!$G$7:$FO$7, "<="&L$6, MonthlyCashflow!$G$164:$FO$164)-SUM($I19:K19) -> 51.252696 | M19: =SUMIF(MonthlyCashflow!$G$7:$FO$7, "<="&M$6, MonthlyCashflow!$G$164:$FO$164)-SUM($I19:L19) -> 0 | N19: =SUMIF(MonthlyCashflow!$G$7:$FO$7, "<="&N$6, MonthlyCashflow!$G$164:$FO$164)-SUM($I19:M19) -> 0 | O19: =SUMIF(MonthlyCashflow!$G$7:$FO$7, "<="&O$6, MonthlyCashflow!$G$164:$FO$164)-SUM($I19:N19) -> 0 | P19: =SUMIF(MonthlyCashflow!$G$7:$FO$7, "<="&P$6, MonthlyCashflow!$G$164:$FO$164)-SUM($I19:O19) -> 0 | Q19: =SUMIF(MonthlyCashflow!$G$7:$FO$7, "<="&Q$6, MonthlyCashflow!$G$164:$FO$164)-SUM($I19:P19) -> 0 | ... S19: =SUMIF(MonthlyCashflow!$G$7:$FO$7, "<="&S$6, MonthlyCashflow!$G$164:$FO$164)-SUM($I19:R19) -> 0
B20: TDR Purchase Cost II | D20: =SUM(J20:S20) -> 133.6203 | J20: =SUMIF(MonthlyCashflow!$G$7:$FO$7, "<="&J$6, MonthlyCashflow!$G$165:$FO$165)-SUM($I20:I20) -> 0 | K20: =SUMIF(MonthlyCashflow!$G$7:$FO$7, "<="&K$6, MonthlyCashflow!$G$165:$FO$165)-SUM($I20:J20) -> 53.44812 | L20: =SUMIF(MonthlyCashflow!$G$7:$FO$7, "<="&L$6, MonthlyCashflow!$G$165:$FO$165)-SUM($I20:K20) -> 80.17218 | M20: =SUMIF(MonthlyCashflow!$G$7:$FO$7, "<="&M$6, MonthlyCashflow!$G$165:$FO$165)-SUM($I20:L20) -> 0 | N20: =SUMIF(MonthlyCashflow!$G$7:$FO$7, "<="&N$6, MonthlyCashflow!$G$165:$FO$165)-SUM($I20:M20) -> 0 | O20: =SUMIF(MonthlyCashflow!$G$7:$FO$7, "<="&O$6, MonthlyCashflow!$G$165:$FO$165)-SUM($I20:N20) -> 0 | P20: =SUMIF(MonthlyCashflow!$G$7:$FO$7, "<="&P$6, MonthlyCashflow!$G$165:$FO$165)-SUM($I20:O20) -> 0 | Q20: =SUMIF(MonthlyCashflow!$G$7:$FO$7, "<="&Q$6, MonthlyCashflow!$G$165:$FO$165)-SUM($I20:P20) -> 0 | ... S20: =SUMIF(MonthlyCashflow!$G$7:$FO$7, "<="&S$6, MonthlyCashflow!$G$165:$FO$165)-SUM($I20:R20) -> 0
B21: Liasoning and Consultancy Cost TDR (Cr) | D21: =SUM(J21:S21) -> 0 | J21: =SUMIF(MonthlyCashflow!$G$7:$FO$7, "<="&J$6, MonthlyCashflow!$G$166:$FO$166)-SUM($I21:I21) -> 0 | K21: =SUMIF(MonthlyCashflow!$G$7:$FO$7, "<="&K$6, MonthlyCashflow!$G$166:$FO$166)-SUM($I21:J21) -> 0 | L21: =SUMIF(MonthlyCashflow!$G$7:$FO$7, "<="&L$6, MonthlyCashflow!$G$166:$FO$166)-SUM($I21:K21) -> 0 | M21: =SUMIF(MonthlyCashflow!$G$7:$FO$7, "<="&M$6, MonthlyCashflow!$G$166:$FO$166)-SUM($I21:L21) -> 0 | N21: =SUMIF(MonthlyCashflow!$G$7:$FO$7, "<="&N$6, MonthlyCashflow!$G$166:$FO$166)-SUM($I21:M21) -> 0 | O21: =SUMIF(MonthlyCashflow!$G$7:$FO$7, "<="&O$6, MonthlyCashflow!$G$166:$FO$166)-SUM($I21:N21) -> 0 | P21: =SUMIF(MonthlyCashflow!$G$7:$FO$7, "<="&P$6, MonthlyCashflow!$G$166:$FO$166)-SUM($I21:O21) -> 0 | Q21: =SUMIF(MonthlyCashflow!$G$7:$FO$7, "<="&Q$6, MonthlyCashflow!$G$166:$FO$166)-SUM($I21:P21) -> 0 | ... S21: =SUMIF(MonthlyCashflow!$G$7:$FO$7, "<="&S$6, MonthlyCashflow!$G$166:$FO$166)-SUM($I21:R21) -> 0
B22: EDC TDR | D22: =SUM(J22:S22) -> 67.713216 | J22: =SUMIF(MonthlyCashflow!$G$7:$FO$7, "<="&J$6, MonthlyCashflow!$G$167:$FO$167)-SUM($I22:I22) -> 0 | K22: =SUMIF(MonthlyCashflow!$G$7:$FO$7, "<="&K$6, MonthlyCashflow!$G$167:$FO$167)-SUM($I22:J22) -> 27.085286 | L22: =SUMIF(MonthlyCashflow!$G$7:$FO$7, "<="&L$6, MonthlyCashflow!$G$167:$FO$167)-SUM($I22:K22) -> 40.62793 | M22: =SUMIF(MonthlyCashflow!$G$7:$FO$7, "<="&M$6, MonthlyCashflow!$G$167:$FO$167)-SUM($I22:L22) -> 0 | N22: =SUMIF(MonthlyCashflow!$G$7:$FO$7, "<="&N$6, MonthlyCashflow!$G$167:$FO$167)-SUM($I22:M22) -> 0 | O22: =SUMIF(MonthlyCashflow!$G$7:$FO$7, "<="&O$6, MonthlyCashflow!$G$167:$FO$167)-SUM($I22:N22) -> 0 | P22: =SUMIF(MonthlyCashflow!$G$7:$FO$7, "<="&P$6, MonthlyCashflow!$G$167:$FO$167)-SUM($I22:O22) -> 0 | Q22: =SUMIF(MonthlyCashflow!$G$7:$FO$7, "<="&Q$6, MonthlyCashflow!$G$167:$FO$167)-SUM($I22:P22) -> 0 | ... S22: =SUMIF(MonthlyCashflow!$G$7:$FO$7, "<="&S$6, MonthlyCashflow!$G$167:$FO$167)-SUM($I22:R22) -> 0
B23: IAC TDR | D23: =SUM(J23:S23) -> 11.019296 | J23: =SUMIF(MonthlyCashflow!$G$7:$FO$7, "<="&J$6, MonthlyCashflow!$G$168:$FO$168)-SUM($I23:I23) -> 0 | K23: =SUMIF(MonthlyCashflow!$G$7:$FO$7, "<="&K$6, MonthlyCashflow!$G$168:$FO$168)-SUM($I23:J23) -> 4.4077184 | L23: =SUMIF(MonthlyCashflow!$G$7:$FO$7, "<="&L$6, MonthlyCashflow!$G$168:$FO$168)-SUM($I23:K23) -> 6.6115776 | M23: =SUMIF(MonthlyCashflow!$G$7:$FO$7, "<="&M$6, MonthlyCashflow!$G$168:$FO$168)-SUM($I23:L23) -> 0 | N23: =SUMIF(MonthlyCashflow!$G$7:$FO$7, "<="&N$6, MonthlyCashflow!$G$168:$FO$168)-SUM($I23:M23) -> 0 | O23: =SUMIF(MonthlyCashflow!$G$7:$FO$7, "<="&O$6, MonthlyCashflow!$G$168:$FO$168)-SUM($I23:N23) -> 0 | P23: =SUMIF(MonthlyCashflow!$G$7:$FO$7, "<="&P$6, MonthlyCashflow!$G$168:$FO$168)-SUM($I23:O23) -> 0 | Q23: =SUMIF(MonthlyCashflow!$G$7:$FO$7, "<="&Q$6, MonthlyCashflow!$G$168:$FO$168)-SUM($I23:P23) -> 0 | ... S23: =SUMIF(MonthlyCashflow!$G$7:$FO$7, "<="&S$6, MonthlyCashflow!$G$168:$FO$168)-SUM($I23:R23) -> 0
B24: Approval Expenses of Land
B25: Liasoning Cost | D25: =SUM(J25:S25) -> 18.069 | J25: =SUMIF(MonthlyCashflow!$G$7:$FO$7, "<="&J$6, MonthlyCashflow!$G$175:$FO$175)-SUM($I25:I25) -> 18.069 | K25: =SUMIF(MonthlyCashflow!$G$7:$FO$7, "<="&K$6, MonthlyCashflow!$G$175:$FO$175)-SUM($I25:J25) -> 0 | L25: =SUMIF(MonthlyCashflow!$G$7:$FO$7, "<="&L$6, MonthlyCashflow!$G$175:$FO$175)-SUM($I25:K25) -> 0 | M25: =SUMIF(MonthlyCashflow!$G$7:$FO$7, "<="&M$6, MonthlyCashflow!$G$175:$FO$175)-SUM($I25:L25) -> 0 | N25: =SUMIF(MonthlyCashflow!$G$7:$FO$7, "<="&N$6, MonthlyCashflow!$G$175:$FO$175)-SUM($I25:M25) -> 0 | O25: =SUMIF(MonthlyCashflow!$G$7:$FO$7, "<="&O$6, MonthlyCashflow!$G$175:$FO$175)-SUM($I25:N25) -> 0 | P25: =SUMIF(MonthlyCashflow!$G$7:$FO$7, "<="&P$6, MonthlyCashflow!$G$175:$FO$175)-SUM($I25:O25) -> 0 | Q25: =SUMIF(MonthlyCashflow!$G$7:$FO$7, "<="&Q$6, MonthlyCashflow!$G$175:$FO$175)-SUM($I25:P25) -> 0 | ... S25: =SUMIF(MonthlyCashflow!$G$7:$FO$7, "<="&S$6, MonthlyCashflow!$G$175:$FO$175)-SUM($I25:R25) -> 0
B26: Scrutiny Fee | D26: =SUM(J26:S26) -> 0.15820421 | J26: =SUMIF(MonthlyCashflow!$G$7:$FO$7, "<="&J$6, MonthlyCashflow!$G$176:$FO$176)-SUM($I26:I26) -> 0.15820421 | K26: =SUMIF(MonthlyCashflow!$G$7:$FO$7, "<="&K$6, MonthlyCashflow!$G$176:$FO$176)-SUM($I26:J26) -> 0 | L26: =SUMIF(MonthlyCashflow!$G$7:$FO$7, "<="&L$6, MonthlyCashflow!$G$176:$FO$176)-SUM($I26:K26) -> 0 | M26: =SUMIF(MonthlyCashflow!$G$7:$FO$7, "<="&M$6, MonthlyCashflow!$G$176:$FO$176)-SUM($I26:L26) -> 0 | N26: =SUMIF(MonthlyCashflow!$G$7:$FO$7, "<="&N$6, MonthlyCashflow!$G$176:$FO$176)-SUM($I26:M26) -> 0 | O26: =SUMIF(MonthlyCashflow!$G$7:$FO$7, "<="&O$6, MonthlyCashflow!$G$176:$FO$176)-SUM($I26:N26) -> 0 | P26: =SUMIF(MonthlyCashflow!$G$7:$FO$7, "<="&P$6, MonthlyCashflow!$G$176:$FO$176)-SUM($I26:O26) -> 0 | Q26: =SUMIF(MonthlyCashflow!$G$7:$FO$7, "<="&Q$6, MonthlyCashflow!$G$176:$FO$176)-SUM($I26:P26) -> 0 | ... S26: =SUMIF(MonthlyCashflow!$G$7:$FO$7, "<="&S$6, MonthlyCashflow!$G$176:$FO$176)-SUM($I26:R26) -> 0
B27: Conversion Charges | D27: =SUM(J27:S27) -> 3.8530142 | J27: =SUMIF(MonthlyCashflow!$G$7:$FO$7, "<="&J$6, MonthlyCashflow!$G$177:$FO$177)-SUM($I27:I27) -> 0 | K27: =SUMIF(MonthlyCashflow!$G$7:$FO$7, "<="&K$6, MonthlyCashflow!$G$177:$FO$177)-SUM($I27:J27) -> 3.8530142 | L27: =SUMIF(MonthlyCashflow!$G$7:$FO$7, "<="&L$6, MonthlyCashflow!$G$177:$FO$177)-SUM($I27:K27) -> 0 | M27: =SUMIF(MonthlyCashflow!$G$7:$FO$7, "<="&M$6, MonthlyCashflow!$G$177:$FO$177)-SUM($I27:L27) -> 0 | N27: =SUMIF(MonthlyCashflow!$G$7:$FO$7, "<="&N$6, MonthlyCashflow!$G$177:$FO$177)-SUM($I27:M27) -> 0 | O27: =SUMIF(MonthlyCashflow!$G$7:$FO$7, "<="&O$6, MonthlyCashflow!$G$177:$FO$177)-SUM($I27:N27) -> 0 | P27: =SUMIF(MonthlyCashflow!$G$7:$FO$7, "<="&P$6, MonthlyCashflow!$G$177:$FO$177)-SUM($I27:O27) -> 0 | Q27: =SUMIF(MonthlyCashflow!$G$7:$FO$7, "<="&Q$6, MonthlyCashflow!$G$177:$FO$177)-SUM($I27:P27) -> 0 | ... S27: =SUMIF(MonthlyCashflow!$G$7:$FO$7, "<="&S$6, MonthlyCashflow!$G$177:$FO$177)-SUM($I27:R27) -> 0
B28: License Fee | D28: =SUM(J28:S28) -> 22.207567 | J28: =SUMIF(MonthlyCashflow!$G$7:$FO$7, "<="&J$6, MonthlyCashflow!$G$178:$FO$178)-SUM($I28:I28) -> 5.5518917 | K28: =SUMIF(MonthlyCashflow!$G$7:$FO$7, "<="&K$6, MonthlyCashflow!$G$178:$FO$178)-SUM($I28:J28) -> 16.655675 | L28: =SUMIF(MonthlyCashflow!$G$7:$FO$7, "<="&L$6, MonthlyCashflow!$G$178:$FO$178)-SUM($I28:K28) -> 0 | M28: =SUMIF(MonthlyCashflow!$G$7:$FO$7, "<="&M$6, MonthlyCashflow!$G$178:$FO$178)-SUM($I28:L28) -> 0 | N28: =SUMIF(MonthlyCashflow!$G$7:$FO$7, "<="&N$6, MonthlyCashflow!$G$178:$FO$178)-SUM($I28:M28) -> 0 | O28: =SUMIF(MonthlyCashflow!$G$7:$FO$7, "<="&O$6, MonthlyCashflow!$G$178:$FO$178)-SUM($I28:N28) -> 0 | P28: =SUMIF(MonthlyCashflow!$G$7:$FO$7, "<="&P$6, MonthlyCashflow!$G$178:$FO$178)-SUM($I28:O28) -> 0 | Q28: =SUMIF(MonthlyCashflow!$G$7:$FO$7, "<="&Q$6, MonthlyCashflow!$G$178:$FO$178)-SUM($I28:P28) -> 0 | ... S28: =SUMIF(MonthlyCashflow!$G$7:$FO$7, "<="&S$6, MonthlyCashflow!$G$178:$FO$178)-SUM($I28:R28) -> 0
B29: IAC - TOD | D29: =SUM(J29:S29) -> 18.206656 | J29: =SUMIF(MonthlyCashflow!$G$7:$FO$7, "<="&J$6, MonthlyCashflow!$G$179:$FO$179)-SUM($I29:I29) -> 0 | K29: =SUMIF(MonthlyCashflow!$G$7:$FO$7, "<="&K$6, MonthlyCashflow!$G$179:$FO$179)-SUM($I29:J29) -> 9.1033278 | L29: =SUMIF(MonthlyCashflow!$G$7:$FO$7, "<="&L$6, MonthlyCashflow!$G$179:$FO$179)-SUM($I29:K29) -> 9.1033278 | M29: =SUMIF(MonthlyCashflow!$G$7:$FO$7, "<="&M$6, MonthlyCashflow!$G$179:$FO$179)-SUM($I29:L29) -> 0 | N29: =SUMIF(MonthlyCashflow!$G$7:$FO$7, "<="&N$6, MonthlyCashflow!$G$179:$FO$179)-SUM($I29:M29) -> 0 | O29: =SUMIF(MonthlyCashflow!$G$7:$FO$7, "<="&O$6, MonthlyCashflow!$G$179:$FO$179)-SUM($I29:N29) -> 0 | P29: =SUMIF(MonthlyCashflow!$G$7:$FO$7, "<="&P$6, MonthlyCashflow!$G$179:$FO$179)-SUM($I29:O29) -> 0 | Q29: =SUMIF(MonthlyCashflow!$G$7:$FO$7, "<="&Q$6, MonthlyCashflow!$G$179:$FO$179)-SUM($I29:P29) -> 0 | ... S29: =SUMIF(MonthlyCashflow!$G$7:$FO$7, "<="&S$6, MonthlyCashflow!$G$179:$FO$179)-SUM($I29:R29) -> 0
B30: IDC | D30: =SUM(J30:S30) -> 8.8068966 | J30: =SUMIF(MonthlyCashflow!$G$7:$FO$7, "<="&J$6, MonthlyCashflow!$G$180:$FO$180)-SUM($I30:I30) -> 0 | K30: =SUMIF(MonthlyCashflow!$G$7:$FO$7, "<="&K$6, MonthlyCashflow!$G$180:$FO$180)-SUM($I30:J30) -> 8.8068966 | L30: =SUMIF(MonthlyCashflow!$G$7:$FO$7, "<="&L$6, MonthlyCashflow!$G$180:$FO$180)-SUM($I30:K30) -> 0 | M30: =SUMIF(MonthlyCashflow!$G$7:$FO$7, "<="&M$6, MonthlyCashflow!$G$180:$FO$180)-SUM($I30:L30) -> 0 | N30: =SUMIF(MonthlyCashflow!$G$7:$FO$7, "<="&N$6, MonthlyCashflow!$G$180:$FO$180)-SUM($I30:M30) -> 0 | O30: =SUMIF(MonthlyCashflow!$G$7:$FO$7, "<="&O$6, MonthlyCashflow!$G$180:$FO$180)-SUM($I30:N30) -> 0 | P30: =SUMIF(MonthlyCashflow!$G$7:$FO$7, "<="&P$6, MonthlyCashflow!$G$180:$FO$180)-SUM($I30:O30) -> 0 | Q30: =SUMIF(MonthlyCashflow!$G$7:$FO$7, "<="&Q$6, MonthlyCashflow!$G$180:$FO$180)-SUM($I30:P30) -> 0 | ... S30: =SUMIF(MonthlyCashflow!$G$7:$FO$7, "<="&S$6, MonthlyCashflow!$G$180:$FO$180)-SUM($I30:R30) -> 0
B31: EDC | D31: =SUM(J31:S31) -> 105.24308 | J31: =SUMIF(MonthlyCashflow!$G$7:$FO$7, "<="&J$6, MonthlyCashflow!$G$181:$FO$181)-SUM($I31:I31) -> 0 | K31: =SUMIF(MonthlyCashflow!$G$7:$FO$7, "<="&K$6, MonthlyCashflow!$G$181:$FO$181)-SUM($I31:J31) -> 21.048616 | L31: =SUMIF(MonthlyCashflow!$G$7:$FO$7, "<="&L$6, MonthlyCashflow!$G$181:$FO$181)-SUM($I31:K31) -> 21.048616 | M31: =SUMIF(MonthlyCashflow!$G$7:$FO$7, "<="&M$6, MonthlyCashflow!$G$181:$FO$181)-SUM($I31:L31) -> 21.048616 | N31: =SUMIF(MonthlyCashflow!$G$7:$FO$7, "<="&N$6, MonthlyCashflow!$G$181:$FO$181)-SUM($I31:M31) -> 21.048616 | O31: =SUMIF(MonthlyCashflow!$G$7:$FO$7, "<="&O$6, MonthlyCashflow!$G$181:$FO$181)-SUM($I31:N31) -> 21.048616 | P31: =SUMIF(MonthlyCashflow!$G$7:$FO$7, "<="&P$6, MonthlyCashflow!$G$181:$FO$181)-SUM($I31:O31) -> 0 | Q31: =SUMIF(MonthlyCashflow!$G$7:$FO$7, "<="&Q$6, MonthlyCashflow!$G$181:$FO$181)-SUM($I31:P31) -> 0 | ... S31: =SUMIF(MonthlyCashflow!$G$7:$FO$7, "<="&S$6, MonthlyCashflow!$G$181:$FO$181)-SUM($I31:R31) -> 0
B32: EDC Interest | D32: =SUM(J32:S32) -> 28.415632 | J32: =SUMIF(MonthlyCashflow!$G$7:$FO$7, "<="&J$6, MonthlyCashflow!$G$182:$FO$182)-SUM($I32:I32) -> 0 | K32: =SUMIF(MonthlyCashflow!$G$7:$FO$7, "<="&K$6, MonthlyCashflow!$G$182:$FO$182)-SUM($I32:J32) -> 10.734794 | L32: =SUMIF(MonthlyCashflow!$G$7:$FO$7, "<="&L$6, MonthlyCashflow!$G$182:$FO$182)-SUM($I32:K32) -> 4.4202095 | M32: =SUMIF(MonthlyCashflow!$G$7:$FO$7, "<="&M$6, MonthlyCashflow!$G$182:$FO$182)-SUM($I32:L32) -> 6.9460434 | N32: =SUMIF(MonthlyCashflow!$G$7:$FO$7, "<="&N$6, MonthlyCashflow!$G$182:$FO$182)-SUM($I32:M32) -> 4.4202095 | O32: =SUMIF(MonthlyCashflow!$G$7:$FO$7, "<="&O$6, MonthlyCashflow!$G$182:$FO$182)-SUM($I32:N32) -> 1.8943755 | P32: =SUMIF(MonthlyCashflow!$G$7:$FO$7, "<="&P$6, MonthlyCashflow!$G$182:$FO$182)-SUM($I32:O32) -> 0 | Q32: =SUMIF(MonthlyCashflow!$G$7:$FO$7, "<="&Q$6, MonthlyCashflow!$G$182:$FO$182)-SUM($I32:P32) -> 0 | ... S32: =SUMIF(MonthlyCashflow!$G$7:$FO$7, "<="&S$6, MonthlyCashflow!$G$182:$FO$182)-SUM($I32:R32) -> 0
B33: Other Interest | D33: =SUM(J33:S33) -> 2.7456979 | J33: =SUMIF(MonthlyCashflow!$G$7:$FO$7, "<="&J$6, MonthlyCashflow!$G$183:$FO$183)-SUM($I33:I33) -> 0 | K33: =SUMIF(MonthlyCashflow!$G$7:$FO$7, "<="&K$6, MonthlyCashflow!$G$183:$FO$183)-SUM($I33:J33) -> 1.9263984 | L33: =SUMIF(MonthlyCashflow!$G$7:$FO$7, "<="&L$6, MonthlyCashflow!$G$183:$FO$183)-SUM($I33:K33) -> 0.8192995 | M33: =SUMIF(MonthlyCashflow!$G$7:$FO$7, "<="&M$6, MonthlyCashflow!$G$183:$FO$183)-SUM($I33:L33) -> 0 | N33: =SUMIF(MonthlyCashflow!$G$7:$FO$7, "<="&N$6, MonthlyCashflow!$G$183:$FO$183)-SUM($I33:M33) -> 0 | O33: =SUMIF(MonthlyCashflow!$G$7:$FO$7, "<="&O$6, MonthlyCashflow!$G$183:$FO$183)-SUM($I33:N33) -> 0 | P33: =SUMIF(MonthlyCashflow!$G$7:$FO$7, "<="&P$6, MonthlyCashflow!$G$183:$FO$183)-SUM($I33:O33) -> 0 | Q33: =SUMIF(MonthlyCashflow!$G$7:$FO$7, "<="&Q$6, MonthlyCashflow!$G$183:$FO$183)-SUM($I33:P33) -> 0 | ... S33: =SUMIF(MonthlyCashflow!$G$7:$FO$7, "<="&S$6, MonthlyCashflow!$G$183:$FO$183)-SUM($I33:R33) -> 0
B34: Development Related Cost
B35: Approval Cost | D35: =SUM(J35:S35) -> 33.338091 | J35: =SUMIF(MonthlyCashflow!$G$7:$FO$7, "<="&J$6, MonthlyCashflow!$G$187:$FO$187)-SUM($I35:I35) -> 33.338091 | K35: =SUMIF(MonthlyCashflow!$G$7:$FO$7, "<="&K$6, MonthlyCashflow!$G$187:$FO$187)-SUM($I35:J35) -> 0 | L35: =SUMIF(MonthlyCashflow!$G$7:$FO$7, "<="&L$6, MonthlyCashflow!$G$187:$FO$187)-SUM($I35:K35) -> 0 | M35: =SUMIF(MonthlyCashflow!$G$7:$FO$7, "<="&M$6, MonthlyCashflow!$G$187:$FO$187)-SUM($I35:L35) -> 0 | N35: =SUMIF(MonthlyCashflow!$G$7:$FO$7, "<="&N$6, MonthlyCashflow!$G$187:$FO$187)-SUM($I35:M35) -> 0 | O35: =SUMIF(MonthlyCashflow!$G$7:$FO$7, "<="&O$6, MonthlyCashflow!$G$187:$FO$187)-SUM($I35:N35) -> 0 | P35: =SUMIF(MonthlyCashflow!$G$7:$FO$7, "<="&P$6, MonthlyCashflow!$G$187:$FO$187)-SUM($I35:O35) -> 0 | Q35: =SUMIF(MonthlyCashflow!$G$7:$FO$7, "<="&Q$6, MonthlyCashflow!$G$187:$FO$187)-SUM($I35:P35) -> 0 | ... S35: =SUMIF(MonthlyCashflow!$G$7:$FO$7, "<="&S$6, MonthlyCashflow!$G$187:$FO$187)-SUM($I35:R35) -> 0
B36: High Side | D36: =SUM(J36:S36) -> 21.243636 | J36: =SUMIF(MonthlyCashflow!$G$7:$FO$7, "<="&J$6, MonthlyCashflow!$G$188:$FO$188)-SUM($I36:I36) -> 0 | K36: =SUMIF(MonthlyCashflow!$G$7:$FO$7, "<="&K$6, MonthlyCashflow!$G$188:$FO$188)-SUM($I36:J36) -> 0 | L36: =SUMIF(MonthlyCashflow!$G$7:$FO$7, "<="&L$6, MonthlyCashflow!$G$188:$FO$188)-SUM($I36:K36) -> 21.031199 | M36: =SUMIF(MonthlyCashflow!$G$7:$FO$7, "<="&M$6, MonthlyCashflow!$G$188:$FO$188)-SUM($I36:L36) -> 0.21243636 | N36: =SUMIF(MonthlyCashflow!$G$7:$FO$7, "<="&N$6, MonthlyCashflow!$G$188:$FO$188)-SUM($I36:M36) -> 0 | O36: =SUMIF(MonthlyCashflow!$G$7:$FO$7, "<="&O$6, MonthlyCashflow!$G$188:$FO$188)-SUM($I36:N36) -> 0 | P36: =SUMIF(MonthlyCashflow!$G$7:$FO$7, "<="&P$6, MonthlyCashflow!$G$188:$FO$188)-SUM($I36:O36) -> 0 | Q36: =SUMIF(MonthlyCashflow!$G$7:$FO$7, "<="&Q$6, MonthlyCashflow!$G$188:$FO$188)-SUM($I36:P36) -> 0 | ... S36: =SUMIF(MonthlyCashflow!$G$7:$FO$7, "<="&S$6, MonthlyCashflow!$G$188:$FO$188)-SUM($I36:R36) -> 0
B37: Surveyor and architect fees | D37: =SUM(J37:S37) -> 25.193548 | J37: =SUMIF(MonthlyCashflow!$G$7:$FO$7, "<="&J$6, MonthlyCashflow!$G$189:$FO$189)-SUM($I37:I37) -> 0 | K37: =SUMIF(MonthlyCashflow!$G$7:$FO$7, "<="&K$6, MonthlyCashflow!$G$189:$FO$189)-SUM($I37:J37) -> 12.729372 | L37: =SUMIF(MonthlyCashflow!$G$7:$FO$7, "<="&L$6, MonthlyCashflow!$G$189:$FO$189)-SUM($I37:K37) -> 3.1823429 | M37: =SUMIF(MonthlyCashflow!$G$7:$FO$7, "<="&M$6, MonthlyCashflow!$G$189:$FO$189)-SUM($I37:L37) -> 3.1823429 | N37: =SUMIF(MonthlyCashflow!$G$7:$FO$7, "<="&N$6, MonthlyCashflow!$G$189:$FO$189)-SUM($I37:M37) -> 3.1823429 | O37: =SUMIF(MonthlyCashflow!$G$7:$FO$7, "<="&O$6, MonthlyCashflow!$G$189:$FO$189)-SUM($I37:N37) -> 2.9171477 | P37: =SUMIF(MonthlyCashflow!$G$7:$FO$7, "<="&P$6, MonthlyCashflow!$G$189:$FO$189)-SUM($I37:O37) -> 0 | Q37: =SUMIF(MonthlyCashflow!$G$7:$FO$7, "<="&Q$6, MonthlyCashflow!$G$189:$FO$189)-SUM($I37:P37) -> 0 | ... S37: =SUMIF(MonthlyCashflow!$G$7:$FO$7, "<="&S$6, MonthlyCashflow!$G$189:$FO$189)-SUM($I37:R37) -> 0
B38: Landscape | D38: =SUM(J38:S38) -> 0.8657942 | J38: =SUMIF(MonthlyCashflow!$G$7:$FO$7, "<="&J$6, MonthlyCashflow!$G$190:$FO$190)-SUM($I38:I38) -> 0.015189372 | K38: =SUMIF(MonthlyCashflow!$G$7:$FO$7, "<="&K$6, MonthlyCashflow!$G$190:$FO$190)-SUM($I38:J38) -> 0.18227246 | L38: =SUMIF(MonthlyCashflow!$G$7:$FO$7, "<="&L$6, MonthlyCashflow!$G$190:$FO$190)-SUM($I38:K38) -> 0.18227246 | M38: =SUMIF(MonthlyCashflow!$G$7:$FO$7, "<="&M$6, MonthlyCashflow!$G$190:$FO$190)-SUM($I38:L38) -> 0.18227246 | N38: =SUMIF(MonthlyCashflow!$G$7:$FO$7, "<="&N$6, MonthlyCashflow!$G$190:$FO$190)-SUM($I38:M38) -> 0.18227246 | O38: =SUMIF(MonthlyCashflow!$G$7:$FO$7, "<="&O$6, MonthlyCashflow!$G$190:$FO$190)-SUM($I38:N38) -> 0.12151498 | P38: =SUMIF(MonthlyCashflow!$G$7:$FO$7, "<="&P$6, MonthlyCashflow!$G$190:$FO$190)-SUM($I38:O38) -> 0 | Q38: =SUMIF(MonthlyCashflow!$G$7:$FO$7, "<="&Q$6, MonthlyCashflow!$G$190:$FO$190)-SUM($I38:P38) -> 0 | ... S38: =SUMIF(MonthlyCashflow!$G$7:$FO$7, "<="&S$6, MonthlyCashflow!$G$190:$FO$190)-SUM($I38:R38) -> 0
B39: Admin and Office Expenses | D39: =SUM(J39:S39) -> 8.1879031 | J39: =SUMIF(MonthlyCashflow!$G$7:$FO$7, "<="&J$6, MonthlyCashflow!$G$191:$FO$191)-SUM($I39:I39) -> 0.14364742 | K39: =SUMIF(MonthlyCashflow!$G$7:$FO$7, "<="&K$6, MonthlyCashflow!$G$191:$FO$191)-SUM($I39:J39) -> 1.7237691 | L39: =SUMIF(MonthlyCashflow!$G$7:$FO$7, "<="&L$6, MonthlyCashflow!$G$191:$FO$191)-SUM($I39:K39) -> 1.7237691 | M39: =SUMIF(MonthlyCashflow!$G$7:$FO$7, "<="&M$6, MonthlyCashflow!$G$191:$FO$191)-SUM($I39:L39) -> 1.7237691 | N39: =SUMIF(MonthlyCashflow!$G$7:$FO$7, "<="&N$6, MonthlyCashflow!$G$191:$FO$191)-SUM($I39:M39) -> 1.7237691 | O39: =SUMIF(MonthlyCashflow!$G$7:$FO$7, "<="&O$6, MonthlyCashflow!$G$191:$FO$191)-SUM($I39:N39) -> 1.1491794 | P39: =SUMIF(MonthlyCashflow!$G$7:$FO$7, "<="&P$6, MonthlyCashflow!$G$191:$FO$191)-SUM($I39:O39) -> 0 | Q39: =SUMIF(MonthlyCashflow!$G$7:$FO$7, "<="&Q$6, MonthlyCashflow!$G$191:$FO$191)-SUM($I39:P39) -> 0 | ... S39: =SUMIF(MonthlyCashflow!$G$7:$FO$7, "<="&S$6, MonthlyCashflow!$G$191:$FO$191)-SUM($I39:R39) -> 0
B40: Legal Fees | D40: =SUM(J40:S40) -> 2.1414516 | J40: =SUMIF(MonthlyCashflow!$G$7:$FO$7, "<="&J$6, MonthlyCashflow!$G$192:$FO$192)-SUM($I40:I40) -> 0.037569326 | K40: =SUMIF(MonthlyCashflow!$G$7:$FO$7, "<="&K$6, MonthlyCashflow!$G$192:$FO$192)-SUM($I40:J40) -> 0.45083191 | L40: =SUMIF(MonthlyCashflow!$G$7:$FO$7, "<="&L$6, MonthlyCashflow!$G$192:$FO$192)-SUM($I40:K40) -> 0.45083191 | M40: =SUMIF(MonthlyCashflow!$G$7:$FO$7, "<="&M$6, MonthlyCashflow!$G$192:$FO$192)-SUM($I40:L40) -> 0.45083191 | N40: =SUMIF(MonthlyCashflow!$G$7:$FO$7, "<="&N$6, MonthlyCashflow!$G$192:$FO$192)-SUM($I40:M40) -> 0.45083191 | O40: =SUMIF(MonthlyCashflow!$G$7:$FO$7, "<="&O$6, MonthlyCashflow!$G$192:$FO$192)-SUM($I40:N40) -> 0.30055461 | P40: =SUMIF(MonthlyCashflow!$G$7:$FO$7, "<="&P$6, MonthlyCashflow!$G$192:$FO$192)-SUM($I40:O40) -> 0 | Q40: =SUMIF(MonthlyCashflow!$G$7:$FO$7, "<="&Q$6, MonthlyCashflow!$G$192:$FO$192)-SUM($I40:P40) -> 0 | ... S40: =SUMIF(MonthlyCashflow!$G$7:$FO$7, "<="&S$6, MonthlyCashflow!$G$192:$FO$192)-SUM($I40:R40) -> 0
B41: Contigency | D41: =SUM(J41:S41) -> 31.491935 | J41: =SUMIF(MonthlyCashflow!$G$7:$FO$7, "<="&J$6, MonthlyCashflow!$G$193:$FO$193)-SUM($I41:I41) -> 0 | K41: =SUMIF(MonthlyCashflow!$G$7:$FO$7, "<="&K$6, MonthlyCashflow!$G$193:$FO$193)-SUM($I41:J41) -> 3.0280707 | L41: =SUMIF(MonthlyCashflow!$G$7:$FO$7, "<="&L$6, MonthlyCashflow!$G$193:$FO$193)-SUM($I41:K41) -> 7.2673696 | M41: =SUMIF(MonthlyCashflow!$G$7:$FO$7, "<="&M$6, MonthlyCashflow!$G$193:$FO$193)-SUM($I41:L41) -> 7.2673696 | N41: =SUMIF(MonthlyCashflow!$G$7:$FO$7, "<="&N$6, MonthlyCashflow!$G$193:$FO$193)-SUM($I41:M41) -> 7.2673696 | O41: =SUMIF(MonthlyCashflow!$G$7:$FO$7, "<="&O$6, MonthlyCashflow!$G$193:$FO$193)-SUM($I41:N41) -> 6.6617555 | P41: =SUMIF(MonthlyCashflow!$G$7:$FO$7, "<="&P$6, MonthlyCashflow!$G$193:$FO$193)-SUM($I41:O41) -> 0 | Q41: =SUMIF(MonthlyCashflow!$G$7:$FO$7, "<="&Q$6, MonthlyCashflow!$G$193:$FO$193)-SUM($I41:P41) -> 0 | ... S41: =SUMIF(MonthlyCashflow!$G$7:$FO$7, "<="&S$6, MonthlyCashflow!$G$193:$FO$193)-SUM($I41:R41) -> 0
B42: Manpower Overhead | D42: =SUM(J42:S42) -> 162.0283 | J42: =SUMIF(MonthlyCashflow!$G$7:$FO$7, "<="&J$6, MonthlyCashflow!$G$194:$FO$194)-SUM($I42:I42) -> 2.8426017 | K42: =SUMIF(MonthlyCashflow!$G$7:$FO$7, "<="&K$6, MonthlyCashflow!$G$194:$FO$194)-SUM($I42:J42) -> 34.111221 | L42: =SUMIF(MonthlyCashflow!$G$7:$FO$7, "<="&L$6, MonthlyCashflow!$G$194:$FO$194)-SUM($I42:K42) -> 34.111221 | M42: =SUMIF(MonthlyCashflow!$G$7:$FO$7, "<="&M$6, MonthlyCashflow!$G$194:$FO$194)-SUM($I42:L42) -> 34.111221 | N42: =SUMIF(MonthlyCashflow!$G$7:$FO$7, "<="&N$6, MonthlyCashflow!$G$194:$FO$194)-SUM($I42:M42) -> 34.111221 | O42: =SUMIF(MonthlyCashflow!$G$7:$FO$7, "<="&O$6, MonthlyCashflow!$G$194:$FO$194)-SUM($I42:N42) -> 22.740814 | P42: =SUMIF(MonthlyCashflow!$G$7:$FO$7, "<="&P$6, MonthlyCashflow!$G$194:$FO$194)-SUM($I42:O42) -> 0 | Q42: =SUMIF(MonthlyCashflow!$G$7:$FO$7, "<="&Q$6, MonthlyCashflow!$G$194:$FO$194)-SUM($I42:P42) -> 0 | ... S42: =SUMIF(MonthlyCashflow!$G$7:$FO$7, "<="&S$6, MonthlyCashflow!$G$194:$FO$194)-SUM($I42:R42) -> 0
B43: Infrastructure Cost | D43: =SUM(J43:S43) -> 54.285693 | J43: =SUMIF(MonthlyCashflow!$G$7:$FO$7, "<="&J$6, MonthlyCashflow!$G$195:$FO$195)-SUM($I43:I43) -> 0 | K43: =SUMIF(MonthlyCashflow!$G$7:$FO$7, "<="&K$6, MonthlyCashflow!$G$195:$FO$195)-SUM($I43:J43) -> 1.940993 | L43: =SUMIF(MonthlyCashflow!$G$7:$FO$7, "<="&L$6, MonthlyCashflow!$G$195:$FO$195)-SUM($I43:K43) -> 7.2204941 | M43: =SUMIF(MonthlyCashflow!$G$7:$FO$7, "<="&M$6, MonthlyCashflow!$G$195:$FO$195)-SUM($I43:L43) -> 15.263969 | N43: =SUMIF(MonthlyCashflow!$G$7:$FO$7, "<="&N$6, MonthlyCashflow!$G$195:$FO$195)-SUM($I43:M43) -> 18.260862 | O43: =SUMIF(MonthlyCashflow!$G$7:$FO$7, "<="&O$6, MonthlyCashflow!$G$195:$FO$195)-SUM($I43:N43) -> 11.599374 | P43: =SUMIF(MonthlyCashflow!$G$7:$FO$7, "<="&P$6, MonthlyCashflow!$G$195:$FO$195)-SUM($I43:O43) -> 0 | Q43: =SUMIF(MonthlyCashflow!$G$7:$FO$7, "<="&Q$6, MonthlyCashflow!$G$195:$FO$195)-SUM($I43:P43) -> 0 | ... S43: =SUMIF(MonthlyCashflow!$G$7:$FO$7, "<="&S$6, MonthlyCashflow!$G$195:$FO$195)-SUM($I43:R43) -> 0
B44: Processing Fees | D44: =SUM(J44:S44) -> 20.06 | J44: =SUMIF(MonthlyCashflow!$G$7:$FO$7, "<="&J$6, MonthlyCashflow!$G$196:$FO$196)-SUM($I44:I44) -> 0 | K44: =SUMIF(MonthlyCashflow!$G$7:$FO$7, "<="&K$6, MonthlyCashflow!$G$196:$FO$196)-SUM($I44:J44) -> 20.06 | L44: =SUMIF(MonthlyCashflow!$G$7:$FO$7, "<="&L$6, MonthlyCashflow!$G$196:$FO$196)-SUM($I44:K44) -> 0 | M44: =SUMIF(MonthlyCashflow!$G$7:$FO$7, "<="&M$6, MonthlyCashflow!$G$196:$FO$196)-SUM($I44:L44) -> 0 | N44: =SUMIF(MonthlyCashflow!$G$7:$FO$7, "<="&N$6, MonthlyCashflow!$G$196:$FO$196)-SUM($I44:M44) -> 0 | O44: =SUMIF(MonthlyCashflow!$G$7:$FO$7, "<="&O$6, MonthlyCashflow!$G$196:$FO$196)-SUM($I44:N44) -> 0 | P44: =SUMIF(MonthlyCashflow!$G$7:$FO$7, "<="&P$6, MonthlyCashflow!$G$196:$FO$196)-SUM($I44:O44) -> 0 | Q44: =SUMIF(MonthlyCashflow!$G$7:$FO$7, "<="&Q$6, MonthlyCashflow!$G$196:$FO$196)-SUM($I44:P44) -> 0 | ... S44: =SUMIF(MonthlyCashflow!$G$7:$FO$7, "<="&S$6, MonthlyCashflow!$G$196:$FO$196)-SUM($I44:R44) -> 0
B45: DM Fees | D45: =SUM(J45:S45) -> 977.4151 | J45: =SUMIF(MonthlyCashflow!$G$7:$FO$7, "<="&J$6, MonthlyCashflow!$G$197:$FO$197)-SUM($I45:I45) -> 0 | K45: =SUMIF(MonthlyCashflow!$G$7:$FO$7, "<="&K$6, MonthlyCashflow!$G$197:$FO$197)-SUM($I45:J45) -> 13.393508 | L45: =SUMIF(MonthlyCashflow!$G$7:$FO$7, "<="&L$6, MonthlyCashflow!$G$197:$FO$197)-SUM($I45:K45) -> 80.354876 | M45: =SUMIF(MonthlyCashflow!$G$7:$FO$7, "<="&M$6, MonthlyCashflow!$G$197:$FO$197)-SUM($I45:L45) -> 172.32842 | N45: =SUMIF(MonthlyCashflow!$G$7:$FO$7, "<="&N$6, MonthlyCashflow!$G$197:$FO$197)-SUM($I45:M45) -> 296.60258 | O45: =SUMIF(MonthlyCashflow!$G$7:$FO$7, "<="&O$6, MonthlyCashflow!$G$197:$FO$197)-SUM($I45:N45) -> 242.66166 | P45: =SUMIF(MonthlyCashflow!$G$7:$FO$7, "<="&P$6, MonthlyCashflow!$G$197:$FO$197)-SUM($I45:O45) -> 172.07405 | Q45: =SUMIF(MonthlyCashflow!$G$7:$FO$7, "<="&Q$6, MonthlyCashflow!$G$197:$FO$197)-SUM($I45:P45) -> 0 | ... S45: =SUMIF(MonthlyCashflow!$G$7:$FO$7, "<="&S$6, MonthlyCashflow!$G$197:$FO$197)-SUM($I45:R45) -> 0
